Workbook
Name AREA: 'Egresos por CE'!$A$2:$J$327
Name AREA: 'Tab, Equivalencias CE y OBG'!$A$2:$J$327
Name COLABORADOR: [1]Hoja2!$B$26:$B$68
Name COLABORADOR: [1]Hoja2!$B$26:$B$68
Name COLABORADOR: [1]Hoja2!$B$26:$B$68
Name FUENTE: [1]Hoja2!$C$4:$C$16
Name FUENTE: [1]Hoja2!$C$4:$C$16
Name FUENTE: [1]Hoja2!$C$4:$C$16
Name funcionarios: #REF!
Name INDEFINIDO: [2]Puestos!$A$3:$H$24
Name NOMBREMETA: #REF!
Name NOMBREMETA: #REF!
Name NOMBREMETA: #REF!
Name NOMBREMETA: #REF!
Name PARTIDAS: [1]partidas!$B$3:$B$13
Name PARTIDAS: [1]partidas!$B$3:$B$13
Name PARTIDAS: [1]partidas!$B$3:$B$13
Name proyecto: [3]Hoja2!$B$4:$B$23
Name proyecto: [4]Hoja2!$B$4:$B$23
Name puestos: [5]Puestos!$A$3:$F$22
Name UNIDAD: [1]Hoja2!$B$4:$B$23
Name UNIDAD: [1]Hoja2!$B$4:$B$23
Name UNIDAD: [1]Hoja2!$B$4:$B$23
Name Unidades: #REF!
Name VPTOACT: [5]Puestos!$G$24
Name vptoprop: [5]Puestos!$H$25

Sheet calculos
B4: Viáticos nacional | G4: Transporte exterior
B6: Lugar | C6: Monto individual | D6: total | G6: Tiquete | H6: $450
B7: Monteverde | C7: 44200 | D7: =+C7*3 -> 132600 | G7: Tipo cambio BCCR | H7: ¢507.47
B8: Limón | D8: 150000
B9: DPII | D9: 100000 | G9: Monto colones | H9: =450*507.47 -> 228361.5
B10: total requerido | D10: =SUM(D7:D9) -> 382600
G11: Monto redondeado | H11: 230000
H12: =+H11-H9 -> 1638.5
B13: Saldo disponible
B14: Adelanto viáticos | D14: 82800
B15: Saldo reserva adelanto | D15: 16200
B16: Saldo subpartida | D16: 104600
B17: Total disponible | D17: =SUM(D14:D16) -> 203600
G18: Solicitado en comisiones SICOP | H18: 800000
G19: Rebajo para viáticos y tiquete | H19: =230000+179000 -> 409000
B20: Faltate Modificación | D20: =+D17-D10 -> -179000 | G20: Saldo | H20: =+H18-H19 -> 391000
G21: más:
G22: PE 02-2025 reintegro SICOP | H22: 697197.85
G24: Total SICOP | H24: =+H22+H20 -> 1088197.9
G26: Diferencia total menos lo solicitado, se suma a la subpartida 5.99.03 TICS | H26: =+H24-H18 -> 288197.85

Sheet Detalle Rebajos
A1: PROMOTORA COSTARRICENSE DE INNOVACIÓN E INVESTIGACIÓN
A2: MODIFICACIÓN PRESUPUESTARIA 05-2025
A3: LEY 9971 ( X ) LEY 7169 ( ) LEY 8262 ( ) LEY 9028 ( ) LEY 7099 ( ) INDER ( )
A4: DETALLE DE REBAJOS
A6: Código | B6: Sub partida presupuestaria | C6: Saldo actual disponible | D6: Monto solicitado rebajar | E6: Saldo final | F6: Justificación del movimiento | G6: Meta Sistema administrativo | H6: Meta actividad (POI) | I6: Programa | J6: Fuente de financiamiento | K6: Centro de costo
A7: 0.01.01 | B7: Sueldos para cargos fijos | C7: 62604352 | D7: 729951.64 | E7: =+'Detalle Rebajos'!$C7-'Detalle Rebajos'!$D7 -> 61874400 | F7: Se traslada parte de los recursos disponibles asignados al pago de salarios y cargas sociales de los funcionarios del programa 1, considerando que la ejecución de las subpartidas de cargas sociales están directamente vinculadas con los montos efectivamente pagados en concepto de salarios. En consecuencia, el porcentaje de ejecución de cargas sociales depende de la ejecución salarial. Según la proyección realizada para el cierre del período 2025 por la Unidad Administrativa (UA), se prevé que quedarán recursos sin ejecutar en la subpartida de salarios, en razón del ahorro por la presentación de incapacidades que se han presentado durante el periodo, lo que a su vez generará un remanente en cargas sociales. Con base en lo anterior, los recursos rebajados se trasladan a otras subpartidas con el fin de atender necesidades de carácter ineludible. Cabe destacar que esta acción no contraviene las disposiciones establecidas en las normas de ejecución del Presupuesto Ordinario y Extraordinario de la República para el ejercicio económico 2025, aplicables a la Promotora Costarricense de Innovación e Investigación. | G7: DPII0101 | H7: PI.01.01.01 | I7: 1 | J7: 001 Transferencias corrientes Ley 9971 | K7: 01-02
A8: 0.03.01 | B8: Retribución por años servidos | C8: 9373393.2 | D8: 99647.22 | E8: =+'Detalle Rebajos'!$C8-'Detalle Rebajos'!$D8 -> 9273746
A9: 0.03.02 | B9: Restricción al ejercicio liberal de la profesión | C9: 11201010 | D9: 24169.72 | E9: =+'Detalle Rebajos'!$C9-'Detalle Rebajos'!$D9 -> 11176840
A10: 0.03.99 | B10: Otros incentivos salariales | C10: 2940305.9 | D10: 3595.87 | E10: =+'Detalle Rebajos'!$C10-'Detalle Rebajos'!$D10 -> 2936710
A11: 0.04.01 | B11: Cuota patronal C.C.S.S. | C11: 9915201.7 | D11: =2000000+28494.8 -> 2028494.8 | E11: =+'Detalle Rebajos'!$C11-'Detalle Rebajos'!$D11 -> 7886706.9
A12: 0.04.03 | B12: Cuota INA | C12: 1607870.4 | D12: 328945.01 | E12: =+'Detalle Rebajos'!$C12-'Detalle Rebajos'!$D12 -> 1278925.4
A13: 0.04.04 | B13: Cuota Asignaciones familiares | C13: 5359568.3 | D13: 1096483.5 | E13: =+'Detalle Rebajos'!$C13-'Detalle Rebajos'!$D13 -> 4263084.8
A14: 0.04.05 | B14: Cuota Banco Popular | C14: 535956.76 | D14: 109648.28 | E14: =+'Detalle Rebajos'!$C14-'Detalle Rebajos'!$D14 -> 426308.48
A15: 0.05.01 | B15: Contribución patronal al Seguro de Pensiones de la C.C.S.S. | C15: 5809772.3 | D15: 1188588.4 | E15: =+'Detalle Rebajos'!$C15-'Detalle Rebajos'!$D15 -> 4621183.9
A16: 0.05.02 | B16: Aporte Patronal R.P.C. LEY 7983 | C16: 3215740.9 | D16: 657890.03 | E16: =+'Detalle Rebajos'!$C16-'Detalle Rebajos'!$D16 -> 2557850.9
A17: 0.05.03 | B17: Aporte Patronal F.C.L. LEY 7983 | C17: 1607870.4 | D17: 328945.01 | E17: =+'Detalle Rebajos'!$C17-'Detalle Rebajos'!$D17 -> 1278925.4
A18: 0.05.05 | B18: Contribución Patronal a fondos administrados por empresas privadas | C18: 6229695.9 | D18: 1685247.5 | E18: =+'Detalle Rebajos'!$C18-'Detalle Rebajos'!$D18 -> 4544448.4
A19: 0.01.01 | B19: Sueldos para cargos fijos | C19: 1.048973e+08 | D19: 4219435.4 | E19: =+'Detalle Rebajos'!$C19-'Detalle Rebajos'!$D19 -> 100677862 | F19: Se traslada parte de los recursos disponibles asignados al pago de salarios y cargas sociales de los funcionarios del programa 2, considerando que la ejecución de las subpartidas de cargas sociales están directamente vinculadas con los montos efectivamente pagados en concepto de salarios. En consecuencia, el porcentaje de ejecución de cargas sociales depende de la ejecución salarial. Según la proyección realizada para el cierre del período 2025 por la Unidad Administrativa (UA), se prevé que quedarán recursos sin ejecutar en la subpartida de salarios, en razón del ahorro por la presentación de incapacidades que se han presentado durante el periodo así como el ajuste en el cálculo del salario de la Gerente General a la cual se le proyectan dos meses con salario global y dos con salario único, esto considerando que a la fecha no se ha recibido el manual de puestos aprobado por MIDEPLAN, lo que a su vez generará un remanente en cargas sociales. Con base en lo anterior, los recursos rebajados se trasladan a otras subpartidas con el fin de atender necesidades de carácter ineludible. Cabe destacar que esta acción no contraviene las disposiciones establecidas en las normas de ejecución del Presupuesto Ordinario y Extraordinario de la República para el ejercicio económico 2025, aplicables a la Promotora Costarricense de Innovación e Investigación. | G19: DAF0101 | H19: PI.02.01.02 | I19: 2 | J19: 001 Transferencias corrientes Ley 9971 | K19: 02-06
A20: 0.03.03 | B20: Décimo tercer mes | C20: 32636018 | D20: 619986.23 | E20: =+'Detalle Rebajos'!$C20-'Detalle Rebajos'!$D20 -> 32016032
A21: 0.03.99 | B21: Otros incentivos salariales | C21: 4098152.5 | D21: 168523.7 | E21: =+'Detalle Rebajos'!$C21-'Detalle Rebajos'!$D21 -> 3929628.8
A22: 0.04.01 | B22: Cuota patronal C.C.S.S. | C22: 14977897 | D22: 2670306.2 | E22: =+'Detalle Rebajos'!$C22-'Detalle Rebajos'!$D22 -> 12307591
A23: 0.04.03 | B23: Cuota INA | C23: 2428848 | D23: 433022.44 | E23: =+'Detalle Rebajos'!$C23-'Detalle Rebajos'!$D23 -> 1995825.6
A24: 0.04.04 | B24: Cuota Asignaciones familiares | C24: 8096159.7 | D24: 1443407.8 | E24: =+'Detalle Rebajos'!$C24-'Detalle Rebajos'!$D24 -> 6652751.9
A25: 0.04.05 | B25: Cuota Banco Popular | C25: 8096159.7 | D25: 144340.85 | E25: =+'Detalle Rebajos'!$C25-'Detalle Rebajos'!$D25 -> 7951818.8
A26: 0.05.01 | B26: Contribución patronal al Seguro de Pensiones de la C.C.S.S. | C26: 8776237.7 | D26: 1564654.6 | E26: =+'Detalle Rebajos'!$C26-'Detalle Rebajos'!$D26 -> 7211583.1
A27: 0.05.02 | B27: Aporte Patronal R.P.C. LEY 7983 | C27: 4857695.7 | D27: 866044.55 | E27: =+'Detalle Rebajos'!$C27-'Detalle Rebajos'!$D27 -> 3991651.1
A28: 0.05.03 | B28: Aporte Patronal F.C.L. LEY 7983 | C28: 2428848 | D28: 433022.44 | E28: =+'Detalle Rebajos'!$C28-'Detalle Rebajos'!$D28 -> 1995825.6
A29: 0.05.05 | B29: Contribución Patronal a fondos administrados por empresas privadas | C29: 8541102.6 | D29: 1449269.1 | E29: =+'Detalle Rebajos'!$C29-'Detalle Rebajos'!$D29 -> 7091833.5
A30: 1.03.03 | B30: Impresión, encuadernación y otros | C30: 88765 | D30: 69555 | E30: =+'Detalle Rebajos'!$C30-'Detalle Rebajos'!$D30 -> 19210 | F30: Se traslada parte de los recursos disponibles asignado para la impresión y empaste de los Libros Contables para la compra de timbres del Colegio de Contadores Privados, esto para ser utilizados en los estados financieros de la PCII, según lo indicado en Webinar impartido por dicho Colegio, la falta de timbres en los EEFF puede ser causa de que los mismos no tenga validez, a menos que, se tenga una exoneración expresa en la ley de creación de la institución para poder omitir este requisito. Los ¢19,210.00 quedaran en la misma subpartida presupuestaria para dos empastes que se proyectan realizar entre setiembre y octubre del presente año. Cabe destacar que esta reprogramación no contraviene las disposiciones establecidas en las normas de ejecución del Presupuesto Ordinario y Extraordinario de la República para el ejercicio económico 2025, aplicables a la Promotora Costarricense de Innovación e Investigación. | G30: UF0101 | H30: PI.02.01.02 | I30: 2 | J30: 001 Transferencias corrientes Ley 9971 | K30: 02-07
A31: 1.08.01 | B31: Mantenimiento de edificio | C31: 950666.5 | D31: 635298.17 | E31: =+'Detalle Rebajos'!$C31-'Detalle Rebajos'!$D31 -> 315368.33 | F31: Se traslada parte de los recursos para la atención de emergencias en el edificio con cargo a este rubro, considerando que ya se atendió una filtración de agua y, de momento, no existe otra urgencia por resolver. Asimismo, en cumplimiento de las instrucciones giradas por la Gerencia, se procede con el traslado de los recursos a fin de ejecutar la totalidad del presupuesto disponible y atender otras necesidades sin recursos presupuestarios. Cabe destacar que esta reprogramación no contraviene las disposiciones establecidas en las normas de ejecución del Presupuesto Ordinario y Extraordinario de la República para el ejercicio económico 2025, aplicables a la Promotora Costarricense de Innovación e Investigación. | G31: UA0101 | H31: PI.02.01.02 | I31: 2 | J31: 001 Transferencias corrientes Ley 9971 | K31: 02-11
A32: 1.08.04 | B32: Mantenimiento y reparación de maquinaria y equipo | C32: 1004200.1 | D32: 174200.09 | E32: =+C32-D32 -> 830000.01 | F32: Se traslada parte de los recursos disponibles asignados para el mantenimiento preventivo y correctivo de la planta eléctrica y el sistema de bomba de agua. Según la proyección realizada por la Unidad Administrativa (UA), se refleja un sobrante debido a que el monto real reservado luego de los estudios de mercado es menor al monto proyectado. Con base en lo anterior, se rebajan estos recursos y se trasladan a otras subpartidas con el fin de atender otras necesidades de carácter ineludible. No se incumple con las normas de ejecución Presupuesto ordinario y extraordinario de la República para el ejercicio económico 2025 que le son aplicables a la Promotora Costarricense de Innovación e Investigación | G32: UA0101 | H32: PI.02.01.02 | I32: 2 | J32: 001 Transferencias corrientes Ley 9971 | K32: 02-11
A33: 6.03.01 | B33: Prestaciones legales | C33: 21825.5 | D33: 21825.5 | E33: =+C33-D33 -> 0 | F33: Se traslada los recursos disponibles en la subpartida, aprobados para el pago por indemnizaciones que se generaran por renuncias, jubilaciones, finalización de nombramientos, entre otras. Conforme a la proyección al mes de diciembre de 2025 elaborada por la Unidad Administrativa (UA), en la cual se identificó un disponible considerando que ya se realizó el pago previsto a una exfuncionaria. Con base en lo anterior, se rebajan estos recursos y se trasladan a otras subpartidas. Cabe destacar que esta reprogramación no contraviene las disposiciones establecidas en las normas de ejecución del Presupuesto Ordinario y Extraordinario de la República para el ejercicio económico 2025, aplicables a la Promotora Costarricense de Innovación e Investigación. | G33: UA0102 | H33: PI.02.01.01 | I33: 1 | J33: 001 Transferencias corrientes Ley 9971 | K33: 01-13
A34: 6.03.01 | B34: Prestaciones legales | C34: 160000 | D34: 160000 | E34: =+C34-D34 -> 0 | F34: Se traslada los recursos disponibles en la subpartida, aprobados para el pago por indemnizaciones que se generaran por renuncias, jubilaciones, finalización de nombramientos, entre otras. Conforme a la proyección al mes de diciembre de 2025 elaborada por la Unidad Administrativa (UA), en la cual se identificó un disponible considerando que no se tiene previsto el pago por este concepto a exfuncionarios. Con base en lo anterior, se rebajan estos recursos y se trasladan a otras subpartidas. Cabe destacar que esta reprogramación no contraviene las disposiciones establecidas en las normas de ejecución del Presupuesto Ordinario y Extraordinario de la República para el ejercicio económico 2025, aplicables a la Promotora Costarricense de Innovación e Investigación. | G34: UA0101 | H34: PI.02.01.02 | I34: 2 | J34: 001 Transferencias corrientes Ley 9971 | K34: 02-11
A35: 6.03.99 | B35: Otras prestaciones | C35: 846265.49 | D35: =846265.49 -> 846265.49 | E35: =+C35-D35 -> 0 | F35: Se traslada los recursos disponibles en la subpartida, para cubrir eventuales pagos que se deban realizar por concepto de subsidios por incapacidades de la CCSS y del INS. Lo anterior considerando luego de que la Unidad Administrativa realizó una proyección para terminar el año 2025 y se observa que los recursos disponible no se estarán ejecutando. Con base en lo anterior, se rebajan estos recursos y se trasladan a otras subpartidas. Cabe destacar que esta reprogramación no contraviene las disposiciones establecidas en las normas de ejecución del Presupuesto Ordinario y Extraordinario de la República para el ejercicio económico 2025, aplicables a la Promotora Costarricense de Innovación e Investigación. | G35: UA0102 | H35: PI.02.01.01 | I35: 1 | J35: 001 Transferencias corrientes Ley 9971 | K35: 01-13
A36: Total | D36: =SUBTOTAL(109,'Detalle Rebajos'!$D$7:$D$35) -> 24200765
D39: =+D36-'Tablas Rebajos OBG'!C203 -> 0

Sheet Detalle de Aumentos
A1: PROMOTORA COSTARRICENSE DE INNOVACIÓN E INVESTIGACIÓN
A2: MODIFICACIÓN PRESUPUESTARIA 05-2025
A3: LEY 9971 ( X ) LEY 7169 ( ) LEY 8262 ( ) LEY 9028 ( ) LEY 7099 ( ) INDER ( )
A4: DETALLE DE AUMENTOS
A6: Código | B6: Sub partida presupuestaria | C6: Saldo actual disponible | D6: Monto solicitado aumentar | E6: Saldo final | F6: Justificación del movimiento | G6: Meta Sistema administrativo | H6: Meta actividad (POI) | I6: Programa | J6: Fuente de financiamiento | K6: Centro de costos
A7: 0.02.02 | B7: Recargo de funciones | C7: 0 | D7: 29000 | E7: =+'Detalle de Aumentos'!$C7+'Detalle de Aumentos'!$D7 -> 29000 | F7: Se aumenta el presupuesto requerido para el pago de recargo de funciones del Sr. Fabián Ramírez según lo indicado en el informe técnico INFORME-PROMOTORA-DAF-UA-010-2025, que respalda el recargo de funciones asumido por el funcionario durante la incapacidad y vacaciones de la Sra. Yorleny Solano. La Gerencia General, mediante MEMORANDO-PROMOTORA-GG-050-2025, aprobó el pago del recargo, condicionado a que se ejecute en el momento en que existan recursos económicos disponibles. No se incumple con las normas de ejecución Presupuesto ordinario y extraordinario de la República para el ejercicio económico 2025 que le son aplicables a la Promotora Costarricense de Innovación e Investigación. | G7: DAF0101 | H7: PI.01.01.02 | I7: 2 | J7: 001 Transferencias corrientes Ley 9971 | K7: 02-06
A8: 0.03.01 | B8: Retribución Años Servidos (Anual.) | C8: 13221802 | D8: 113600 | E8: =+'Detalle de Aumentos'!$C8+'Detalle de Aumentos'!$D8 -> 13335402 | F8: Se aumenta el presupuesto requerido para el pago correspondiente a la Retribución por Años Servidos (Anualidades), con el fin de garantizar el pago correcto y oportuno de este beneficio laboral, el cual constituye un derecho adquirido de los funcionarios y se encuentra expresamente reconocido en la normativa vigente. El incremento obedece a los movimientos recientes en la planilla institucional, así como al cumplimiento de nuevos períodos de antigüedad por parte de funcionarios, lo que genera un ajuste en el monto inicialmente proyectado. La ampliación solicitada permitirá cubrir en su totalidad la obligación derivada de este concepto, asegurando el cumplimiento de la legislación laboral aplicable y evitando atrasos en el reconocimiento de la retribución correspondiente. No se incumple con las normas de ejecución Presupuesto ordinario y extraordinario de la República para el ejercicio económico 2025 que le son aplicables a la Promotora Costarricense de Innovación e Investigación | G8: DAF0101 | H8: PI.01.01.02 | I8: 2 | J8: 001 Transferencias corrientes Ley 9971 | K8: 02-06
A9: 0.03.02 | B9: Restricción al ejercicio liberal de la profesión | C9: 14274620 | D9: 470000 | E9: =+Tabla1[[#This Row],[Saldo actual disponible]]+Tabla1[[#This Row],[Monto solicitado aumentar]] -> 14744620 | F9: Se aumenta el presupuesto requerido para el pago por concepto de Restricción al Ejercicio Liberal de la Profesión a la funcionaria Marleny Esquivel, profesional de la Unidad Administrativa, por reclamo administrativo presentado, el cual fue resuelto según el reclamo administrativo RESOLUCIÓN-PROMOTORA-GG-019-2025, reconociendo que la funcionaria cumplía con los requisitos de licenciatura y que debió haber sido ubicada en la clase Profesional de Servicio Civil 1B y no en 1A. La resolución se fundamenta en normativa del Servicio Civil, resoluciones previas y principios de igualdad y derechos adquiridos. No se incumple con las normas de ejecución Presupuesto ordinario y extraordinario de la República para el ejercicio económico 2025 que le son aplicables a la Promotora Costarricense de Innovación e Investigación. | G9: DAF0101 | H9: PI.01.01.02 | I9: 2 | J9: 001 Transferencias corrientes Ley 9971 | K9: 02-06
A10: 0.03.03 | B10: Decimotercer mes (aguinaldo) | C10: 22402381 | D10: 292000 | E10: =+'Detalle de Aumentos'!$C10+'Detalle de Aumentos'!$D10 -> 22694381 | F10: Se aumenta el presupuesto requerido para el pago del Décimo Tercer mes (aguinaldo) al personal del Programa 1, ya que una vez realizada la proyección respectiva por parte de la Unidad Administrativa, los montos proyectados resultan insuficientes. No se incumple con las normas de ejecución Presupuesto ordinario y extraordinario de la República para el ejercicio económico 2025 que le son aplicables a la Promotora Costarricense de Innovación e Investigación. | G10: DPII0101 | H10: PI.01.01.01 | I10: 1 | J10: 001 Transferencias corrientes Ley 9971 | K10: 01-02
A11: 0.03.04 | B11: Salario escolar | C11: 173521.35 | D11: 167000 | E11: =+'Detalle de Aumentos'!$C11+'Detalle de Aumentos'!$D11 -> 340521.35 | F11: Se aumenta el presupuesto requerido para el pago de salario escolar al exfuncionario Luis David Benavides, quien había presentado un reclamo administrativo. Se dictó la resolución PROMOTORA-GG-RES-033-2024, autorizando el pago retroactivo por costo de vida 2020 al exfuncionario. El documento incluye el desglose de rubros: sueldo por cargos fijos, restricción al ejercicio profesional, tiempo extraordinario, aguinaldo y salario escolar. No se incumple con las normas de ejecución Presupuesto ordinario y extraordinario de la República para el ejercicio económico 2025 que le son aplicables a la Promotora Costarricense de Innovación e Investigación. | G11: DAF0101 | H11: PI.01.01.02 | I11: 2 | J11: 001 Transferencias corrientes Ley 9971 | K11: 02-06
A12: 1.02.02 | B12: Servicio de energía eléctrica | C12: 720450 | D12: 520000 | E12: =+'Detalle de Aumentos'!$C12+'Detalle de Aumentos'!$D12 -> 1240450 | F12: Se incrementa el saldo de la subpartida debido a que en los últimos meses se ha registrado un aumento de ¢87.000,00 por encima del promedio mensual. Considerando dicha variación, resulta necesario incrementar la subpartida con el fin de atender oportunamente los pagos previstos para el ejercicio 2025. No se incumple con las normas de ejecución Presupuesto ordinario y extraordinario de la República para el ejercicio económico 2025 que le son aplicables a la Promotora Costarricense de Innovación e Investigación. | G12: UA0101 | H12: PI.01.01.02 | I12: 2 | J12: 001 Transferencias corrientes Ley 9971 | K12: 02-06
A13: 1.02.04 | B13: Servicio de telecomunicaciones | C13: 236582.22 | D13: 280000 | E13: =+'Detalle de Aumentos'!$C13+'Detalle de Aumentos'!$D13 -> 516582.22 | F13: Se incrementa el saldo de la subpartida para atender el pago correspondiente al mes de diciembre del servicio de central telefónica, razón por la cual resulta necesario incrementar el disponible en la subpartida. No se incumple con las normas de ejecución Presupuesto ordinario y extraordinario de la República para el ejercicio económico 2025 que le son aplicables a la Promotora Costarricense de Innovación e Investigación. | G13: UA0101 | H13: PI.01.01.02 | I13: 2 | J13: 001 Transferencias corrientes Ley 9971 | K13: 02-06
A14: 1.02.04 | B14: Servicio de telecomunicaciones | C14: 170147.83 | D14: 2051973.8 | E14: =+'Detalle de Aumentos'!$C14+'Detalle de Aumentos'!$D14 -> 2222121.6 | F14: Se incrementa el saldo de la subpartida con el fin de realizar el pago anual del periodo comprendido de diciembre 2025 a diciembre 2026, a $310 dólares por mes (tipo de cambio ¢555 colones por dólar) del servicio de internet institucional. Considerando que el presupuesto 2026 está limitado y se requiere ejecutar la totalidad de recursos disponibles en el 2025. No se incumple con las normas de ejecución Presupuesto ordinario y extraordinario de la República para el ejercicio económico 2025 que le son aplicables a la Promotora Costarricense de Innovación e Investigación. | G14: TIC0101 | H14: PI.01.01.02 | I14: 2 | J14: 001 Transferencias corrientes Ley 9971 | K14: 02-10
A15: 1.03.01 | B15: Información | C15: 8798.2 | D15: =260000-8798.2 -> 251201.8 | E15: =+Tabla1[[#This Row],[Saldo actual disponible]]+Tabla1[[#This Row],[Monto solicitado aumentar]] -> 260000 | F15: Se incrementa el saldo de la subpartida para realizar la contratación para la publicación del Reglamento de Gestión del Fondo de Incentivos en el periódico oficial La Gaceta. No se incumple con las normas de ejecución Presupuesto ordinario y extraordinario de la República para el ejercicio económico 2025 que le son aplicables a la Promotora Costarricense de Innovación e Investigación. | G15: UA0101 | H15: PI.01.01.02 | I15: 2 | J15: 001 Transferencias corrientes Ley 9971 | K15: 02-06
A16: 1.03.06 | B16: Comisiones y gastos por servicios financieros y comerciales | C16: 0 | D16: =800000-D18-D19-288197.85 -> 102802.15 | E16: =+Tabla1[[#This Row],[Saldo actual disponible]]+Tabla1[[#This Row],[Monto solicitado aumentar]] -> 102802.15 | F16: Se presupuestan recursos en atención a la Resolución MH-DCoP-RES-0048-2025, mediante la cual se otorgó a la Promotora una exoneración parcial del pago por uso del SICOP únicamente para el período comprendido entre el 1.º de junio y el 31 de diciembre de 2025. A diferencia de años anteriores en los que la exoneración se aplicaba por la totalidad del año, en el presente ejercicio 2025 la institución debe asumir con recursos propios el pago correspondiente a los meses de enero a mayo. Por lo anterior, se requieren recursos para atender el pago de la tarifa del SICOP durante el primer semestre, garantizando así la continuidad de los procesos de contratación pública institucionales y el cumplimiento de las obligaciones establecidas en la Ley General de Contratación Pública y su Reglamento. Es importante indicar que el monto solicitado por la Unidad Administrativa es por la suma de ¢800.000,00 no obstante únicamente se están asignando ¢102.802,15 en esta modificación considerando que los ¢697.197,85 restantes se estarán presupuestando en esta subpartida mediante el Presupuesto Extraordinario 02-2025 el cual se estará presentando en el mes de setiembre. No se incumple con las normas de ejecución Presupuesto ordinario y extraordinario de la República para el ejercicio económico 2025 que le son aplicables a la Promotora Costarricense de Innovación e Investigación. | G16: UA0101 | H16: PI.01.01.02 | I16: 2 | J16: 001 Transferencias corrientes Ley 9971 | K16: 02-06
A17: 1.03.07 | B17: Servicios de tecnología de información | C17: 71171.44 | D17: 21825.5 | E17: =+Tabla1[[#This Row],[Saldo actual disponible]]+Tabla1[[#This Row],[Monto solicitado aumentar]] -> 92996.94 | F17: Se presupuestan recursos para la renovación de un certificado de firma digital de la funcionaria Natalia Villegas de la Unidad Administrativa. Según el visto bueno dado vía correo electrónico por la Gerente General. No se incumple con las normas de ejecución presupuesto ordinario y extraordinario dela República para el ejercicio económico 2025 que le son aplicables a la Promotora Costarricense de Innovación e Investigaciones. | G17: TIC0101 | H17: PI.01.01.02 | I17: 2 | J17: 001 Transferencias corrientes Ley 9971 | K17: 02-10
A18: 1.05.02 | B18: Viáticos dentro del país | C18: =+calculos!D17 -> 203600 | D18: =-calculos!D20 -> 179000 | E18: =+Tabla1[[#This Row],[Saldo actual disponible]]+Tabla1[[#This Row],[Monto solicitado aumentar]] -> 382600 | F18: Se aumenta el presupuesto para realizar el pago de viáticos dentro del país a los funcionarios participantes en diferentes actividades como el evento "Pongámosle a su PYME – Encuentro MEIC 2025", el cual se llevará a cabo en Monteverde y otra en la provincia de Limón a efectuarse en el mes de Octubre, según lo indicado por la profesional en Comunicación actividades que promueven los fondos de Propyme. No se incumple con las normas de ejecución presupuesto ordinario y extraordinario dela República para el ejercicio económico 2025 que le son aplicables a la Promotora Costarricense de Innovación e Investigaciones. | G18: GG0101 | H18: PI.01.01.02 | I18: 2 | J18: 001 Transferencias corrientes Ley 9971 | K18: 02-02
A19: 1.05.03 | B19: Transporte en el exterior | C19: 0 | D19: 230000 | E19: =+Tabla1[[#This Row],[Saldo actual disponible]]+Tabla1[[#This Row],[Monto solicitado aumentar]] -> 230000 | F19: Se presupuestan recursos con el fin de iniciar el proceso de compra de un tiquete aéreo para el señor Jimmy Cruz, jefe de la Unidad de Articulación e Inteligencia de Negocios de la Promotora, para participar en el "ENCUENTRO REGIONAL SOBRE INTRAEMPRENDIMIENTO PÚBLICO PARA LA TRANSFORMACIÓN INSTITUCIONAL EN AMÉRICA LATINA Y EL CARIBE". Dicho encuentro tiene como objetivo promover la cooperación intensiva orientada al fortalecimiento de capacidades institucionales mediante la transferencia, el intercambio de conocimiento y la innovación, en el marco de las acciones de articulación e inteligencia de negocios. Esta actividad es organizada por la Agencia Española de Cooperación Internacional para el Desarrollo (AECID) del Gobierno de España, y tendrá lugar en el Centro de Formación de la Cooperación Española en Cartagena de Indias (Colombia), del 14 al 17 de octubre de 2025. La organización cubre los gastos de manutención para los días indicados, sin embargo, el costo de tiquetes aéreos-traslados- deben ser cubiertos por la parte invitada. Según el estudio de mercado realizado por el Sr. Cruz, el costo del boleto con impuestos es por la suma aproximada de $450.00, por lo cual se presupuestan ¢230.000,00 al tipo de cambio de ¢507.47 por dólar publicado por el BCCR el 11/09/2025. No se incumple con las normas de ejecución presupuesto ordinario y extraordinario dela República para el ejercicio económico 2025 que le son aplicables a la Promotora Costarricense de Innovación e Investigaciones. | G19: UAIN0101 | H19: PI.01.01.01 | I19: 1 | J19: 001 Transferencias corrientes Ley 9971 | K19: 01-05
A20: 5.99.03 | B20: Bienes intangibles | C20: 0 | D20: 3000000 | E20: =+Tabla1[[#This Row],[Saldo actual disponible]]+Tabla1[[#This Row],[Monto solicitado aumentar]] -> 3000000 | F20: Se presupuestan recursos para la adquisición de una suscripción a una herramienta digital especializada la cual permitirá centralizar, automatizar y dar trazabilidad a todas las etapas del proceso de convocatorias, fortaleciendo la eficiencia operativa, reduciendo riesgos, garantizando la transparencia y optimizando la atención a los usuarios. Esta inversión es esencial para asegurar la sostenibilidad y calidad de la gestión de convocatorias en la PCII. No se incumple con las normas de ejecución presupuesto ordinario y extraordinario dela República para el ejercicio económico 2025 que le son aplicables a la Promotora Costarricense de Innovación e Investigaciones. | G20: DPII0101 | H20: PI.02.01.01 | I20: 1 | J20: 001 Transferencias corrientes Ley 9971 | K20: 01-02
A21: 1.04.05 | B21: Servicios informáticos | C21: 0 | D21: 400000 | E21: =+Tabla1[[#This Row],[Saldo actual disponible]]+Tabla1[[#This Row],[Monto solicitado aumentar]] -> 400000 | F21: Se presupuestan recursos para el soporte especializado para realizar replica y migración del servidor de controlador de dominio Active Directory, según lo solicitado por la Unidad de TICs. No se incumple con las normas de ejecución presupuesto ordinario y extraordinario dela República para el ejercicio económico 2025 que le son aplicables a la Promotora Costarricense de Innovación e Investigaciones. | G21: TIC0101 | H21: PI.01.01.02 | I21: 2 | J21: 001 Transferencias corrientes Ley 9971 | K21: 02-10
A22: 1.04.06 | B22: Servicios generales | C22: 48830.81 | D22: 201169.18 | E22: =+Tabla1[[#This Row],[Saldo actual disponible]]+Tabla1[[#This Row],[Monto solicitado aumentar]] -> 249999.99 | F22: Se incrementa la subpartida con el fin de abastecer los recursos necesarios para atender el pago del servicio de mantenimiento de zonas verdes programado para el mes de diciembre, por un monto de ₡201.169,18, así como el servicio de recarga de extintores por ₡250.000,00. Ambos servicios resultan esenciales para garantizar la seguridad, salubridad y adecuado funcionamiento de las instalaciones y del personal institucional. No se incumple con las normas de ejecución presupuesto ordinario y extraordinario dela República para el ejercicio económico 2025 que le son aplicables a la Promotora Costarricense de Innovación e Investigaciones. | G22: UA0101 | H22: PI.01.01.02 | I22: 2 | J22: 001 Transferencias corrientes Ley 9971 | K22: 02-06
A23: 1.04.99 | B23: Otros servicios de gestión y apoyo | C23: 24620.82 | D23: 126000 | E23: =+Tabla1[[#This Row],[Saldo actual disponible]]+Tabla1[[#This Row],[Monto solicitado aumentar]] -> 150620.82 | F23: Se incrementa la subpartida con el fin de garantizar la contratación del servicio de fumigación del edificio de la Promotora. Este servicio resulta indispensable para mantener en condiciones óptimas las instalaciones institucionales, prevenir plagas que puedan afectar la salud de los funcionarios y usuarios, así como resguardar la infraestructura y equipos de posibles daños ocasionados por dichas incidencias. La fumigación periódica contribuye a la salubridad, seguridad y continuidad de las operaciones de la institución, por lo que se hace necesario contar con los recursos suficientes para su debida contratación. No se incumple con las normas de ejecución presupuesto ordinario y extraordinario dela República para el ejercicio económico 2025 que le son aplicables a la Promotora Costarricense de Innovación e Investigaciones. | G23: UA0101 | H23: PI.01.01.02 | I23: 2 | J23: 001 Transferencias corrientes Ley 9971 | K23: 02-06
A24: 1.06.01 | B24: Seguros | C24: 0.01 | D24: 160000 | E24: =+Tabla1[[#This Row],[Saldo actual disponible]]+Tabla1[[#This Row],[Monto solicitado aumentar]] -> 160000.01 | F24: Se presupuestan recursos con el fin de realizar el pago del seguro a equipos electrónicos ubicados en el LINC: tablets, laptop, drones, impresoras 3D, equipo de robótica. No se incumple con las normas de ejecución presupuesto ordinario y extraordinario dela República para el ejercicio económico 2025 que le son aplicables a la Promotora Costarricense de Innovación e Investigación. | G24: TIC0101 | H24: PI.01.01.02 | I24: 2 | J24: 001 Transferencias corrientes Ley 9971 | K24: 02-10
A25: 1.07.01 | B25: Actividades de capacitación | C25: 0 | D25: 1000000 | E25: =+Tabla1[[#This Row],[Saldo actual disponible]]+Tabla1[[#This Row],[Monto solicitado aumentar]] -> 1000000 | F25: Se presupuestan recursos con el fin de contratar una capacitación a escuela certificada por Dirección General de Aviación Civil con el fin de capacitar a un funcionario en vuelo de drones y obtención de licencia requerida para: dar cursos sobre uso de drones en el LINC, asegurar el dron profesional ante INS. No se incumple con las normas de ejecución presupuesto ordinario y extraordinario dela República para el ejercicio económico 2025 que le son aplicables a la Promotora Costarricense de Innovación e Investigación. | G25: TIC0101 | H25: PI.01.01.02 | I25: 2 | J25: 001 Transferencias corrientes Ley 9971 | K25: 02-10
A26: 1.08.05 | B26: Mantenimiento y reparación de equipo de transporte | C26: 97262.49 | D26: 403000 | E26: =+Tabla1[[#This Row],[Saldo actual disponible]]+Tabla1[[#This Row],[Monto solicitado aumentar]] -> 500262.49 | F26: Se incrementa el saldo de la subpartida para atender el mantenimiento de los vehículos institucionales placas 238-26 y 238-27 los cuales presentan problemas eléctricos relacionados con fuga de corriente. Adicionalmente, la unidad 238-27 requiere la sustitución de una bota de eje dañada. El costo final dependerá del diagnóstico del problema eléctrico; no obstante, se estima un monto aproximado entre ₡400.000 y ₡500.000. No se incumple con las normas de ejecución presupuesto ordinario y extraordinario dela República para el ejercicio económico 2025 que le son aplicables a la Promotora Costarricense de Innovación e Investigación. | G26: UA0101 | H26: PI.01.01.02 | I26: 2 | J26: 001 Transferencias corrientes Ley 9971 | K26: 02-06
A27: 1.08.08 | B27: Mantenimiento y reparación de equipo de cómputo y sistemas | C27: 46414.75 | D27: =70000+2600000 -> 2670000 | E27: =+Tabla1[[#This Row],[Saldo actual disponible]]+Tabla1[[#This Row],[Monto solicitado aumentar]] -> 2716414.8 | F27: Se presupuestan recursos para atender el Mantenimiento preventivo de aires acondicionados del LINC, a diciembre 2025 por la suma de ¢70.000,00 y ¢2.600.000,00 para el Mantenimiento correctivo de UPS dedicada a servidores, que requiere reemplazo completo del banco de baterías de UPS de 20 KVA marca CDP modelo UPO33-20, incluye instalación de 17 baterías 12 volt 38 amperes. No se incumple con las normas de ejecución presupuesto ordinario y extraordinario dela República para el ejercicio económico 2025 que le son aplicables a la Promotora Costarricense de Innovación e Investigación. | G27: TIC0101 | H27: PI.01.01.02 | I27: 2 | J27: 001 Transferencias corrientes Ley 9971 | K27: 02-10
A28: 1.09.99 | B28: Otros impuestos | C28: 0 | D28: 69555 | E28: =+Tabla1[[#This Row],[Saldo actual disponible]]+Tabla1[[#This Row],[Monto solicitado aumentar]] -> 69555 | F28: Se presupuestan recursos para la compra de timbres del Colegio de Contadores Privados, esto para ser utilizados en los estados financieros de la PCII, según lo indicado en el último Webinar impartido por dicho Colegio. La falta de timbres en los EEFF puede ser causa de que los mismos no tenga valides, a menos que, se tenga una exoneración expresa en la ley de creación de la institución para poder omitir este requisito. Los recursos restantes se requieren para realizar dos empastes que se proyectan realizar entre setiembre y octubre del presente año. No se incumple con las normas de ejecución presupuesto ordinario y extraordinario dela República para el ejercicio económico 2025 que le son aplicables a la Promotora Costarricense de Innovación e Investigación. | G28: UF0101 | H28: PI.01.01.02 | I28: 2 | J28: 001 Transferencias corrientes Ley 9971 | K28: 02-07
A29: 1.09.99 | B29: Otros impuestos | C29: 0 | D29: 5000 | E29: =+Tabla1[[#This Row],[Saldo actual disponible]]+Tabla1[[#This Row],[Monto solicitado aumentar]] -> 5000 | F29: Se presupuestan recursos para la compra de timbres para personerías jurídicas requeridos por la Asesoría Jurídica para la emisión de diversos documentos y trámites como personerías jurídicas. No se incumple con las normas de ejecución presupuesto ordinario y extraordinario dela República para el ejercicio económico 2025 que le son aplicables a la Promotora Costarricense de Innovación e Investigación. | G29: AJ0101 | H29: PI.01.01.02 | I29: 2 | J29: 001 Transferencias corrientes Ley 9971 | K29: 02-05
A30: 2.03.04 | B30: Materiales y productos eléctricos, telefónicos y de cómputo | C30: 25000 | D30: =240000+50000 -> 290000 | E30: =+Tabla1[[#This Row],[Saldo actual disponible]]+Tabla1[[#This Row],[Monto solicitado aumentar]] -> 315000 | F30: Se presupuestan recursos para la compra de memorias USB para instaladores, transferencia de datos. Disco USB externo para respaldos requeridos para respaldos que se resguardan fuera de área de servidores, (https://cyberteamcr.com/producto/hd-externo-8tb-usb-3-0-seagate/) por la suma de ¢240.000,00 y ¢50.000,00 para la compra de audífonos para personal encargado de transcripción de actas, solicitados por secretaría de actas. No se incumple con las normas de ejecución presupuesto ordinario y extraordinario dela República para el ejercicio económico 2025 que le son aplicables a la Promotora Costarricense de Innovación e Investigación. | G30: TIC0101 | H30: PI.02.01.02 | I30: 2 | J30: 001 Transferencias corrientes Ley 9971 | K30: 02-10
A31: 2.99.03 | B31: Productos de papel, cartón e impresos | C31: 0 | D31: 350000 | E31: =+Tabla1[[#This Row],[Saldo actual disponible]]+Tabla1[[#This Row],[Monto solicitado aumentar]] -> 350000 | F31: Se presupuestan recursos para la adquisición de productos de papel, como papel bond, papel higiénico y toallas interfoliadas, resulta indispensable para garantizar las condiciones mínimas de higiene y salubridad en las instalaciones, así como para atender las labores administrativas. Estos insumos contribuyen al cumplimiento de normativas sanitarias y de salud ocupacional, favoreciendo un entorno de trabajo ordenado, limpio y seguro. No se incumple con las normas de ejecución presupuesto ordinario y extraordinario dela República para el ejercicio económico 2025 que le son aplicables a la Promotora Costarricense de Innovación e Investigación. | G31: UA0101 | H31: PI.01.01.02 | I31: 2 | J31: 001 Transferencias corrientes Ley 9971 | K31: 02-06
A32: 2.99.05 | B32: Útiles y materiales de limpieza | C32: 0 | D32: 100000 | E32: =+Tabla1[[#This Row],[Saldo actual disponible]]+Tabla1[[#This Row],[Monto solicitado aumentar]] -> 100000 | F32: Se presupuestan recursos para la compra de suministro de productos de limpieza, tales como desinfectantes, jabones y cloro, es fundamental para mantener condiciones óptimas de aseo en todas las áreas de la institución. La disponibilidad constante de estos insumos asegura el cumplimiento de protocolos de limpieza y sanitización, protegiendo la salud de funcionarios y visitantes. No se incumple con las normas de ejecución presupuesto ordinario y extraordinario dela República para el ejercicio económico 2025 que le son aplicables a la Promotora Costarricense de Innovación e Investigación. | G32: UA0101 | H32: PI.01.01.02 | I32: 2 | J32: 001 Transferencias corrientes Ley 9971 | K32: 02-06
A33: 2.99.99 | B33: Otros útiles, materiales y suministros diversos | C33: 0 | D33: 185298.17 | E33: =+Tabla1[[#This Row],[Saldo actual disponible]]+Tabla1[[#This Row],[Monto solicitado aumentar]] -> 185298.17 | F33: Se presupuestan recursos para la compra de placas distintivas para el plaqueo de activos, que fortalecen el control patrimonial institucional. Estas placas permiten identificar cada activo de manera única, facilitando su registro, localización y seguimiento dentro del inventario, contribuyendo a una gestión ordenada y transparente. No se incumple con las normas de ejecución presupuesto ordinario y extraordinario dela República para el ejercicio económico 2025 que le son aplicables a la Promotora Costarricense de Innovación e Investigación. | G33: UA0101 | H33: PI.01.01.02 | I33: 2 | J33: 001 Transferencias corrientes Ley 9971 | K33: 02-06
A34: 5.99.03 | B34: Bienes intangibles | C34: 7506184.7 | D34: =1761655+343750+2400000+2432915.86+260000+1363823.7-318003.25+288197.85 -> 8532339.2 | E34: =+Tabla1[[#This Row],[Saldo actual disponible]]+Tabla1[[#This Row],[Monto solicitado aumentar]] -> 16038524 | F34: Se incrementa el presupuesto de la subpartida requerido para: ¢1.761.655,00 para completar los recursos necesario para realizar la contratación anual de los licenciamientos relacionados con Microsoft 365: licencias E1, E3, E5 y Teams, que asciende a ¢5.523.340,00. ¢343.750,00 Licencias de antivirus informático PANDA ADAPTIVE DEFENSE 360 12 MESES, para 25 equipos, precio según contrato procedimiento 2023LD-000010-0019600001. ¢2.400.000,00 Licencia Windows Server 2022 16 core. Licenciamiento perpetuo, requerido para máquina virtual de sitio Web, para Sistema de Gestión Documental, para actualizar Sistema de Gestión de Solicitudes. ¢2.432.915,86 Licenciamiento para dos núcleos de SQL Server 2022. Licenciamiento requerido en los procesos de migración de bases de datos a plataformas actualizadas. Precios según https://www.microsoft.com/es-mx/sql-server/sql-server-2022-pricing Beneficio: Para sistema de Gestión Documental. ¢260.000,00 3 Licencias perpetuas CAL, para servidores. Windows Server 2022 Remote Desktop Services - User CAL ¢1.363.823,70 Recursos requeridos para renovar licencias de ADOBE, la cual vence en noviembre 2025. No se incumple con las normas de ejecución presupuesto ordinario y extraordinario dela República para el ejercicio económico 2025 que le son aplicables a la Promotora Costarricense de Innovación e Investigación. | G34: TIC0101 | H34: PI.02.01.02 | I34: 2 | J34: 001 Transferencias corrientes Ley 9971 | K34: 02-10
A35: 6.03.99 | B35: Otras prestaciones | C35: 172082.05 | D35: 2000000 | E35: =+Tabla1[[#This Row],[Saldo actual disponible]]+Tabla1[[#This Row],[Monto solicitado aumentar]] -> 2172082 | F35: El incremento se realiza con el propósito de aumentar el disponible en esta subpartida ya que después de que la Unidad Administrativa realizó una proyección para terminar el año 2025, se observa que los recursos disponible son insuficientes para cubrir eventuales pagos que se deban realizar por concepto de subsidios por incapacidades de la CCSS y del INS. No se incumple con las normas de ejecución Presupuesto ordinario y extraordinario de la República para el ejercicio económico 2025 que le son aplicables a la Promotora Costarricense de Innovación e Investigación. | G35: UA0101 | H35: PI.01.01.02 | I35: 2 | J35: 001 Transferencias corrientes Ley 9971 | K35: 02-06
A36: Total | D36: =SUBTOTAL(109,Tabla1[Monto solicitado aumentar]) -> 24200765
A38: Vistos buenos
A39: ____________________ | C39: ____________________ | E39: ____________________
A40: VB por: Zúrika Gómez R. | C40: VB por: Víctor Rojas M. | E40: VB por: Verónica Cruz V.
A41: Jefe Unidad Administrativa | C41: Jefe TICs | E41: Profesional Asesora legal
A43: ____________________ | C43: ____________________
A44: VB por: Tabatha Carvajal R. | C44: VB por: Lorena Alpízar M.
A45: Jefe DPII | C45: Jefe Planificación

Sheet Tablas Rebajos OBG
A1: PROMOTORA COSTARRICENSE DE INNOVACIÓN E INVESTIGACIÓN
A2: MODIFICACIÓN PRESUPUESTARIA 05-2025
A3: REBAJOS AL PRESUPUESTO DE EGRESOS POR PROGRAMA
A4: SEGÚN CLASIFICADOR POR OBJETO DEL GASTO DEL SECTOR PÚBLICO
A6: CODIGO | B6: PARTIDAS Y SUBPARTIDAS | C6: TOTAL | D6: PROGRAMA 1: FINANCIAMIENTO DE PROGRAMAS Y PROYECTOS | E6: PROGRAMA 2: GESTIÓN ADMINISTRATIVA | F6: PROGRAMA 3: FONDO DE INCENTIVOS
A7: 0 | B7: REMUNERACIONES | C7: =SUM(D7:E7) -> 22293620 | D7: =D9+D14+D18+D26+D33 -> 8281607.1 | E7: =E9+E14+E18+E26+E33 -> 14012013 | F7: =F9+F14+F18+F26+F33 -> 0
A9: 0.01 | B9: REMUNERACIONES BASICAS | C9: =+D9+E9 -> 4949387.1 | D9: =SUM(D11:D12) -> 729951.64 | E9: =SUM(E11:E12) -> 4219435.4 | F9: =SUM(F11:F12) -> 0
A11: 0.01.01 | B11: Sueldos para cargos fijos | C11: =+D11+E11 -> 4949387.1 | D11: =IFERROR(IF($H11=1,VLOOKUP($A11,'Detalle Rebajos'!$A:$K,4,FALSE),0),0) -> 729951.64 | E11: =+'Detalle Rebajos'!D19 -> 4219435.4 | F11: 0 | H11: 1
A12: 0.01.05 | B12: Suplencias | C12: =SUM(D12:E12) -> 0 | D12: =IFERROR(IF($H12=1,VLOOKUP($A12,'Detalle Rebajos'!$A:$K,4,FALSE),0),0) -> 0 | E12: =IFERROR(IF($H12=2,VLOOKUP($A12,'Detalle Rebajos'!$A:$K,4,FALSE),0),0) -> 0 | H12: =IFERROR(VLOOKUP(A12,'Detalle Rebajos'!A:K,9,FALSE),0) -> 0
H13: =IFERROR(VLOOKUP(A13,'Detalle Rebajos'!A:K,9,FALSE),0) -> 0
A14: 0.02 | B14: REMUNERACION EVENTUALES | C14: =SUM(D14:E14) -> 0 | D14: =IFERROR(IF($H14=1,VLOOKUP($A14,'Detalle Rebajos'!$A:$K,4,FALSE),0),0) -> 0 | E14: =IFERROR(IF($H14=2,VLOOKUP($A14,'Detalle Rebajos'!$A:$K,4,FALSE),0),0) -> 0 | H14: =IFERROR(VLOOKUP(A14,'Detalle Rebajos'!A:K,9,FALSE),0) -> 0
H15: =IFERROR(VLOOKUP(A15,'Detalle Rebajos'!A:K,9,FALSE),0) -> 0
A16: 0.02.02 | B16: Recargo de funciones | C16: =SUM(D16:E16) -> 0 | D16: =IFERROR(IF($H16=1,VLOOKUP($A16,'Detalle Rebajos'!$A:$K,4,FALSE),0),0) -> 0 | E16: =IFERROR(IF($H16=2,VLOOKUP($A16,'Detalle Rebajos'!$A:$K,4,FALSE),0),0) -> 0 | H16: =IFERROR(VLOOKUP(A16,'Detalle Rebajos'!A:K,9,FALSE),0) -> 0
H17: =IFERROR(VLOOKUP(A17,'Detalle Rebajos'!A:K,9,FALSE),0) -> 0
A18: 0.03 | B18: INCENTIVOS SALARIALES | C18: =SUM(D18:E18) -> 915922.74 | D18: =SUM(D20:D24) -> 127412.81 | E18: =SUM(E20:E24) -> 788509.93 | H18: =IFERROR(VLOOKUP(A18,'Detalle Rebajos'!A:K,9,FALSE),0) -> 0
H19: =IFERROR(VLOOKUP(A19,'Detalle Rebajos'!A:K,9,FALSE),0) -> 0
A20: 0.03.01 | B20: Retribución por años servidos | C20: =SUM(D20:E20) -> 99647.22 | D20: =IFERROR(IF($H20=1,VLOOKUP($A20,'Detalle Rebajos'!$A:$K,4,FALSE),0),0) -> 99647.22 | H20: 1
A21: 0.03.02 | B21: Restricción al ejercicio liberal de la profesión | C21: =SUM(D21:E21) -> 24169.72 | D21: =IFERROR(IF($H21=1,VLOOKUP($A21,'Detalle Rebajos'!$A:$K,4,FALSE),0),0) -> 24169.72 | E21: =IFERROR(IF($H21=2,VLOOKUP($A21,'Detalle Rebajos'!$A:$K,4,FALSE),0),0) -> 0 | H21: 1
A22: 0.03.03 | B22: Decimotercer mes | C22: =SUM(D22:E22) -> 619986.23 | D22: =IFERROR(IF($H22=1,VLOOKUP($A22,'Detalle Rebajos'!$A:$K,4,FALSE),0),0) -> 0 | E22: =IFERROR(IF($H22=2,VLOOKUP($A22,'Detalle Rebajos'!$A:$K,4,FALSE),0),0) -> 619986.23 | H22: 2
A23: 0.03.04 | B23: Salario escolar | C23: =SUM(D23:E23) -> 0 | D23: =IFERROR(IF($H23=1,VLOOKUP($A23,'Detalle Rebajos'!$A:$K,4,FALSE),0),0) -> 0 | H23: 1
A24: 0.03.99 | B24: Otros incentivos salariales | C24: =SUM(D24:E24) -> 172119.57 | D24: =IFERROR(IF($H24=1,VLOOKUP($A24,'Detalle Rebajos'!$A:$K,4,FALSE),0),0) -> 3595.87 | E24: =+'Detalle Rebajos'!D21 -> 168523.7 | H24: 1
H25: =IFERROR(VLOOKUP(A25,'Detalle Rebajos'!A:K,9,FALSE),0) -> 0
A26: 0.04 | B26: CONTRIBUCIONES PATRONALES AL DESARROLLO Y LA SEGURIDAD SOCIAL | C26: =+D26+E26 -> 8254648.9 | D26: =SUM(D28:D31) -> 3563571.6 | E26: =SUM(E28:E31) -> 4691077.3 | F26: =SUM(F28:F31) -> 0 | G26: =SUM(G28:G31) -> 0 | H26: =SUM(H28:H31) -> 4
H27: =IFERROR(VLOOKUP(A27,'Detalle Rebajos'!A:K,9,FALSE),0) -> 0
A28: 0.04.01 | B28: Contribución Patronal al Seguro de Salud de la Caja Costarricense del Seguro Social | C28: =+D28+E28 -> 4698801 | D28: =IFERROR(IF($H28=1,VLOOKUP($A28,'Detalle Rebajos'!$A:$K,4,FALSE),0),0) -> 2028494.8 | E28: =+'Detalle Rebajos'!D22 -> 2670306.2 | H28: 1
A29: 0.04.03 | B29: Contribución Patronal al Instituto Nacional de Aprendizaje | C29: =+D29+E29 -> 761967.45 | D29: =IFERROR(IF($H29=1,VLOOKUP($A29,'Detalle Rebajos'!$A:$K,4,FALSE),0),0) -> 328945.01 | E29: =+'Detalle Rebajos'!D23 -> 433022.44 | H29: 1
A30: 0.04.04 | B30: Contribución Patronal al Fondo de Desarrollo Social y Asignaciones Familiares | C30: =+D30+E30 -> 2539891.3 | D30: =IFERROR(IF($H30=1,VLOOKUP($A30,'Detalle Rebajos'!$A:$K,4,FALSE),0),0) -> 1096483.5 | E30: =+'Detalle Rebajos'!D24 -> 1443407.8 | H30: 1
A31: 0.04.05 | B31: Contribución Patronal al Bco.Popular y Desarrollo Comunal | C31: =+D31+E31 -> 253989.13 | D31: =IFERROR(IF($H31=1,VLOOKUP($A31,'Detalle Rebajos'!$A:$K,4,FALSE),0),0) -> 109648.28 | E31: =+'Detalle Rebajos'!D25 -> 144340.85 | H31: 1
H32: =IFERROR(VLOOKUP(A32,'Detalle Rebajos'!A:K,9,FALSE),0) -> 0
A33: 0.05 | B33: CONTRIBUCIONES PATRONALES A FONDOS DE PENSIONES Y OTROS FONDOS DE CAPITALIZACION | C33: =+D33+E33 -> 8173661.7 | D33: =SUM(D35:D38) -> 3860671 | E33: =SUM(E35:E38) -> 4312990.7 | H33: =IFERROR(VLOOKUP(A33,'Detalle Rebajos'!A:K,9,FALSE),0) -> 0
H34: =IFERROR(VLOOKUP(A34,'Detalle Rebajos'!A:K,9,FALSE),0) -> 0
A35: 0.05.01 | B35: Contribución Patronal al Seguro de Pensiones de la Caja Costarricense de Seguro Social | C35: =+D35+E35 -> 2753243.1 | D35: =+'Detalle Rebajos'!D15 -> 1188588.4 | E35: =+'Detalle Rebajos'!D26 -> 1564654.6 | H35: 1
A36: 0.05.02 | B36: Aporte Patronal Régimen Obligatorio Pensiones Complementarias | C36: =+D36+E36 -> 1523934.6 | D36: =IFERROR(IF($H36=1,VLOOKUP($A36,'Detalle Rebajos'!$A:$K,4,FALSE),0),0) -> 657890.03 | E36: =+'Detalle Rebajos'!D27 -> 866044.55 | H36: 1
A37: 0.05.03 | B37: Aporte Patronal al Fondo de Capitalización Laboral | C37: =+D37+E37 -> 761967.45 | D37: =IFERROR(IF($H37=1,VLOOKUP($A37,'Detalle Rebajos'!$A:$K,4,FALSE),0),0) -> 328945.01 | E37: =+'Detalle Rebajos'!D28 -> 433022.44 | H37: 1
A38: 0.05.05 | B38: Contribución Patronal a fondos administrados por entes privados | C38: =+D38+E38 -> 3134516.6 | D38: =IFERROR(IF($H38=1,VLOOKUP($A38,'Detalle Rebajos'!$A:$K,4,FALSE),0),0) -> 1685247.5 | E38: =+'Detalle Rebajos'!D29 -> 1449269.1 | H38: 1
A41: 1 | B41: SERVICIOS | C41: =+D41+E41 -> 879053.26 | D41: =+D43+D47+D55+D63+D73+D80+D85+D90+D99+D103 -> 0 | E41: =+E43+E47+E55+E63+E73+E80+E85+E90+E99+E103 -> 879053.26 | F41: =+F43+F47+F55+F63+F73+F80+F85+F90+F99+F103 -> 0
A43: 1.01 | B43: ALQUILERES | C43: =SUM(D43:E43) -> 0 | D43: =+D45 -> 0 | E43: =+E45 -> 0
A45: 1.01.99 | B45: Otros alquileres | C45: =+D45+E45 -> 0 | D45: 0 | F45: 0
A47: 1.02 | B47: SERVICIOS BASICOS | C47: =+D47+E47 -> 0 | D47: =SUM(D49:D53) -> 0 | E47: =SUM(E49:E53) -> 0 | F47: =SUM(F49:F53) -> 0
A49: 1.02.01 | B49: Servicio de agua y alcantarillado | C49: =SUM(D49:E49) -> 0 | D49: =IFERROR(IF($H49=1,VLOOKUP($A49,'Detalle Rebajos'!$A:$K,4,FALSE),0),0) -> 0 | E49: =IFERROR(IF($H49=2,VLOOKUP($A49,'Detalle Rebajos'!$A:$K,4,FALSE),0),0) -> 0 | F49: 0 | H49: =IFERROR(VLOOKUP(A49,'Detalle Rebajos'!A:K,9,FALSE),0) -> 0
A50: 1.02.02 | B50: Servicio de energía eléctrica | C50: =SUM(D50:E50) -> 0 | D50: =IFERROR(IF($H50=1,VLOOKUP($A50,'Detalle Rebajos'!$A:$K,4,FALSE),0),0) -> 0 | E50: =IFERROR(IF($H50=2,VLOOKUP($A50,'Detalle Rebajos'!$A:$K,4,FALSE),0),0) -> 0 | F50: 0 | H50: =IFERROR(VLOOKUP(A50,'Detalle Rebajos'!A:K,9,FALSE),0) -> 0
A51: 1.02.03 | B51: Servicio de correo | C51: =SUM(D51:E51) -> 0 | D51: =IFERROR(IF($H51=1,VLOOKUP($A51,'Detalle Rebajos'!$A:$K,4,FALSE),0),0) -> 0 | E51: =IFERROR(IF($H51=2,VLOOKUP($A51,'Detalle Rebajos'!$A:$K,4,FALSE),0),0) -> 0 | F51: 0 | H51: =IFERROR(VLOOKUP(A51,'Detalle Rebajos'!A:K,9,FALSE),0) -> 0
A52: 1.02.04 | B52: Servicio de telecomunicaciones | C52: =SUM(D52:E52) -> 0 | D52: =IFERROR(IF($H52=1,VLOOKUP($A52,'Detalle Rebajos'!$A:$K,4,FALSE),0),0) -> 0 | F52: 0 | H52: =IFERROR(VLOOKUP(A52,'Detalle Rebajos'!A:K,9,FALSE),0) -> 0
A53: 1.02.99 | B53: Otros servicios básicos | C53: =SUM(D53:E53) -> 0 | D53: =IFERROR(IF($H53=1,VLOOKUP($A53,'Detalle Rebajos'!$A:$K,4,FALSE),0),0) -> 0 | E53: =IFERROR(IF($H53=2,VLOOKUP($A53,'Detalle Rebajos'!$A:$K,4,FALSE),0),0) -> 0 | F53: 0 | H53: =IFERROR(VLOOKUP(A53,'Detalle Rebajos'!A:K,9,FALSE),0) -> 0
A55: 1.03 | B55: SERVICIOS COMERCIALES Y FINANCIEROS | C55: =+D55+E55 -> 69555 | D55: =SUM(D57:D61) -> 0 | E55: =SUM(E57:E61) -> 69555 | F55: =SUM(F57:F61) -> 0
A57: 1.03.01 | B57: Información | C57: =SUM(D57:E57) -> 0 | D57: =IFERROR(IF($H57=1,VLOOKUP($A57,'Detalle Rebajos'!$A:$K,4,FALSE),0),0) -> 0 | E57: =IFERROR(IF($H57=2,VLOOKUP($A57,'Detalle Rebajos'!$A:$K,4,FALSE),0),0) -> 0 | F57: 0 | H57: =IFERROR(VLOOKUP(A57,'Detalle Rebajos'!A:K,9,FALSE),0) -> 0
A58: 1.03.02 | B58: Publicidad y propaganda | C58: =SUM(D58:E58) -> 0 | D58: =IFERROR(IF($H58=1,VLOOKUP($A58,'Detalle Rebajos'!$A:$K,4,FALSE),0),0) -> 0 | E58: =IFERROR(IF($H58=2,VLOOKUP($A58,'Detalle Rebajos'!$A:$K,4,FALSE),0),0) -> 0 | F58: 0 | H58: =IFERROR(VLOOKUP(A58,'Detalle Rebajos'!A:K,9,FALSE),0) -> 0
A59: 1.03.03 | B59: Impresión, encuadernación y otros | C59: =SUM(D59:E59) -> 69555 | D59: =IFERROR(IF($H59=1,VLOOKUP($A59,'Detalle Rebajos'!$A:$K,4,FALSE),0),0) -> 0 | E59: =IFERROR(IF($H59=2,VLOOKUP($A59,'Detalle Rebajos'!$A:$K,4,FALSE),0),0) -> 69555 | F59: 0 | H59: =IFERROR(VLOOKUP(A59,'Detalle Rebajos'!A:K,9,FALSE),0) -> 2
A60: 1.03.06 | B60: Comisiones y gastos por servicios financieros y comerciales | C60: =SUM(D60:E60) -> 0 | D60: =IFERROR(IF($H60=1,VLOOKUP($A60,'Detalle Rebajos'!$A:$K,4,FALSE),0),0) -> 0 | E60: =IFERROR(IF($H60=2,VLOOKUP($A60,'Detalle Rebajos'!$A:$K,4,FALSE),0),0) -> 0 | F60: 0 | H60: =IFERROR(VLOOKUP(A60,'Detalle Rebajos'!A:K,9,FALSE),0) -> 0
A61: 1.03.07 | B61: Servicios de transferencia electrónica de información | C61: =SUM(D61:E61) -> 0 | D61: =IFERROR(IF($H61=1,VLOOKUP($A61,'Detalle Rebajos'!$A:$K,4,FALSE),0),0) -> 0 | E61: =IFERROR(IF($H61=2,VLOOKUP($A61,'Detalle Rebajos'!$A:$K,4,FALSE),0),0) -> 0 | F61: 0 | H61: =IFERROR(VLOOKUP(A61,'Detalle Rebajos'!A:K,9,FALSE),0) -> 0
A63: 1.04 | B63: SERVICIOS DE GESTION Y APOYO | C63: =SUM(D63:E63) -> 0 | D63: =SUM(D65:D71) -> 0 | E63: =SUM(E65:E71) -> 0 | F63: =SUM(F65:F71) -> 0
A65: 1.04.01 | B65: Servicios en ciencias de la salud | C65: =SUM(D65:E65) -> 0 | D65: =IFERROR(IF($H65=1,VLOOKUP($A65,'Detalle Rebajos'!$A:$K,4,FALSE),0),0) -> 0 | E65: =IFERROR(IF($H65=2,VLOOKUP($A65,'Detalle Rebajos'!$A:$K,4,FALSE),0),0) -> 0 | F65: 0 | H65: =IFERROR(VLOOKUP(A65,'Detalle Rebajos'!A:K,9,FALSE),0) -> 0
A66: 1.04.02 | B66: Servicios jurídicos | C66: =SUM(D66:E66) -> 0 | D66: =IFERROR(IF($H66=1,VLOOKUP($A66,'Detalle Rebajos'!$A:$K,4,FALSE),0),0) -> 0 | E66: =IFERROR(IF($H66=2,VLOOKUP($A66,'Detalle Rebajos'!$A:$K,4,FALSE),0),0) -> 0 | F66: 0 | H66: =IFERROR(VLOOKUP(A66,'Detalle Rebajos'!A:K,9,FALSE),0) -> 0
A67: 1.04.03 | B67: Servicios de ingeniería y arquitectura | D67: =IFERROR(IF($H67=1,VLOOKUP($A67,'Detalle Rebajos'!$A:$K,4,FALSE),0),0) -> 0 | E67: =IFERROR(IF($H67=2,VLOOKUP($A67,'Detalle Rebajos'!$A:$K,4,FALSE),0),0) -> 0 | F67: 0 | H67: =IFERROR(VLOOKUP(A67,'Detalle Rebajos'!A:K,9,FALSE),0) -> 0
A68: 1.04.04 | B68: Servicios en ciencias económicas y sociales | C68: =SUM(D68:E68) -> 0 | D68: =IFERROR(IF($H68=1,VLOOKUP($A68,'Detalle Rebajos'!$A:$K,4,FALSE),0),0) -> 0 | F68: 0 | H68: =IFERROR(VLOOKUP(A68,'Detalle Rebajos'!A:K,9,FALSE),0) -> 0
A69: 1.04.05 | B69: Servicios de desarrollo de sistemas informáticos | C69: =SUM(D69:E69) -> 0 | D69: =IFERROR(IF($H69=1,VLOOKUP($A69,'Detalle Rebajos'!$A:$K,4,FALSE),0),0) -> 0 | E69: =IFERROR(IF($H69=2,VLOOKUP($A69,'Detalle Rebajos'!$A:$K,4,FALSE),0),0) -> 0 | F69: 0 | H69: =IFERROR(VLOOKUP(A69,'Detalle Rebajos'!A:K,9,FALSE),0) -> 0
A70: 1.04.06 | B70: Servicios generales | C70: =SUM(D70:E70) -> 0 | D70: =IFERROR(IF($H70=1,VLOOKUP($A70,'Detalle Rebajos'!$A:$K,4,FALSE),0),0) -> 0 | E70: =IFERROR(IF($H70=2,VLOOKUP($A70,'Detalle Rebajos'!$A:$K,4,FALSE),0),0) -> 0 | F70: 0 | H70: =IFERROR(VLOOKUP(A70,'Detalle Rebajos'!A:K,9,FALSE),0) -> 0
A71: 1.04.99 | B71: Otros servicios de gestión y apoyo | C71: =SUM(D71:E71) -> 0 | D71: =IFERROR(IF($H71=1,VLOOKUP($A71,'Detalle Rebajos'!$A:$K,4,FALSE),0),0) -> 0 | E71: =IFERROR(IF($H71=2,VLOOKUP($A71,'Detalle Rebajos'!$A:$K,4,FALSE),0),0) -> 0 | F71: 0 | H71: =IFERROR(VLOOKUP(A71,'Detalle Rebajos'!A:K,9,FALSE),0) -> 0
A73: 1.05 | B73: GASTOS DE VIAJE Y DE TRANSPORTE | C73: =+D73+E73 -> 0 | D73: =SUM(D75:D78) -> 0 | E73: =SUM(E75:E78) -> 0 | F73: =SUM(F75:F78) -> 0
A75: 1.05.01 | B75: Transporte dentro del país | C75: =+D75+E75 -> 0 | D75: =IFERROR(IF($H75=1,VLOOKUP($A75,'Detalle Rebajos'!$A:$K,4,FALSE),0),0) -> 0 | E75: =IFERROR(IF($H75=2,VLOOKUP($A75,'Detalle Rebajos'!$A:$K,4,FALSE),0),0) -> 0 | F75: 0 | H75: =IFERROR(VLOOKUP(A75,'Detalle Rebajos'!A:K,9,FALSE),0) -> 0
A76: 1.05.02 | B76: Viáticos dentro del país | C76: =+D76+E76 -> 0 | D76: =IFERROR(IF($H76=1,VLOOKUP($A76,'Detalle Rebajos'!$A:$K,4,FALSE),0),0) -> 0 | E76: =IFERROR(IF($H76=2,VLOOKUP($A76,'Detalle Rebajos'!$A:$K,4,FALSE),0),0) -> 0 | F76: 0 | H76: =IFERROR(VLOOKUP(A76,'Detalle Rebajos'!A:K,9,FALSE),0) -> 0
A77: 1.05.03 | B77: Transporte en el exterior | C77: =+D77+E77 -> 0 | D77: =IFERROR(IF($H77=1,VLOOKUP($A77,'Detalle Rebajos'!$A:$K,4,FALSE),0),0) -> 0 | E77: =IFERROR(IF($H77=2,VLOOKUP($A77,'Detalle Rebajos'!$A:$K,4,FALSE),0),0) -> 0 | F77: 0 | H77: =IFERROR(VLOOKUP(A77,'Detalle Rebajos'!A:K,9,FALSE),0) -> 0
A78: 1.05.04 | B78: Viáticos en el exterior | C78: =+D78+E78 -> 0 | D78: =IFERROR(IF($H78=1,VLOOKUP($A78,'Detalle Rebajos'!$A:$K,4,FALSE),0),0) -> 0 | E78: =IFERROR(IF($H78=2,VLOOKUP($A78,'Detalle Rebajos'!$A:$K,4,FALSE),0),0) -> 0 | F78: 0 | H78: =IFERROR(VLOOKUP(A78,'Detalle Rebajos'!A:K,9,FALSE),0) -> 0
A80: 1.06 | B80: SEGUROS, REASEGUROS Y OTRAS OBLIGACIONES | C80: =+D80+E80 -> 0 | D80: =+D82 -> 0 | E80: =SUM(E82:E83) -> 0 | F80: =+F82 -> 0
A82: 1.06.01 | B82: Seguros | C82: =SUM(D82:E82) -> 0 | D82: =IFERROR(IF($H82=1,VLOOKUP($A82,'Detalle Rebajos'!$A:$K,4,FALSE),0),0) -> 0 | E82: =IFERROR(IF($H82=2,VLOOKUP($A82,'Detalle Rebajos'!$A:$K,4,FALSE),0),0) -> 0 | F82: 0 | H82: 2
A85: 1.07 | B85: CAPACITACION Y PROTOCOLO | C85: =+D85+E85 -> 0 | D85: =SUM(D87:D88) -> 0 | E85: =SUM(E87:E88) -> 0 | F85: =SUM(F87:F88) -> 0
A87: 1.07.01 | B87: Actividades de capacitación | C87: =+D87+E87 -> 0 | D87: =IFERROR(IF($H87=1,VLOOKUP($A87,'Detalle Rebajos'!$A:$K,4,FALSE),0),0) -> 0 | E87: =IFERROR(IF($H87=2,VLOOKUP($A87,'Detalle Rebajos'!$A:$K,4,FALSE),0),0) -> 0 | F87: 0 | H87: =IFERROR(VLOOKUP(A87,'Detalle Rebajos'!A:K,9,FALSE),0) -> 0
A88: 1.07.02 | B88: Actividades protocolarias y sociales | C88: =+D88+E88 -> 0 | D88: =IFERROR(IF($H88=1,VLOOKUP($A88,'Detalle Rebajos'!$A:$K,4,FALSE),0),0) -> 0 | E88: =IFERROR(IF($H88=2,VLOOKUP($A88,'Detalle Rebajos'!$A:$K,4,FALSE),0),0) -> 0 | F88: 0 | H88: =IFERROR(VLOOKUP(A88,'Detalle Rebajos'!A:K,9,FALSE),0) -> 0
A90: 1.08 | B90: MANTENIMIENTO Y REPARACION | C90: =SUM(D90:E90) -> 809498.26 | D90: =SUM(D92:D97) -> 0 | E90: =SUM(E92:E97) -> 809498.26 | F90: =SUM(F92:F97) -> 0
A92: 1.08.01 | B92: Mantenimiento de edificios, locales y terrenos | C92: =SUM(D92:E92) -> 635298.17 | D92: =IFERROR(IF($H92=1,VLOOKUP($A92,'Detalle Rebajos'!$A:$K,4,FALSE),0),0) -> 0 | E92: =IFERROR(IF($H92=2,VLOOKUP($A92,'Detalle Rebajos'!$A:$K,4,FALSE),0),0) -> 635298.17 | F92: 0 | H92: 2
A93: 1.08.04 | B93: Mantenimiento y reparación de maquinaria y equipo de producción | C93: =SUM(D93:E93) -> 174200.09 | D93: =IFERROR(IF($H93=1,VLOOKUP($A93,'Detalle Rebajos'!$A:$K,4,FALSE),0),0) -> 0 | E93: =IFERROR(IF($H93=2,VLOOKUP($A93,'Detalle Rebajos'!$A:$K,4,FALSE),0),0) -> 174200.09 | F93: 0 | H93: =IFERROR(VLOOKUP(A93,'Detalle Rebajos'!A:K,9,FALSE),0) -> 2
A94: 1.08.05 | B94: Mantenimiento y reparación de maquinaria y equipo de producción | C94: =SUM(D94:E94) -> 0 | D94: =IFERROR(IF($H94=1,VLOOKUP($A94,'Detalle Rebajos'!$A:$K,4,FALSE),0),0) -> 0 | E94: =IFERROR(IF($H94=2,VLOOKUP($A94,'Detalle Rebajos'!$A:$K,4,FALSE),0),0) -> 0 | F94: 0 | H94: =IFERROR(VLOOKUP(A94,'Detalle Rebajos'!A:K,9,FALSE),0) -> 0
A95: 1.08.06 | B95: Mantenimiento y reparación de equipo de comunicación | C95: =SUM(D95:E95) -> 0 | D95: =IFERROR(IF($H95=1,VLOOKUP($A95,'Detalle Rebajos'!$A:$K,4,FALSE),0),0) -> 0 | E95: =IFERROR(IF($H95=2,VLOOKUP($A95,'Detalle Rebajos'!$A:$K,4,FALSE),0),0) -> 0 | F95: 0 | H95: =IFERROR(VLOOKUP(A95,'Detalle Rebajos'!A:K,9,FALSE),0) -> 0
A96: 1.08.07 | B96: Mantenimiento y reparación de equipo de equipo de oficina | C96: =SUM(D96:E96) -> 0 | D96: =IFERROR(IF($H96=1,VLOOKUP($A96,'Detalle Rebajos'!$A:$K,4,FALSE),0),0) -> 0 | E96: =IFERROR(IF($H96=2,VLOOKUP($A96,'Detalle Rebajos'!$A:$K,4,FALSE),0),0) -> 0 | F96: 0 | H96: =IFERROR(VLOOKUP(A96,'Detalle Rebajos'!A:K,9,FALSE),0) -> 0
A97: 1.08.08 | B97: Mantenimiento y reparación de equipo de cómputo y sistemas información | C97: =SUM(D97:E97) -> 0 | D97: =IFERROR(IF($H97=1,VLOOKUP($A97,'Detalle Rebajos'!$A:$K,4,FALSE),0),0) -> 0 | E97: =IFERROR(IF($H97=2,VLOOKUP($A97,'Detalle Rebajos'!$A:$K,4,FALSE),0),0) -> 0 | F97: 0 | H97: =IFERROR(VLOOKUP(A97,'Detalle Rebajos'!A:K,9,FALSE),0) -> 0
A99: 1.09 | B99: IMPUESTOS | C99: =+D99+E99 -> 0 | D99: =+D101 -> 0 | E99: =+E101 -> 0 | F99: =+F101 -> 0
A101: 1.09.99 | B101: Otros impuestos | C101: =SUM(D101:E101) -> 0 | D101: =IFERROR(IF($H101=1,VLOOKUP($A101,'Detalle Rebajos'!$A:$K,4,FALSE),0),0) -> 0 | E101: =IFERROR(IF($H101=2,VLOOKUP($A101,'Detalle Rebajos'!$A:$K,4,FALSE),0),0) -> 0 | F101: 0 | H101: =IFERROR(VLOOKUP(A101,'Detalle Rebajos'!A:K,9,FALSE),0) -> 0
A103: 1.99 | B103: SERVICIOS DIVERSOS | C103: =+D103+E103 -> 0 | D103: =+D105 -> 0 | E103: =+E105 -> 0 | F103: =+F105 -> 0
A105: 1.99.02 | B105: Intereses moratorios y multas | C105: =+D105+E105+F105 -> 0 | E105: =IFERROR(IF($H105=2,VLOOKUP($A105,'Detalle Rebajos'!$A:$K,4,FALSE),0),0) -> 0 | F105: 0 | H105: 1
A107: 2 | B107: MATERIALES Y SUMINISTROS | C107: =+D107+E107 -> 0 | D107: =+D109+D114+D118+D124+D129 -> 0 | E107: =+E109+E114+E118+E124+E129 -> 0 | F107: =+F109+F114+F118+F124+F129 -> 0
A109: 2.01 | B109: PRODUCTOS QUIMICOS Y CONEXOS | C109: =+D109+E109 -> 0 | D109: =SUM(D111:D112) -> 0 | E109: =SUM(E111:E112) -> 0 | F109: =SUM(F111:F112) -> 0
A111: 2.01.01 | B111: Combustibles y lubricantes | C111: =SUM(D111:E111) -> 0 | D111: =IFERROR(IF($H111=1,VLOOKUP($A111,'Detalle Rebajos'!$A:$K,4,FALSE),0),0) -> 0 | E111: =IFERROR(IF($H111=2,VLOOKUP($A111,'Detalle Rebajos'!$A:$K,4,FALSE),0),0) -> 0 | F111: 0 | H111: =IFERROR(VLOOKUP(A111,'Detalle Rebajos'!A:K,9,FALSE),0) -> 0
A112: 2.01.04 | B112: Tintas, pinturas y diluyentes | C112: =SUM(D112:E112) -> 0 | D112: =IFERROR(IF($H112=1,VLOOKUP($A112,'Detalle Rebajos'!$A:$K,4,FALSE),0),0) -> 0 | E112: =IFERROR(IF($H112=2,VLOOKUP($A112,'Detalle Rebajos'!$A:$K,4,FALSE),0),0) -> 0 | F112: 0 | H112: =IFERROR(VLOOKUP(A112,'Detalle Rebajos'!A:K,9,FALSE),0) -> 0
A114: 2.02 | B114: ALIMENTOS Y PRODUCTOS AGROPECUARIOS | C114: =+D114+E114 -> 0 | D114: 0 | E114: 0 | F114: 0
A116: 2.02.03 | B116: Alimentos y bebidas | D116: =IFERROR(IF($H116=1,VLOOKUP($A116,'Detalle Rebajos'!$A:$K,4,FALSE),0),0) -> 0 | E116: =IFERROR(IF($H116=2,VLOOKUP($A116,'Detalle Rebajos'!$A:$K,4,FALSE),0),0) -> 0 | F116: 0 | H116: =IFERROR(VLOOKUP(A116,'Detalle Rebajos'!A:K,9,FALSE),0) -> 0
A118: 2.03 | B118: MATERIALES Y PRODUCTOS DE USO EN LA CONSTRUCCION Y MANTENIMIENTO | C118: =+D118+E118 -> 0 | D118: =SUM(D120:D122) -> 0 | E118: =SUM(E120:E122) -> 0 | F118: =SUM(F120:F122) -> 0
A120: 2.03.01 | B120: Materiales y productos metálicos | C120: =SUM(D120:E120) -> 0 | D120: =IFERROR(IF($H120=1,VLOOKUP($A120,'Detalle Rebajos'!$A:$K,4,FALSE),0),0) -> 0 | E120: =IFERROR(IF($H120=2,VLOOKUP($A120,'Detalle Rebajos'!$A:$K,4,FALSE),0),0) -> 0 | F120: 0 | H120: =IFERROR(VLOOKUP(A120,'Detalle Rebajos'!A:K,9,FALSE),0) -> 0
A121: 2.03.03 | B121: Madera y sus derivados | C121: =SUM(D121:E121) -> 0 | D121: =IFERROR(IF($H121=1,VLOOKUP($A121,'Detalle Rebajos'!$A:$K,4,FALSE),0),0) -> 0 | E121: 0 | H121: 1
A122: 2.03.04 | B122: Materiales y productos eléctricos, telefónicos y de cómputo | C122: =SUM(D122:E122) -> 0 | D122: =IFERROR(IF($H122=1,VLOOKUP($A122,'Detalle Rebajos'!$A:$K,4,FALSE),0),0) -> 0 | E122: =IFERROR(IF($H122=2,VLOOKUP($A122,'Detalle Rebajos'!$A:$K,4,FALSE),0),0) -> 0 | F122: 0 | H122: =IFERROR(VLOOKUP(A122,'Detalle Rebajos'!A:K,9,FALSE),0) -> 0
A124: 2.04 | B124: HERRAMIENTAS, REPUESTOS Y ACCESORIOS | C124: =+D124+E124 -> 0 | D124: =SUM(D126:D127) -> 0 | E124: =SUM(E126:E127) -> 0 | F124: =SUM(F126:F127) -> 0
A126: 2.04.01 | B126: Herramientas | C126: =+D126+E126 -> 0 | D126: =IFERROR(IF($H126=1,VLOOKUP($A126,'Detalle Rebajos'!$A:$K,4,FALSE),0),0) -> 0 | E126: =IFERROR(IF($H126=2,VLOOKUP($A126,'Detalle Rebajos'!$A:$K,4,FALSE),0),0) -> 0 | F126: 0 | H126: =IFERROR(VLOOKUP(A126,'Detalle Rebajos'!A:K,9,FALSE),0) -> 0
A127: 2.04.02 | B127: Repuestos y accesorios | C127: =SUM(D127:E127) -> 0 | D127: =IFERROR(IF($H127=1,VLOOKUP($A127,'Detalle Rebajos'!$A:$K,4,FALSE),0),0) -> 0 | E127: =IFERROR(IF($H127=2,VLOOKUP($A127,'Detalle Rebajos'!$A:$K,4,FALSE),0),0) -> 0 | F127: 0 | H127: =IFERROR(VLOOKUP(A127,'Detalle Rebajos'!A:K,9,FALSE),0) -> 0
A129: 2.99 | B129: UTILES, MATERIALES Y SUMINISTROS DIVERSOS | C129: =SUM(D129:E129) -> 0 | D129: =SUM(D131:D137) -> 0 | E129: =SUM(E131:E137) -> 0 | F129: =SUM(F131:F137) -> 0
A131: 2.99.01 | B131: Útiles y materiales de oficina y cómputo | C131: =SUM(D131:E131) -> 0 | D131: =IFERROR(IF($H131=1,VLOOKUP($A131,'Detalle Rebajos'!$A:$K,4,FALSE),0),0) -> 0 | E131: =IFERROR(IF($H131=2,VLOOKUP($A131,'Detalle Rebajos'!$A:$K,4,FALSE),0),0) -> 0 | F131: 0 | H131: =IFERROR(VLOOKUP(A131,'Detalle Rebajos'!A:K,9,FALSE),0) -> 0
A132: 2.99.02 | B132: Útiles y materiales médico hospitalario y de investigación | C132: =+D132+E132 -> 0 | D132: =IFERROR(IF($H132=1,VLOOKUP($A132,'Detalle Rebajos'!$A:$K,4,FALSE),0),0) -> 0 | E132: =IFERROR(IF($H132=2,VLOOKUP($A132,'Detalle Rebajos'!$A:$K,4,FALSE),0),0) -> 0 | F132: 0 | H132: =IFERROR(VLOOKUP(A132,'Detalle Rebajos'!A:K,9,FALSE),0) -> 0
A133: 2.99.03 | B133: Productos de papel, cartón e impresos | C133: =SUM(D133:E133) -> 0 | D133: =IFERROR(IF($H133=1,VLOOKUP($A133,'Detalle Rebajos'!$A:$K,4,FALSE),0),0) -> 0 | E133: =IFERROR(IF($H133=2,VLOOKUP($A133,'Detalle Rebajos'!$A:$K,4,FALSE),0),0) -> 0 | F133: 0 | H133: =IFERROR(VLOOKUP(A133,'Detalle Rebajos'!A:K,9,FALSE),0) -> 0
A134: 2.99.04 | B134: Textiles y vestuario | C134: =SUM(D134:E134) -> 0 | D134: =IFERROR(IF($H134=1,VLOOKUP($A134,'Detalle Rebajos'!$A:$K,4,FALSE),0),0) -> 0 | E134: =IFERROR(IF($H134=2,VLOOKUP($A134,'Detalle Rebajos'!$A:$K,4,FALSE),0),0) -> 0 | F134: 0 | H134: =IFERROR(VLOOKUP(A134,'Detalle Rebajos'!A:K,9,FALSE),0) -> 0
A135: 2.99.05 | B135: Útiles y materiales de limpieza | C135: =SUM(D135:E135) -> 0 | D135: =IFERROR(IF($H135=1,VLOOKUP($A135,'Detalle Rebajos'!$A:$K,4,FALSE),0),0) -> 0 | E135: =IFERROR(IF($H135=2,VLOOKUP($A135,'Detalle Rebajos'!$A:$K,4,FALSE),0),0) -> 0 | F135: 0 | H135: =IFERROR(VLOOKUP(A135,'Detalle Rebajos'!A:K,9,FALSE),0) -> 0
A136: 2.99.07 | B136: Útiles y materiales de cocina y comedor | C136: =SUM(D136:E136) -> 0 | D136: =IFERROR(IF($H136=1,VLOOKUP($A136,'Detalle Rebajos'!$A:$K,4,FALSE),0),0) -> 0 | E136: =IFERROR(IF($H136=2,VLOOKUP($A136,'Detalle Rebajos'!$A:$K,4,FALSE),0),0) -> 0 | F136: 0 | H136: =IFERROR(VLOOKUP(A136,'Detalle Rebajos'!A:K,9,FALSE),0) -> 0
A137: 2.99.99 | B137: Otros útiles, materiales y suministros diversos | C137: =SUM(D137:E137) -> 0 | D137: =IFERROR(IF($H137=1,VLOOKUP($A137,'Detalle Rebajos'!$A:$K,4,FALSE),0),0) -> 0 | E137: =IFERROR(IF($H137=2,VLOOKUP($A137,'Detalle Rebajos'!$A:$K,4,FALSE),0),0) -> 0 | F137: 0 | H137: =IFERROR(VLOOKUP(A137,'Detalle Rebajos'!A:K,9,FALSE),0) -> 0
...

Sheet Tablas Aumentos OBG
A1: PROMOTORA COSTARRICENSE DE INNOVACIÓN E INVESTIGACIÓN
A2: MODIFICACIÓN PRESUPUESTARIA 05-2025
A3: AUMENTOS AL PRESUPUESTO DE EGRESOS POR PROGRAMA
A4: SEGÚN CLASIFICADOR POR OBJETO DEL GASTO DEL SECTOR PÚBLICO
A6: CODIGO | B6: PARTIDAS Y SUBPARTIDAS | C6: TOTAL | D6: PROGRAMA 1: FINANCIAMIENTO DE PROGRAMAS Y PROYECTOS | E6: PROGRAMA 2: GESTIÓN ADMINISTRATIVA
A8: 0 | B8: REMUNERACIONES | C8: =SUM(D8:E8) -> 1071600 | D8: =D10+D15+D21+D29+D37 -> 292000 | E8: =E10+E15+E21+E29+E37 -> 779600
A10: 0.01 | B10: REMUNERACIONES BASICAS | C10: =+D10+E10 -> 0 | D10: =SUM(D12:D13) -> 0 | E10: =SUM(E12:E13) -> 0
A12: 0.01.01 | B12: Sueldos para cargos fijos | C12: =+D12+E12 -> 0 | D12: =IFERROR(IF($G12=1,VLOOKUP($A12,'Detalle de Aumentos'!$A:$K,4,FALSE),0),0) -> 0 | E12: =IFERROR(IF($G12=2,VLOOKUP($A12,'Detalle de Aumentos'!$A:$K,4,FALSE),0),0) -> 0 | G12: 2
A13: 0.01.05 | B13: Suplencias | C13: =SUM(D13:E13) -> 0 | D13: =IFERROR(IF($G13=1,VLOOKUP($A13,'Detalle de Aumentos'!$A:$K,4,FALSE),0),0) -> 0 | E13: =IFERROR(IF($G13=2,VLOOKUP($A13,'Detalle de Aumentos'!$A:$K,4,FALSE),0),0) -> 0 | G13: =IFERROR(VLOOKUP(A13,'Detalle de Aumentos'!A:K,9,FALSE),0) -> 0
A15: 0.02 | B15: REMUNERACION EVENTUALES | C15: =SUM(C17:C19) -> 29000 | D15: =SUM(D17:D19) -> 0 | E15: =SUM(E17:E19) -> 29000
A17: 0.02.01 | B17: Tiempo extraordinario | C17: =SUM(D17:E17) -> 0 | D17: =IFERROR(IF($G17=1,VLOOKUP($A17,'Detalle de Aumentos'!$A:$K,4,FALSE),0),0) -> 0 | G17: =IFERROR(VLOOKUP(A17,'Detalle de Aumentos'!A:K,9,FALSE),0) -> 0
A18: 0.02.02 | B18: Recargo de funciones | C18: =SUM(D18:E18) -> 29000 | D18: =IFERROR(IF($G18=1,VLOOKUP($A18,'Detalle de Aumentos'!$A:$K,4,FALSE),0),0) -> 0 | E18: =IFERROR(IF($G18=2,VLOOKUP($A18,'Detalle de Aumentos'!$A:$K,4,FALSE),0),0) -> 29000 | G18: =IFERROR(VLOOKUP(A18,'Detalle de Aumentos'!A:K,9,FALSE),0) -> 2
A19: 0.02.05 | B19: Dietas | C19: =SUM(D19:E19) -> 0 | D19: =IFERROR(IF($G19=1,VLOOKUP($A19,'Detalle de Aumentos'!$A:$K,4,FALSE),0),0) -> 0 | E19: =IFERROR(IF($G19=2,VLOOKUP($A19,'Detalle de Aumentos'!$A:$K,4,FALSE),0),0) -> 0 | G19: =IFERROR(VLOOKUP(A19,'Detalle de Aumentos'!A:K,9,FALSE),0) -> 0
A21: 0.03 | B21: INCENTIVOS SALARIALES | C21: =SUM(D21:E21) -> 1042600 | D21: =SUM(D23:D27) -> 292000 | E21: =SUM(E23:E27) -> 750600
A23: 0.03.01 | B23: Retribución por años servidos | C23: =SUM(D23:E23) -> 113600 | D23: =IFERROR(IF($G23=1,VLOOKUP($A23,'Detalle de Aumentos'!$A:$K,4,FALSE),0),0) -> 0 | E23: =IFERROR(IF($G23=2,VLOOKUP($A23,'Detalle de Aumentos'!$A:$K,4,FALSE),0),0) -> 113600 | G23: =IFERROR(VLOOKUP(A23,'Detalle de Aumentos'!A:K,9,FALSE),0) -> 2
A24: 0.03.02 | B24: Restricción al ejercicio liberal de la profesión | C24: =SUM(D24:E24) -> 470000 | D24: =IFERROR(IF($G24=1,VLOOKUP($A24,'Detalle de Aumentos'!$A:$K,4,FALSE),0),0) -> 0 | E24: =IFERROR(IF($G24=2,VLOOKUP($A24,'Detalle de Aumentos'!$A:$K,4,FALSE),0),0) -> 470000 | G24: =IFERROR(VLOOKUP(A24,'Detalle de Aumentos'!A:K,9,FALSE),0) -> 2
A25: 0.03.03 | B25: Decimotercer mes | C25: =SUM(D25:E25) -> 292000 | D25: =IFERROR(IF($G25=1,VLOOKUP($A25,'Detalle de Aumentos'!$A:$K,4,FALSE),0),0) -> 292000 | E25: =IFERROR(IF($G25=2,VLOOKUP($A25,'Detalle de Aumentos'!$A:$K,4,FALSE),0),0) -> 0 | G25: =IFERROR(VLOOKUP(A25,'Detalle de Aumentos'!A:K,9,FALSE),0) -> 1
A26: 0.03.04 | B26: Salario escolar | C26: =SUM(D26:E26) -> 167000 | D26: =IFERROR(IF($G26=1,VLOOKUP($A26,'Detalle de Aumentos'!$A:$K,4,FALSE),0),0) -> 0 | E26: =IFERROR(IF($G26=2,VLOOKUP($A26,'Detalle de Aumentos'!$A:$K,4,FALSE),0),0) -> 167000 | G26: =IFERROR(VLOOKUP(A26,'Detalle de Aumentos'!A:K,9,FALSE),0) -> 2
A27: 0.03.99 | B27: Otros incentivos salariales | C27: =SUM(D27:E27) -> 0 | D27: =IFERROR(IF($G27=1,VLOOKUP($A27,'Detalle de Aumentos'!$A:$K,4,FALSE),0),0) -> 0 | E27: =IFERROR(IF($G27=2,VLOOKUP($A27,'Detalle de Aumentos'!$A:$K,4,FALSE),0),0) -> 0 | G27: =IFERROR(VLOOKUP(A27,'Detalle de Aumentos'!A:K,9,FALSE),0) -> 0
A29: 0.04 | B29: CONTRIBUCIONES PATRONALES AL DESARROLLO Y LA SEGURIDAD SOCIAL | C29: =+D29+E29 -> 0 | D29: =SUM(D31:D34) -> 0 | E29: =SUM(E31:E34) -> 0
A31: 0.04.01 | B31: Contribución Patronal al Seguro de Salud de la Caja Costarricense del Seguro Social | C31: =+D31+E31 -> 0 | D31: =IFERROR(IF($G31=1,VLOOKUP($A31,'Detalle de Aumentos'!$A:$K,4,FALSE),0),0) -> 0 | E31: =IFERROR(IF($G31=2,VLOOKUP($A31,'Detalle de Aumentos'!$A:$K,4,FALSE),0),0) -> 0 | G31: 1
A32: 0.04.03 | B32: Contribución Patronal al Instituto Nacional de Aprendizaje | C32: =+D32+E32 -> 0 | D32: =IFERROR(IF($G32=1,VLOOKUP($A32,'Detalle de Aumentos'!$A:$K,4,FALSE),0),0) -> 0 | E32: =IFERROR(IF($G32=2,VLOOKUP($A32,'Detalle de Aumentos'!$A:$K,4,FALSE),0),0) -> 0 | G32: 1
A33: 0.04.04 | B33: Contribución Patronal al Fondo de Desarrollo Social y Asignaciones Familiares | C33: =+D33+E33 -> 0 | D33: =IFERROR(IF($G33=1,VLOOKUP($A33,'Detalle de Aumentos'!$A:$K,4,FALSE),0),0) -> 0 | E33: =IFERROR(IF($G33=2,VLOOKUP($A33,'Detalle de Aumentos'!$A:$K,4,FALSE),0),0) -> 0 | G33: 1
A34: 0.04.05 | B34: Contribución Patronal al Bco.Popular y Desarrollo Comunal | C34: =+D34+E34 -> 0 | D34: =IFERROR(IF($G34=1,VLOOKUP($A34,'Detalle de Aumentos'!$A:$K,4,FALSE),0),0) -> 0 | E34: =IFERROR(IF($G34=2,VLOOKUP($A34,'Detalle de Aumentos'!$A:$K,4,FALSE),0),0) -> 0 | G34: 1
A37: 0.05 | B37: CONTRIBUCIONES PATRONALES A FONDOS DE PENSIONES Y OTROS FONDOS DE CAPITALIZACION | C37: =+D37+E37 -> 0 | D37: =SUM(D39:D42) -> 0 | E37: =SUM(E39:E42) -> 0
A39: 0.05.01 | B39: Contribución Patronal al Seguro de Pensiones de la Caja Costarricense de Seguro Social | C39: =+D39+E39 -> 0 | D39: =IFERROR(IF($G39=2,VLOOKUP($A39,'Detalle de Aumentos'!$A:$K,4,FALSE),0),0) -> 0 | E39: =IFERROR(IF($G39=2,VLOOKUP($A39,'Detalle de Aumentos'!$A:$K,4,FALSE),0),0) -> 0 | G39: =IFERROR(VLOOKUP(A39,'Detalle de Aumentos'!A:K,9,FALSE),0) -> 0
A40: 0.05.02 | B40: Aporte Patronal Régimen Obligatorio Pensiones Complementarias | C40: =+D40+E40 -> 0 | D40: =IFERROR(IF($G40=2,VLOOKUP($A40,'Detalle de Aumentos'!$A:$K,4,FALSE),0),0) -> 0 | E40: =IFERROR(IF($G40=2,VLOOKUP($A40,'Detalle de Aumentos'!$A:$K,4,FALSE),0),0) -> 0 | G40: =IFERROR(VLOOKUP(A40,'Detalle de Aumentos'!A:K,9,FALSE),0) -> 0
A41: 0.05.03 | B41: Aporte Patronal al Fondo de Capitalización Laboral | C41: =+D41+E41 -> 0 | D41: =IFERROR(IF($G41=2,VLOOKUP($A41,'Detalle de Aumentos'!$A:$K,4,FALSE),0),0) -> 0 | E41: =IFERROR(IF($G41=2,VLOOKUP($A41,'Detalle de Aumentos'!$A:$K,4,FALSE),0),0) -> 0 | G41: =IFERROR(VLOOKUP(A41,'Detalle de Aumentos'!A:K,9,FALSE),0) -> 0
A42: 0.05.05 | B42: Contribución Patronal a fondos administrados por entes privados | C42: =+D42+E42 -> 0 | D42: =IFERROR(IF($G42=1,VLOOKUP($A42,'Detalle de Aumentos'!$A:$K,4,FALSE),0),0) -> 0 | E42: =IFERROR(IF($G42=2,VLOOKUP($A42,'Detalle de Aumentos'!$A:$K,4,FALSE),0),0) -> 0 | G42: =IFERROR(VLOOKUP(A42,'Detalle de Aumentos'!A:K,9,FALSE),0) -> 0
A45: 1 | B45: SERVICIOS | C45: =+D45+E45 -> 8671527.4 | D45: =+D47+D51+D59+D67+D77+D84+D88+D94+D103+D107 -> 230000 | E45: =+E47+E51+E59+E67+E77+E84+E88+E94+E103+E107 -> 8441527.4
A47: 1.01 | B47: ALQUILERES | C47: =SUM(D47:E47) -> 0 | D47: =+D49 -> 0 | E47: =+E49 -> 0
A49: 1.01.99 | B49: Otros alquileres | C49: =+D49+E49 -> 0 | D49: =IFERROR(IF($G49=1,VLOOKUP($A49,'Detalle de Aumentos'!$A:$K,4,FALSE),0),0) -> 0 | E49: =IFERROR(IF($G49=2,VLOOKUP($A49,'Detalle de Aumentos'!$A:$K,4,FALSE),0),0) -> 0 | G49: =IFERROR(VLOOKUP(A49,'Detalle de Aumentos'!A:K,9,FALSE),0) -> 0
A51: 1.02 | B51: SERVICIOS BASICOS | C51: =+D51+E51 -> 2851973.8 | D51: =SUM(D53:D57) -> 0 | E51: =SUM(E53:E57) -> 2851973.8
A53: 1.02.01 | B53: Servicio de agua y alcantarillado | C53: =SUM(D53:E53) -> 0 | D53: =IFERROR(IF($G53=1,VLOOKUP($A53,'Detalle de Aumentos'!$A:$K,4,FALSE),0),0) -> 0 | E53: =IFERROR(IF($G53=2,VLOOKUP($A53,'Detalle de Aumentos'!$A:$K,4,FALSE),0),0) -> 0 | G53: =IFERROR(VLOOKUP(A53,'Detalle de Aumentos'!A:K,9,FALSE),0) -> 0
A54: 1.02.02 | B54: Servicio de energía eléctrica | C54: =SUM(D54:E54) -> 520000 | D54: =IFERROR(IF($G54=1,VLOOKUP($A54,'Detalle de Aumentos'!$A:$K,4,FALSE),0),0) -> 0 | E54: =IFERROR(IF($G54=2,VLOOKUP($A54,'Detalle de Aumentos'!$A:$K,4,FALSE),0),0) -> 520000 | G54: =IFERROR(VLOOKUP(A54,'Detalle de Aumentos'!A:K,9,FALSE),0) -> 2
A55: 1.02.03 | B55: Servicio de correo | C55: =SUM(D55:E55) -> 0 | D55: =IFERROR(IF($G55=1,VLOOKUP($A55,'Detalle de Aumentos'!$A:$K,4,FALSE),0),0) -> 0 | E55: =IFERROR(IF($G55=2,VLOOKUP($A55,'Detalle de Aumentos'!$A:$K,4,FALSE),0),0) -> 0 | G55: =IFERROR(VLOOKUP(A55,'Detalle de Aumentos'!A:K,9,FALSE),0) -> 0
A56: 1.02.04 | B56: Servicio de telecomunicaciones | C56: =SUM(D56:E56) -> 2331973.8 | D56: =IFERROR(IF($G56=1,VLOOKUP($A56,'Detalle de Aumentos'!$A:$K,4,FALSE),0),0) -> 0 | E56: =+'Detalle de Aumentos'!D13+'Detalle de Aumentos'!D14 -> 2331973.8 | G56: 2
A57: 1.02.99 | B57: Otros servicios básicos | C57: =SUM(D57:E57) -> 0 | D57: =IFERROR(IF($G57=1,VLOOKUP($A57,'Detalle de Aumentos'!$A:$K,4,FALSE),0),0) -> 0 | E57: =IFERROR(IF($G57=2,VLOOKUP($A57,'Detalle de Aumentos'!$A:$K,4,FALSE),0),0) -> 0 | G57: =IFERROR(VLOOKUP(A57,'Detalle de Aumentos'!A:K,9,FALSE),0) -> 0
A59: 1.03 | B59: SERVICIOS COMERCIALES Y FINANCIEROS | C59: =+D59+E59 -> 375829.45 | D59: =SUM(D61:D65) -> 0 | E59: =SUM(E61:E65) -> 375829.45
A61: 1.03.01 | B61: Información | C61: =SUM(D61:E61) -> 251201.8 | D61: =IFERROR(IF($G61=1,VLOOKUP($A61,'Detalle de Aumentos'!$A:$K,4,FALSE),0),0) -> 0 | E61: =IFERROR(IF($G61=2,VLOOKUP($A61,'Detalle de Aumentos'!$A:$K,4,FALSE),0),0) -> 251201.8 | G61: =IFERROR(VLOOKUP(A61,'Detalle de Aumentos'!A:K,9,FALSE),0) -> 2
A62: 1.03.02 | B62: Publicidad y propaganda | C62: =SUM(D62:E62) -> 0 | D62: =IFERROR(IF($G62=1,VLOOKUP($A62,'Detalle de Aumentos'!$A:$K,4,FALSE),0),0) -> 0 | E62: =IFERROR(IF($G62=2,VLOOKUP($A62,'Detalle de Aumentos'!$A:$K,4,FALSE),0),0) -> 0 | G62: =IFERROR(VLOOKUP(A62,'Detalle de Aumentos'!A:K,9,FALSE),0) -> 0
A63: 1.03.03 | B63: Impresión, encuadernación y otros | C63: =SUM(D63:E63) -> 0 | D63: =IFERROR(IF($G63=1,VLOOKUP($A63,'Detalle de Aumentos'!$A:$K,4,FALSE),0),0) -> 0 | E63: =IFERROR(IF($G63=1,VLOOKUP($A63,'Detalle de Aumentos'!$A:$K,4,FALSE),0),0) -> 0 | G63: =IFERROR(VLOOKUP(A63,'Detalle de Aumentos'!A:K,9,FALSE),0) -> 0
A64: 1.03.06 | B64: Comisiones y gastos por servicios financieros y comerciales | C64: =SUM(D64:E64) -> 102802.15 | D64: =IFERROR(IF($G64=1,VLOOKUP($A64,'Detalle de Aumentos'!$A:$K,4,FALSE),0),0) -> 0 | E64: =IFERROR(IF($G64=2,VLOOKUP($A64,'Detalle de Aumentos'!$A:$K,4,FALSE),0),0) -> 102802.15 | G64: =IFERROR(VLOOKUP(A64,'Detalle de Aumentos'!A:K,9,FALSE),0) -> 2
A65: 1.03.07 | B65: Servicios de transferencia electrónica de información | C65: =SUM(D65:E65) -> 21825.5 | D65: 0 | E65: =IFERROR(IF($G65=2,VLOOKUP($A65,'Detalle de Aumentos'!$A:$K,4,FALSE),0),0) -> 21825.5 | G65: =IFERROR(VLOOKUP(A65,'Detalle de Aumentos'!A:K,9,FALSE),0) -> 2
A67: 1.04 | B67: SERVICIOS DE GESTION Y APOYO | C67: =SUM(D67:E67) -> 727169.18 | D67: =SUM(D69:D75) -> 0 | E67: =SUM(E69:E75) -> 727169.18
A69: 1.04.01 | B69: Servicios en ciencias de la salud | C69: =SUM(D69:E69) -> 0 | D69: =IFERROR(IF($G69=1,VLOOKUP($A69,'Detalle de Aumentos'!$A:$K,4,FALSE),0),0) -> 0 | E69: =IFERROR(IF($G69=2,VLOOKUP($A69,'Detalle de Aumentos'!$A:$K,4,FALSE),0),0) -> 0 | G69: =IFERROR(VLOOKUP(A69,'Detalle de Aumentos'!A:K,9,FALSE),0) -> 0
A70: 1.04.02 | B70: Servicios jurídicos | C70: =SUM(D70:E70) -> 0 | D70: =IFERROR(IF($G70=1,VLOOKUP($A70,'Detalle de Aumentos'!$A:$K,4,FALSE),0),0) -> 0 | E70: =IFERROR(IF($G70=2,VLOOKUP($A70,'Detalle de Aumentos'!$A:$K,4,FALSE),0),0) -> 0 | G70: =IFERROR(VLOOKUP(A70,'Detalle de Aumentos'!A:K,9,FALSE),0) -> 0
A71: 1.04.03 | B71: Servicios de ingeniería | C71: =SUM(D71:E71) -> 0 | D71: =IFERROR(IF($G71=1,VLOOKUP($A71,'Detalle de Aumentos'!$A:$K,4,FALSE),0),0) -> 0 | E71: =IFERROR(IF($G71=2,VLOOKUP($A71,'Detalle de Aumentos'!$A:$K,4,FALSE),0),0) -> 0 | G71: =IFERROR(VLOOKUP(A71,'Detalle de Aumentos'!A:K,9,FALSE),0) -> 0
A72: 1.04.04 | B72: Servicios en ciencias económicas y sociales | C72: =SUM(D72:E72) -> 0 | D72: =IFERROR(IF($G72=1,VLOOKUP($A72,'Detalle de Aumentos'!$A:$K,4,FALSE),0),0) -> 0 | E72: =IFERROR(IF($G72=2,VLOOKUP($A72,'Detalle de Aumentos'!$A:$K,4,FALSE),0),0) -> 0 | G72: =IFERROR(VLOOKUP(A72,'Detalle de Aumentos'!A:K,9,FALSE),0) -> 0
A73: 1.04.05 | B73: Servicios de desarrollo de sistemas informáticos | C73: =SUM(D73:E73) -> 400000 | D73: =IFERROR(IF($G73=1,VLOOKUP($A73,'Detalle de Aumentos'!$A:$K,4,FALSE),0),0) -> 0 | E73: =IFERROR(IF($G73=2,VLOOKUP($A73,'Detalle de Aumentos'!$A:$K,4,FALSE),0),0) -> 400000 | G73: =IFERROR(VLOOKUP(A73,'Detalle de Aumentos'!A:K,9,FALSE),0) -> 2
A74: 1.04.06 | B74: Servicios generales | C74: =SUM(D74:E74) -> 201169.18 | D74: =IFERROR(IF($G74=1,VLOOKUP($A74,'Detalle de Aumentos'!$A:$K,4,FALSE),0),0) -> 0 | E74: =IFERROR(IF($G74=2,VLOOKUP($A74,'Detalle de Aumentos'!$A:$K,4,FALSE),0),0) -> 201169.18 | G74: =IFERROR(VLOOKUP(A74,'Detalle de Aumentos'!A:K,9,FALSE),0) -> 2
A75: 1.04.99 | B75: Otros servicios de gestión y apoyo | C75: =SUM(D75:E75) -> 126000 | D75: =IFERROR(IF($G75=1,VLOOKUP($A75,'Detalle de Aumentos'!$A:$K,4,FALSE),0),0) -> 0 | E75: =IFERROR(IF($G75=2,VLOOKUP($A75,'Detalle de Aumentos'!$A:$K,4,FALSE),0),0) -> 126000 | G75: =IFERROR(VLOOKUP(A75,'Detalle de Aumentos'!A:K,9,FALSE),0) -> 2
A77: 1.05 | B77: GASTOS DE VIAJE Y DE TRANSPORTE | C77: =+D77+E77 -> 409000 | D77: =SUM(D79:D82) -> 230000 | E77: =SUM(E79:E82) -> 179000
A79: 1.05.01 | B79: Transporte dentro del país | C79: =+D79+E79 -> 0 | D79: =IFERROR(IF($G79=1,VLOOKUP($A79,'Detalle de Aumentos'!$A:$K,4,FALSE),0),0) -> 0 | E79: =IFERROR(IF($G79=2,VLOOKUP($A79,'Detalle de Aumentos'!$A:$K,4,FALSE),0),0) -> 0 | G79: =IFERROR(VLOOKUP(A79,'Detalle de Aumentos'!A:K,9,FALSE),0) -> 0
A80: 1.05.02 | B80: Viáticos dentro del país | C80: =+D80+E80 -> 179000 | D80: =IFERROR(IF($G80=1,VLOOKUP($A80,'Detalle de Aumentos'!$A:$K,4,FALSE),0),0) -> 0 | E80: =IFERROR(IF($G80=2,VLOOKUP($A80,'Detalle de Aumentos'!$A:$K,4,FALSE),0),0) -> 179000 | G80: =IFERROR(VLOOKUP(A80,'Detalle de Aumentos'!A:K,9,FALSE),0) -> 2
A81: 1.05.03 | B81: Transporte en el exterior | C81: =+D81+E81 -> 230000 | D81: =IFERROR(IF($G81=1,VLOOKUP($A81,'Detalle de Aumentos'!$A:$K,4,FALSE),0),0) -> 230000 | E81: =IFERROR(IF($G81=2,VLOOKUP($A81,'Detalle de Aumentos'!$A:$K,4,FALSE),0),0) -> 0 | G81: =IFERROR(VLOOKUP(A81,'Detalle de Aumentos'!A:K,9,FALSE),0) -> 1
A82: 1.05.04 | B82: Viáticos en el exterior | C82: =+D82+E82 -> 0 | D82: =IFERROR(IF($G82=1,VLOOKUP($A82,'Detalle de Aumentos'!$A:$K,4,FALSE),0),0) -> 0 | E82: =IFERROR(IF($G82=2,VLOOKUP($A82,'Detalle de Aumentos'!$A:$K,4,FALSE),0),0) -> 0 | G82: =IFERROR(VLOOKUP(A82,'Detalle de Aumentos'!A:K,9,FALSE),0) -> 0
A84: 1.06 | B84: SEGUROS, REASEGUROS Y OTRAS OBLIGACIONES | C84: =+D84+E84 -> 160000 | D84: =+D86 -> 0 | E84: =SUM(E86:E86) -> 160000
A86: 1.06.01 | B86: Seguros | C86: =SUM(D86:E86) -> 160000 | D86: =IFERROR(IF($G86=1,VLOOKUP($A86,'Detalle de Aumentos'!$A:$K,4,FALSE),0),0) -> 0 | E86: =IFERROR(IF($G86=2,VLOOKUP($A86,'Detalle de Aumentos'!$A:$K,4,FALSE),0),0) -> 160000 | G86: =IFERROR(VLOOKUP(A86,'Detalle de Aumentos'!A:K,9,FALSE),0) -> 2
A88: 1.07 | B88: CAPACITACION Y PROTOCOLO | C88: =+D88+E88 -> 1000000 | D88: =SUM(D90:D91) -> 0 | E88: =SUM(E90:E91) -> 1000000
A90: 1.07.01 | B90: Actividades de capacitación | C90: =+D90+E90 -> 1000000 | D90: =IFERROR(IF($G90=1,VLOOKUP($A90,'Detalle de Aumentos'!$A:$K,4,FALSE),0),0) -> 0 | E90: =IFERROR(IF($G90=2,VLOOKUP($A90,'Detalle de Aumentos'!$A:$K,4,FALSE),0),0) -> 1000000 | G90: =IFERROR(VLOOKUP(A90,'Detalle de Aumentos'!A:K,9,FALSE),0) -> 2
A91: 1.07.02 | B91: Actividades protocolarias y sociales | C91: =+D91+E91 -> 0 | D91: =IFERROR(IF($G91=1,VLOOKUP($A91,'Detalle de Aumentos'!$A:$K,4,FALSE),0),0) -> 0 | E91: =IFERROR(IF($G91=2,VLOOKUP($A91,'Detalle de Aumentos'!$A:$K,4,FALSE),0),0) -> 0 | G91: =IFERROR(VLOOKUP(A91,'Detalle de Aumentos'!A:K,9,FALSE),0) -> 0
A94: 1.08 | B94: MANTENIMIENTO Y REPARACION | C94: =SUM(D94:E94) -> 3073000 | D94: =SUM(D96:D101) -> 0 | E94: =SUM(E96:E101) -> 3073000
A96: 1.08.01 | B96: Mantenimiento de edificios, locales y terrenos | C96: =SUM(D96:E96) -> 0 | D96: =IFERROR(IF($G96=1,VLOOKUP($A96,'Detalle de Aumentos'!$A:$K,4,FALSE),0),0) -> 0 | E96: =IFERROR(IF($G96=2,VLOOKUP($A96,'Detalle de Aumentos'!$A:$K,4,FALSE),0),0) -> 0 | G96: =IFERROR(VLOOKUP(A96,'Detalle de Aumentos'!A:K,9,FALSE),0) -> 0
A97: 1.08.04 | B97: Mantenimiento y reparación de maquinaria y equipo de producción | C97: =SUM(D97:E97) -> 0 | D97: =IFERROR(IF($G97=1,VLOOKUP($A97,'Detalle de Aumentos'!$A:$K,4,FALSE),0),0) -> 0 | E97: =IFERROR(IF($G97=2,VLOOKUP($A97,'Detalle de Aumentos'!$A:$K,4,FALSE),0),0) -> 0 | G97: =IFERROR(VLOOKUP(A97,'Detalle de Aumentos'!A:K,9,FALSE),0) -> 0
A98: 1.08.05 | B98: Mantenimiento y reparación de maquinaria y equipo de producción | C98: =SUM(D98:E98) -> 403000 | D98: =IFERROR(IF($G98=1,VLOOKUP($A98,'Detalle de Aumentos'!$A:$K,4,FALSE),0),0) -> 0 | E98: =IFERROR(IF($G98=2,VLOOKUP($A98,'Detalle de Aumentos'!$A:$K,4,FALSE),0),0) -> 403000 | G98: =IFERROR(VLOOKUP(A98,'Detalle de Aumentos'!A:K,9,FALSE),0) -> 2
A99: 1.08.06 | B99: Mantenimiento y reparación de equipo de comunicación | C99: =SUM(D99:E99) -> 0 | D99: =IFERROR(IF($G99=1,VLOOKUP($A99,'Detalle de Aumentos'!$A:$K,4,FALSE),0),0) -> 0 | E99: =IFERROR(IF($G99=2,VLOOKUP($A99,'Detalle de Aumentos'!$A:$K,4,FALSE),0),0) -> 0 | G99: =IFERROR(VLOOKUP(A99,'Detalle de Aumentos'!A:K,9,FALSE),0) -> 0
A100: 1.08.07 | B100: Mantenimiento y reparación de equipo de equipo de oficina | C100: =SUM(D100:E100) -> 0 | D100: =IFERROR(IF($G100=1,VLOOKUP($A100,'Detalle de Aumentos'!$A:$K,4,FALSE),0),0) -> 0 | E100: =IFERROR(IF($G100=2,VLOOKUP($A100,'Detalle de Aumentos'!$A:$K,4,FALSE),0),0) -> 0 | G100: =IFERROR(VLOOKUP(A100,'Detalle de Aumentos'!A:K,9,FALSE),0) -> 0
A101: 1.08.08 | B101: Mantenimiento y reparación de equipo de cómputo y sistemas información | C101: =SUM(D101:E101) -> 2670000 | D101: =IFERROR(IF($G101=1,VLOOKUP($A101,'Detalle de Aumentos'!$A:$K,4,FALSE),0),0) -> 0 | E101: =IFERROR(IF($G101=2,VLOOKUP($A101,'Detalle de Aumentos'!$A:$K,4,FALSE),0),0) -> 2670000 | G101: 2
A103: 1.09 | B103: IMPUESTOS | C103: =+D103+E103 -> 74555 | D103: =+D105 -> 0 | E103: =+E105 -> 74555
A105: 1.09.99 | B105: Otros impuestos | C105: =SUM(D105:E105) -> 74555 | D105: =IFERROR(IF($G105=1,VLOOKUP($A105,'Detalle de Aumentos'!$A:$K,4,FALSE),0),0) -> 0 | E105: =+'Detalle de Aumentos'!D28+'Detalle de Aumentos'!D29 -> 74555 | G105: =IFERROR(VLOOKUP(A105,'Detalle de Aumentos'!A:K,9,FALSE),0) -> 2
A107: 1.99 | B107: SERVICIOS DIVERSOS | C107: =+D107+E107 -> 0 | D107: =SUM(D109:D110) -> 0 | E107: =SUM(E109:E110) -> 0
A109: 1.99.02 | B109: Intereses moratorios y multas | D109: =IFERROR(IF($G109=1,VLOOKUP($A109,'Detalle de Aumentos'!$A:$K,4,FALSE),0),0) -> 0 | E109: =IFERROR(IF($G109=2,VLOOKUP($A109,'Detalle de Aumentos'!$A:$K,4,FALSE),0),0) -> 0 | G109: 1
A110: 1.99.99 | B110: Otros servicios no especificados | D110: =IFERROR(IF($G110=1,VLOOKUP($A110,'Detalle de Aumentos'!$A:$K,4,FALSE),0),0) -> 0 | E110: =IFERROR(IF($G110=2,VLOOKUP($A110,'Detalle de Aumentos'!$A:$K,4,FALSE),0),0) -> 0 | G110: =IFERROR(VLOOKUP(A110,'Detalle de Aumentos'!A:K,9,FALSE),0) -> 0
A112: 2 | B112: MATERIALES Y SUMINISTROS | C112: =+D112+E112 -> 925298.17 | D112: =+D114+D120+D124+D136 -> 0 | E112: =+E114+E120+E124+E131+E136 -> 925298.17
A114: 2.01 | B114: PRODUCTOS QUIMICOS Y CONEXOS | C114: =+D114+E114 -> 0 | D114: =SUM(D116:D118) -> 0 | E114: =SUM(E116:E118) -> 0
A116: 2.01.01 | B116: Combustibles y lubricantes | C116: =SUM(D116:E116) -> 0 | D116: =IFERROR(IF($G116=1,VLOOKUP($A116,'Detalle de Aumentos'!$A:$K,4,FALSE),0),0) -> 0 | E116: =IFERROR(IF($G116=2,VLOOKUP($A116,'Detalle de Aumentos'!$A:$K,4,FALSE),0),0) -> 0 | G116: 2
A117: 2.01.02 | B117: Productos farmacéuticos y medicinales | C117: =SUM(D117:E117) -> 0 | D117: =IFERROR(IF($G117=1,VLOOKUP($A117,'Detalle de Aumentos'!$A:$K,4,FALSE),0),0) -> 0 | E117: =IFERROR(IF($G117=2,VLOOKUP($A117,'Detalle de Aumentos'!$A:$K,4,FALSE),0),0) -> 0 | G117: 1
A118: 2.01.04 | B118: Tintas, pinturas y diluyentes | C118: =SUM(D118:E118) -> 0 | D118: =IFERROR(IF($G118=1,VLOOKUP($A118,'Detalle de Aumentos'!$A:$K,4,FALSE),0),0) -> 0 | E118: =IFERROR(IF($G118=2,VLOOKUP($A118,'Detalle de Aumentos'!$A:$K,4,FALSE),0),0) -> 0 | G118: 1
A120: 2.02 | B120: ALIMENTOS Y PRODUCTOS AGROPECUARIOS | C120: =+D120+E120 -> 0 | D120: 0 | E120: 0
A122: 2.02.03 | B122: Alimentos y bebidas | D122: =IFERROR(IF($G122=1,VLOOKUP($A122,'Detalle de Aumentos'!$A:$K,4,FALSE),0),0) -> 0 | E122: =IFERROR(IF($G122=2,VLOOKUP($A122,'Detalle de Aumentos'!$A:$K,4,FALSE),0),0) -> 0 | G122: =IFERROR(VLOOKUP(A122,'Detalle de Aumentos'!A:K,9,FALSE),0) -> 0
A124: 2.03 | B124: MATERIALES Y PRODUCTOS DE USO EN LA CONSTRUCCION Y MANTENIMIENTO | C124: =+D124+E124 -> 290000 | D124: =SUM(D126:D129) -> 0 | E124: =SUM(E126:E129) -> 290000
A126: 2.03.01 | B126: Materiales y productos metálicos | C126: =SUM(D126:E126) -> 0 | D126: =IFERROR(IF($G126=1,VLOOKUP($A126,'Detalle de Aumentos'!$A:$K,4,FALSE),0),0) -> 0 | E126: =IFERROR(IF($G126=2,VLOOKUP($A126,'Detalle de Aumentos'!$A:$K,4,FALSE),0),0) -> 0 | G126: =IFERROR(VLOOKUP(A126,'Detalle de Aumentos'!A:K,9,FALSE),0) -> 0
A127: 2.03.03 | B127: Madera y sus derivados | C127: =SUM(D127:E127) -> 0 | D127: =IFERROR(IF($G127=1,VLOOKUP($A127,'Detalle de Aumentos'!$A:$K,4,FALSE),0),0) -> 0 | E127: =IFERROR(IF($G127=2,VLOOKUP($A127,'Detalle de Aumentos'!$A:$K,4,FALSE),0),0) -> 0 | G127: =IFERROR(VLOOKUP(A127,'Detalle de Aumentos'!A:K,9,FALSE),0) -> 0
A128: 2.03.04 | B128: Materiales y productos eléctricos, telefónicos y de cómputo | C128: =SUM(D128:E128) -> 290000 | D128: =IFERROR(IF($G128=1,VLOOKUP($A128,'Detalle de Aumentos'!$A:$K,4,FALSE),0),0) -> 0 | E128: =IFERROR(IF($G128=2,VLOOKUP($A128,'Detalle de Aumentos'!$A:$K,4,FALSE),0),0) -> 290000 | G128: =IFERROR(VLOOKUP(A128,'Detalle de Aumentos'!A:K,9,FALSE),0) -> 2
A129: 2.03.06 | B129: Materiales y productos eléctricos, telefónicos y de cómputo | C129: =SUM(D129:E129) -> 0 | D129: =IFERROR(IF($G129=1,VLOOKUP($A129,'Detalle de Aumentos'!$A:$K,4,FALSE),0),0) -> 0 | E129: =IFERROR(IF($G129=2,VLOOKUP($A129,'Detalle de Aumentos'!$A:$K,4,FALSE),0),0) -> 0 | G129: =IFERROR(VLOOKUP(A129,'Detalle de Aumentos'!A:K,9,FALSE),0) -> 0
A131: 2.04 | B131: HERRAMIENTAS, REPUESTOS Y ACCESORIOS | C131: =+D131+E131 -> 0 | D131: =SUM(D133:D134) -> 0 | E131: =SUM(E133:E134) -> 0
A133: 2.04.01 | B133: Herramientas e instrumentos | C133: =+D133+E133 -> 0 | D133: =IFERROR(IF($G133=1,VLOOKUP($A133,'Detalle de Aumentos'!$A:$K,4,FALSE),0),0) -> 0 | E133: =IFERROR(IF($G133=2,VLOOKUP($A133,'Detalle de Aumentos'!$A:$K,4,FALSE),0),0) -> 0 | G133: =IFERROR(VLOOKUP(A133,'Detalle de Aumentos'!A:K,9,FALSE),0) -> 0
A134: 2.04.02 | B134: Repuestos y accesorios | C134: =SUM(D134:E134) -> 0 | D134: =IFERROR(IF($G134=1,VLOOKUP($A134,'Detalle de Aumentos'!$A:$K,4,FALSE),0),0) -> 0 | E134: =IFERROR(IF($G134=2,VLOOKUP($A134,'Detalle de Aumentos'!$A:$K,4,FALSE),0),0) -> 0 | G134: =IFERROR(VLOOKUP(A134,'Detalle de Aumentos'!A:K,9,FALSE),0) -> 0
A136: 2.99 | B136: UTILES, MATERIALES Y SUMINISTROS DIVERSOS | C136: =SUM(D136:E136) -> 635298.17 | D136: =SUM(D138:D145) -> 0 | E136: =SUM(E138:E145) -> 635298.17
A138: 2.99.01 | B138: Útiles y materiales de oficina y cómputo | C138: =SUM(D138:E138) -> 0 | D138: =IFERROR(IF($G138=1,VLOOKUP($A138,'Detalle de Aumentos'!$A:$K,4,FALSE),0),0) -> 0 | E138: =IFERROR(IF($G138=2,VLOOKUP($A138,'Detalle de Aumentos'!$A:$K,4,FALSE),0),0) -> 0 | G138: 1
A139: 2.99.02 | B139: Útiles y materiales médico hospitalario y de investigación | C139: =+D139+E139 -> 0 | D139: =IFERROR(IF($G139=1,VLOOKUP($A139,'Detalle de Aumentos'!$A:$K,4,FALSE),0),0) -> 0 | E139: =IFERROR(IF($G139=2,VLOOKUP($A139,'Detalle de Aumentos'!$A:$K,4,FALSE),0),0) -> 0 | G139: =IFERROR(VLOOKUP(A139,'Detalle de Aumentos'!A:K,9,FALSE),0) -> 0
A140: 2.99.03 | B140: Productos de papel, cartón e impresos | C140: =SUM(D140:E140) -> 350000 | D140: =IFERROR(IF($G140=1,VLOOKUP($A140,'Detalle de Aumentos'!$A:$K,4,FALSE),0),0) -> 0 | E140: =IFERROR(IF($G140=2,VLOOKUP($A140,'Detalle de Aumentos'!$A:$K,4,FALSE),0),0) -> 350000 | G140: =IFERROR(VLOOKUP(A140,'Detalle de Aumentos'!A:K,9,FALSE),0) -> 2
A141: 2.99.04 | B141: Textiles y vestuario | C141: =SUM(D141:E141) -> 0 | D141: =IFERROR(IF($G141=1,VLOOKUP($A141,'Detalle de Aumentos'!$A:$K,4,FALSE),0),0) -> 0 | E141: =IFERROR(IF($G141=2,VLOOKUP($A141,'Detalle de Aumentos'!$A:$K,4,FALSE),0),0) -> 0 | G141: =IFERROR(VLOOKUP(A141,'Detalle de Aumentos'!A:K,9,FALSE),0) -> 0
A142: 2.99.05 | B142: Útiles y materiales de limpieza | C142: =SUM(D142:E142) -> 100000 | D142: =IFERROR(IF($G142=1,VLOOKUP($A142,'Detalle de Aumentos'!$A:$K,4,FALSE),0),0) -> 0 | E142: =IFERROR(IF($G142=2,VLOOKUP($A142,'Detalle de Aumentos'!$A:$K,4,FALSE),0),0) -> 100000 | G142: =IFERROR(VLOOKUP(A142,'Detalle de Aumentos'!A:K,9,FALSE),0) -> 2
A143: 2.99.06 | B143: Útiles y materiales de resguardo y seguridad | C143: =SUM(D143:E143) -> 0 | D143: =IFERROR(IF($G143=1,VLOOKUP($A143,'Detalle de Aumentos'!$A:$K,4,FALSE),0),0) -> 0 | E143: =IFERROR(IF($G143=2,VLOOKUP($A143,'Detalle de Aumentos'!$A:$K,4,FALSE),0),0) -> 0 | G143: =IFERROR(VLOOKUP(A143,'Detalle de Aumentos'!A:K,9,FALSE),0) -> 0
A144: 2.99.07 | B144: Útiles y materiales de cocina y comedor | C144: =SUM(D144:E144) -> 0 | D144: =IFERROR(IF($G144=1,VLOOKUP($A144,'Detalle de Aumentos'!$A:$K,4,FALSE),0),0) -> 0 | E144: =IFERROR(IF($G144=2,VLOOKUP($A144,'Detalle de Aumentos'!$A:$K,4,FALSE),0),0) -> 0 | G144: =IFERROR(VLOOKUP(A144,'Detalle de Aumentos'!A:K,9,FALSE),0) -> 0
A145: 2.99.99 | B145: Otros útiles, materiales y suministros diversos | C145: =SUM(D145:E145) -> 185298.17 | D145: =IFERROR(IF($G145=1,VLOOKUP($A145,'Detalle de Aumentos'!$A:$K,4,FALSE),0),0) -> 0 | E145: =IFERROR(IF($G145=2,VLOOKUP($A145,'Detalle de Aumentos'!$A:$K,4,FALSE),0),0) -> 185298.17 | G145: =IFERROR(VLOOKUP(A145,'Detalle de Aumentos'!A:K,9,FALSE),0) -> 2
A147: 5 | B147: BIENES DURADEROS | C147: =+D147+E147 -> 11532339 | D147: =+D149+D158+D162 -> 3000000 | E147: =+E149+E158+E162 -> 8532339.2
A149: 5.01 | B149: MAQUINARIA, EQUIPO Y MOBILIARIO | C149: =+D149+E149 -> 0 | D149: =SUM(D151:D156) -> 0 | E149: =SUM(E151:E156) -> 0
...

Sheet Tab, Equivalencias CE y  OBG
A1: PROMOTORA COSTARRICENSE DE INNOVACIÓN E INVESTIGACIÓN
A2: MODIFICACIÓN PRESUPUESTARIA 05-2025
A3: TABLA DE EQUIVALENCIA
A4: En millones de colones
A6: CLASIFICADOR ECONÓMICO DEL GASTO DEL SECTOR PÚBLICO | F6: MONTO ACUMULADO | G6: PROGRAMA 1: FINANCIAMIENTO DE PROGRAMAS Y PROYECTOS | H6: PROGRAMA 2: GESTIÓN ADMINISTRATIVA | I6: PROGRAMA 3 Desarrollo Científico y Tecnológico | J6: CÓDIGO POR CE | K6: CÓDIGO POR OBG | L6: CLASIFICADOR POR OBJETO DEL GASTO DEL SECTOR PÚBLICO | M6: MONTO ACUMULADO | N6: PROGRAMA 1: FINANCIAMIENTO DE PROGRAMAS Y PROYECTOS | O6: PROGRAMA 2: GESTIÓN ADMINISTRATIVA | P6: PROGRAMA 3 Desarrollo Científico y Tecnológico
A8: 1 | B8: GASTOS CORRIENTES | F8: =+G8+H8+I8 -> -11532339 | G8: =+G10+G194 -> -8627698 | H8: =+H10+H194 -> -2904641.1 | I8: =+I10+I194 -> 0
B10: 1.1 | C10: GASTOS DE CONSUMO | F10: =+G10+H10+I10 -> -12578803 | G10: =+G12+G50 -> -7759607.1 | H10: =+H12+H50 -> -4819196.1 | I10: =+I12+I50 -> 0
C12: 1.1.1 | D12: REMUNERACIONES | F12: =+G12+H12+I12 -> -21222020 | G12: =+G14+G36 -> -7989607.1 | H12: =+H14+H36 -> -13232413 | I12: =+I14+I36 -> 0 | J12: 1.1.1 | K12: 0 | L12: REMUNERACIONES | M12: =+M15+M21+M27+M37+M43 -> -21222020 | N12: =+N15+N21+N27+N37+N43 -> -7989607.1 | O12: =+O15+O21+O27+O37+O43 -> -13232413 | P12: =+P15+P21+P27+P37+P43 -> 0
D14: 1.1.1.1 | E14: Sueldos y salarios | F14: =+G14+H14+I14 -> -4793709.8 | G14: =+N15+N21+N27+N33 -> -565364.45 | H14: =+O15+O21+O27+O33 -> -4228345.4 | I14: =+P15+P21+P27+P33 -> 0
J15: 1.1.1.1 | K15: 0.0 1 | L15: REMUNERACIONES BÁSICAS | M15: =SUM(M16:M20) -> -4949387.1 | N15: =SUM(N16:N20) -> -729951.64 | O15: =SUM(O16:O20) -> -4219435.4 | P15: =SUM(P16:P20) -> 0
J16: 1.1.1.1 | K16: 0.01.01 | L16: Sueldos para cargos fijos | M16: =SUM(N16:P16) -> -4949387.1 | N16: =-'Tablas Rebajos OBG'!D11 -> -729951.64 | O16: =-'Tablas Rebajos OBG'!E11 -> -4219435.4
J17: 1.1.1.1 | K17: 0.01.02 | L17: Jornales | M17: =SUM(N17:P17) -> 0
J18: 1.1.1.1 | K18: 0.01.03 | L18: Servicios especiales | M18: =SUM(N18:P18) -> 0
J19: 1.1.1.1 | K19: 0.01.04 | L19: Sueldos a base de comisión | M19: =SUM(N19:P19) -> 0
J20: 1.1.1.1 | K20: 0.01.05 | L20: Suplencias | M20: =SUM(N20:O20) -> 0
J21: 1.1.1.1 | K21: 0.02 | L21: REMUNERACIONES EVENTUALES | M21: =SUM(N21:P21) -> 29000 | N21: =SUM(N22:N26) -> 0 | O21: =SUM(O22:O26) -> 29000 | P21: =SUM(P22:P26) -> 0
J22: 1.1.1.1 | K22: 0.02.01 | L22: Tiempo extraordinario | M22: =SUM(N22:O22) -> 0 | N22: =+'Tablas Aumentos OBG'!D17 -> 0 | O22: =+'Tablas Aumentos OBG'!E17 -> 0
J23: 1.1.1.1 | K23: 0.02.02 | L23: Recargo de funciones | M23: =SUM(N23:O23) -> 29000 | N23: =+'Tablas Aumentos OBG'!D18 -> 0 | O23: =+'Tablas Aumentos OBG'!E18 -> 29000
J24: 1.1.1.1 | K24: 0.02.03 | L24: Disponibilidad laboral | M24: =SUM(N24:O24) -> 0
J25: 1.1.1.1 | K25: 0.02.04 | L25: Compensación de vacaciones | M25: =SUM(N25:O25) -> 0
J26: 1.1.1.1 | K26: 0.02.05 | L26: Dietas | M26: =SUM(N26:O26) -> 0 | P26: 0
J27: 1.1.1.1 | K27: 0.03 | L27: INCENTIVOS SALARIALES | M27: =SUM(N27:P27) -> 126677.26 | N27: =SUM(N28:N32) -> 164587.19 | O27: =SUM(O28:O32) -> -37909.93 | P27: =SUM(P28:P32) -> 0
J28: 1.1.1.1 | K28: 0.03.01 | L28: Retribución por años servidos | M28: =SUM(N28:P28) -> 13952.78 | N28: =-'Tablas Rebajos OBG'!D20 -> -99647.22 | O28: =+'Tablas Aumentos OBG'!E23 -> 113600
J29: 1.1.1.1 | K29: 0.03.02 | L29: Restricción al ejercicio liberal de la profesión | M29: =SUM(N29:P29) -> 445830.28 | N29: =-'Tablas Rebajos OBG'!D21 -> -24169.72 | O29: =+'Tablas Aumentos OBG'!E24 -> 470000
J30: 1.1.1.1 | K30: 0.03.03 | L30: Decimotercer mes | M30: =SUM(N30:P30) -> -327986.23 | N30: =+'Tablas Aumentos OBG'!D25 -> 292000 | O30: =-'Tablas Rebajos OBG'!E22 -> -619986.23
J31: 1.1.1.1 | K31: 0.03.04 | L31: Salario escolar | M31: =SUM(N31:O31) -> 167000 | N31: =-'Tablas Rebajos OBG'!D23 -> 0 | O31: =+'Tablas Aumentos OBG'!E26 -> 167000
J32: 1.1.1.1 | K32: 0.03.99 | L32: Otros incentivos salariales | M32: =SUM(N32:P32) -> -172119.57 | N32: =-'Tablas Rebajos OBG'!D24 -> -3595.87 | O32: =-'Tablas Rebajos OBG'!E24 -> -168523.7
J33: 1.1.1.1 | K33: 0.99 | L33: REMUNERACIONES DIVERSAS | M33: =SUM(N33:P33) -> 0 | P33: =SUM(P34:P35) -> 0
J34: 1.1.1.1 | K34: 0.99.01 | L34: Gastos de representación personal
J35: 1.1.1.1 | K35: 0.99.99 | L35: Otras remuneraciones
D36: 1.1.1.2 | E36: Contribuciones sociales | F36: =+G36+H36+I36 -> -16428311 | G36: =+N37+N43 -> -7424242.6 | H36: =+O37+O43 -> -9004068 | I36: =+P37+P43 -> 0
J37: 1.1.1.2 | K37: 0.04 | L37: CONTRIBUCIONES PATRONALES AL DESARROLLO Y LA SEGURIDAD SOCIAL | M37: =SUM(M38:M42) -> -8254648.9 | N37: =SUM(N38:N42) -> -3563571.6 | O37: =SUM(O38:O42) -> -4691077.3 | P37: =SUM(P38:P42) -> 0
J38: 1.1.1.2 | K38: 0.04.01 | L38: Contribución Patronal al Seguro de Salud de la Caja Costarricense de Seguro Social | M38: =SUM(N38:O38) -> -4698801 | N38: =-'Tablas Rebajos OBG'!D28 -> -2028494.8 | O38: =-'Tablas Rebajos OBG'!E28 -> -2670306.2
J39: 1.1.1.2 | K39: 0.04.02 | L39: Contribución Patronal al Instituto Mixto de Ayuda Social | M39: =SUM(N39:O39) -> 0
J40: 1.1.1.2 | K40: 0.04.03 | L40: Contribución Patronal al Instituto Nacional de Aprendizaje | M40: =SUM(N40:O40) -> -761967.45 | N40: =-'Tablas Rebajos OBG'!D29 -> -328945.01 | O40: =-'Tablas Rebajos OBG'!E29 -> -433022.44
J41: 1.1.1.2 | K41: 0.04.04 | L41: Contribución Patronal al Fondo de Desarrollo Social y Asignaciones Familiares | M41: =SUM(N41:O41) -> -2539891.3 | N41: =-'Tablas Rebajos OBG'!D30 -> -1096483.5 | O41: =-'Tablas Rebajos OBG'!E30 -> -1443407.8
J42: 1.1.1.2 | K42: 0.04.05 | L42: Contribución Patronal al Banco Popular y de Desarrollo Comunal | M42: =SUM(N42:O42) -> -253989.13 | N42: =-'Tablas Rebajos OBG'!D31 -> -109648.28 | O42: =-'Tablas Rebajos OBG'!E31 -> -144340.85
J43: 1.1.1.2 | K43: 0.05 | L43: CONTRIBUCIONES PATRONALES A FONDOS DE PENSIONES Y OTROS FONDOS DE CAPITALIZACIÓN | M43: =SUM(M44:M48) -> -8173661.7 | N43: =SUM(N44:N48) -> -3860671 | O43: =SUM(O44:O48) -> -4312990.7 | P43: =SUM(P44:P48) -> 0
J44: 1.1.1.2 | K44: 0.05.01 | L44: Contribución Patronal al Seguro de Pensiones de la Caja Costarricense de Seguro Social | M44: =SUM(N44:P44) -> -2753243.1 | N44: =-'Tablas Rebajos OBG'!D35 -> -1188588.4 | O44: =-'Tablas Rebajos OBG'!E35 -> -1564654.6
J45: 1.1.1.2 | K45: 0.05.02 | L45: Aporte Patronal al Régimen Obligatorio de Pensiones Complementarias | M45: =SUM(N45:P45) -> -1523934.6 | N45: =-'Tablas Rebajos OBG'!D36 -> -657890.03 | O45: =-'Tablas Rebajos OBG'!E36 -> -866044.55
J46: 1.1.1.2 | K46: 0.05.03 | L46: Aporte Patronal al Fondo de Capitalización Laboral | M46: =SUM(N46:P46) -> -761967.45 | N46: =-'Tablas Rebajos OBG'!D37 -> -328945.01 | O46: =-'Tablas Rebajos OBG'!E37 -> -433022.44
J47: 1.1.1.2 | K47: 0.05.04 | L47: Contribución Patronal a otros fondos administrados por entes públicos | M47: =SUM(N47:P47) -> 0 | N47: 0
J48: 1.1.1.2 | K48: 0.05.05 | L48: Contribución Patronal a otros fondos administrados por entes privados | M48: =SUM(N48:P48) -> -3134516.6 | N48: =-'Tablas Rebajos OBG'!D38 -> -1685247.5 | O48: =-'Tablas Rebajos OBG'!E38 -> -1449269.1
C50: 1.1.2 | D50: ADQUISICIÓN DE BIENES Y SERVICIOS | F50: =+G50+H50+I50 -> 8643217.3 | G50: =+N52+N58+N64+N72+N81+N86+N90+N94+N105+N121+N137 -> 230000 | H50: =+O52+O58+O64+O72+O81+O86+O90+O94+O105+O115+O121+O126+O134+O137+O142 -> 8413217.3 | I50: =+P52+P58+P64+P72+P81+P86+P90+P94+P105+P115+P121+P126+P134+P137+P142 -> 0 | J50: 1.1.2 | K50: 1 | L50: SERVICIOS | M50: =+M52+M58+M64+M72+M81+M86+M90+M94+M105+M206 -> 7792474.1 | N50: =+N52+N58+N64+N72+N81+N86+N90+N94+N105+N206 -> 230000 | O50: =+O52+O58+O64+O72+O81+O86+O90+O94+O105+O206 -> 7562474.1 | P50: =+P52+P58+P64+P72+P81+P86+P90+P94+P105+P206 -> 0
J52: 1.1.2 | K52: 1.01 | L52: ALQUILERES | M52: =SUM(N52:P52) -> 0 | N52: =SUM(N53:N57) -> 0 | O52: =SUM(O53:O57) -> 0 | P52: =SUM(P53:P57) -> 0
J53: 1.1.2 | K53: 1.01.01 | L53: Alquiler de edificios, locales y terrenos | M53: =SUM(N53:P53) -> 0
J54: 1.1.2 | K54: 1.01.02 | L54: Alquiler de maquinaria, equipo y mobiliario | M54: =SUM(N54:P54) -> 0
J55: 1.1.2 | K55: 1.01.03 | L55: Alquiler de equipo de cómputo | M55: =SUM(N55:P55) -> 0
J56: 1.1.2 | K56: 1.01.04 | L56: Alquiler de equipo y derechos para telecomunicaciones | M56: =SUM(N56:P56) -> 0
J57: 1.1.2 | K57: 1.01.99 | L57: Otros alquileres | M57: =SUM(N57:P57) -> 0
J58: 1.1.2 | K58: 1.02 | L58: SERVICIOS BÁSICOS | M58: =SUM(N58:P58) -> 2851973.8 | N58: =SUM(N59:N63) -> 0 | O58: =SUM(O59:O63) -> 2851973.8 | P58: =SUM(P59:P63) -> 0
J59: 1.1.2 | K59: 1.02.01 | L59: Servicio de agua y alcantarillado | M59: =SUM(N59:P59) -> 0 | O59: =-'Tablas Rebajos OBG'!E49 -> 0
J60: 1.1.2 | K60: 1.02.02 | L60: Servicio de energía eléctrica | M60: =SUM(N60:P60) -> 520000 | N60: 0 | O60: =+'Tablas Aumentos OBG'!E54 -> 520000
J61: 1.1.2 | K61: 1.02.03 | L61: Servicio de correo | M61: =SUM(N61:P61) -> 0
J62: 1.1.2 | K62: 1.02.04 | L62: Servicio de telecomunicaciones | M62: =SUM(N62:P62) -> 2331973.8 | N62: 0 | O62: =+'Tablas Aumentos OBG'!E56 -> 2331973.8
J63: 1.1.2 | K63: 1.02.99 | L63: Otros servicios básicos | M63: =SUM(N63:P63) -> 0 | N63: 0 | O63: =-'Tablas Rebajos OBG'!E53 -> 0
J64: 1.1.2 | K64: 1.03 | L64: SERVICIOS COMERCIALES Y FINANCIEROS | M64: =SUM(N64:P64) -> 306274.45 | N64: =SUM(N65:N71) -> 0 | O64: =SUM(O65:O71) -> 306274.45 | P64: =SUM(P65:P71) -> 0
J65: 1.1.2 | K65: 1.03.01 | L65: Información | M65: =SUM(N65:P65) -> 251201.8 | N65: 0 | O65: =+'Tablas Aumentos OBG'!E61 -> 251201.8
J66: 1.1.2 | K66: 1.03.02 | L66: Publicidad y propaganda | M66: =SUM(N66:P66) -> 0 | N66: =-'Tablas Rebajos OBG'!D58 -> 0
J67: 1.1.2 | K67: 1.03.03 | L67: Impresión, encuadernación y otros | M67: =SUM(N67:P67) -> -69555 | N67: 0 | O67: =-'Tablas Rebajos OBG'!E59 -> -69555
J68: 1.1.2 | K68: 1.03.04 | L68: Transporte de bienes | M68: =SUM(N68:P68) -> 0 | N68: 0 | O68: 0
J69: 1.1.2 | K69: 1.03.05 | L69: Servicios aduaneros | M69: =SUM(N69:P69) -> 0 | N69: 0 | O69: 0
J70: 1.1.2 | K70: 1.03.06 | L70: Comisiones y gastos por servicios financieros y comerciales | M70: =SUM(N70:P70) -> 102802.15 | N70: 0 | O70: =+'Tablas Aumentos OBG'!E64 -> 102802.15
J71: 1.1.2 | K71: 1.03.07 | L71: Servicios de tecnologías de información | M71: =SUM(N71:P71) -> 21825.5 | N71: =+'Tablas Aumentos OBG'!D65 -> 0 | O71: =+'Tablas Aumentos OBG'!E65 -> 21825.5
J72: 1.1.2 | K72: 1.04 | L72: SERVICIOS DE GESTIÓN Y APOYO | M72: =SUM(N72:P72) -> 727169.18 | N72: =SUM(N73:N79) -> 0 | O72: =SUM(O73:O79) -> 727169.18 | P72: =SUM(P73:P79) -> 0
J73: 1.1.2 | K73: 1.04.01 | L73: Servicios en ciencias de la salud
J74: 1.1.2 | K74: 1.04.02 | L74: Servicios jurídicos | M74: =SUM(N74:P74) -> 0
J75: 1.1.2 | K75: 1.04.03 | L75: Servicios de ingeniería y arquitectura | M75: =SUM(N75:P75) -> 0
J76: 1.1.2 | K76: 1.04.04 | L76: Servicios en ciencias económicas y sociales | M76: =SUM(N76:P76) -> 0 | N76: =+'Tablas Aumentos OBG'!D72 -> 0 | O76: =-'Tablas Rebajos OBG'!E68 -> 0
J77: 1.1.2 | K77: 1.04.05 | L77: Servicios informáticos | M77: =SUM(N77:P77) -> 400000 | N77: 0 | O77: =+'Tablas Aumentos OBG'!E73 -> 400000
J78: 1.1.2 | K78: 1.04.06 | L78: Servicios generales | M78: =SUM(N78:P78) -> 201169.18 | N78: 0 | O78: =+'Tablas Aumentos OBG'!E74 -> 201169.18
J79: 1.1.2 | K79: 1.04.99 | L79: Otros servicios de gestión y apoyo | M79: =SUM(N79:P79) -> 126000 | N79: 0 | O79: =+'Tablas Aumentos OBG'!E75 -> 126000
J81: 1.1.2 | K81: 1.05 | L81: GASTOS DE VIAJE Y DE TRANSPORTE | M81: =SUM(N81:P81) -> 409000 | N81: =SUM(N82:N85) -> 230000 | O81: =SUM(O82:O85) -> 179000 | P81: =SUM(P82:P85) -> 0
J82: 1.1.2 | K82: 1.05.01 | L82: Transporte dentro del país | M82: =SUM(N82:P82) -> 0 | N82: 0 | O82: =-'Tablas Rebajos OBG'!E75 -> 0
J83: 1.1.2 | K83: 1.05.02 | L83: Viáticos dentro del país | M83: =SUM(N83:P83) -> 179000 | N83: =+'Tablas Aumentos OBG'!D80 -> 0 | O83: =+'Tablas Aumentos OBG'!E80 -> 179000
J84: 1.1.2 | K84: 1.05.03 | L84: Transporte en el exterior | M84: =SUM(N84:P84) -> 230000 | N84: =+'Tablas Aumentos OBG'!D81 -> 230000 | O84: 0
J85: 1.1.2 | K85: 1.05.04 | L85: Viáticos en el exterior | M85: =SUM(N85:P85) -> 0 | N85: 0 | O85: =-'Tablas Rebajos OBG'!E78 -> 0
J86: 1.1.2 | K86: 1.06 | L86: SEGUROS, REASEGUROS Y OTRAS OBLIGACIONES | M86: =SUM(N86:P86) -> 160000 | N86: 0 | O86: =SUM(O87:O89) -> 160000 | P86: =SUM(P87:P89) -> 0
J87: 1.1.2 | K87: 1.06.01 | L87: Seguros | M87: =SUM(N87:P87) -> 160000 | N87: 0 | O87: =+'Tablas Aumentos OBG'!E86 -> 160000
J88: 1.1.2 | K88: 1.06.02 | L88: Reaseguros
J89: 1.1.2 | K89: 1.06.03 | L89: Obligaciones por contratos de seguros
J90: 1.1.2 | K90: 1.07 | L90: CAPACITACIÓN Y PROTOCOLO | M90: =SUM(N90:P90) -> 1000000 | N90: =SUM(N91:N93) -> 0 | O90: =SUM(O91:O93) -> 1000000 | P90: =SUM(P91:P93) -> 0
J91: 1.1.2 | K91: 1.07.01 | L91: Actividades de capacitación | M91: =SUM(N91:P91) -> 1000000 | N91: =-'Tablas Rebajos OBG'!D87 -> 0 | O91: =+'Tablas Aumentos OBG'!E90 -> 1000000
J92: 1.1.2 | K92: 1.07.02 | L92: Actividades protocolarias y sociales | M92: =SUM(N92:P92) -> 0
J93: 1.1.2 | K93: 1.07.03 | L93: Gastos de representación institucional
J94: 1.1.2 | K94: 1.08 | L94: MANTENIMIENTO Y REPARACIÓN | M94: =SUM(N94:P94) -> 2263501.7 | N94: =SUM(N98:N103) -> 0 | O94: =SUM(O95:O103) -> 2263501.7 | P94: =SUM(P98:P103) -> 0
J95: 1.1.2 | K95: 1.08.01 | L95: Mantenimiento de edificios, locales y terrenos | M95: =SUM(N95:P95) -> -635298.17 | N95: 0 | O95: =-'Tablas Rebajos OBG'!E92 -> -635298.17
J96: 1.1.2 | K96: 1.08.02 | L96: Mantenimiento de vías de comunicación | M96: =SUM(N96:P96) -> 0
J97: 1.1.2 | K97: 1.08.03 | L97: Mantenimiento de instalaciones y otras obras | M97: =SUM(N97:P97) -> 0
J98: 1.1.2 | K98: 1.08.04 | L98: Mantenimiento y reparación de maquinaria y equipo de producción | M98: =SUM(N98:P98) -> -174200.09 | N98: 0 | O98: =-'Tablas Rebajos OBG'!E93 -> -174200.09
J99: 1.1.2 | K99: 1.08.05 | L99: Mantenimiento y reparación de equipo de transporte | M99: =SUM(N99:P99) -> 403000 | N99: 0 | O99: =+'Tablas Aumentos OBG'!E98 -> 403000
J100: 1.1.2 | K100: 1.08.06 | L100: Mantenimiento y reparación de equipo de comunicación | M100: =SUM(N100:P100) -> 0
J101: 1.1.2 | K101: 1.08.07 | L101: Mantenimiento y reparación de equipo y mobiliario de oficina | M101: =SUM(N101:P101) -> 0
J102: 1.1.2 | K102: 1.08.08 | L102: Mantenimiento y reparación de equipo de cómputo y sistemas de información | M102: =SUM(N102:P102) -> 2670000 | N102: 0 | O102: =+'Tablas Aumentos OBG'!E101 -> 2670000
J103: 1.1.2 | K103: 1.08.99 | L103: Mantenimiento y reparación de otros equipos | M103: =SUM(N103:P103) -> 0
J105: 1.1.2 | K105: 1.99 | L105: SERVICIOS DIVERSOS | M105: =SUM(N105:P105) -> 0 | N105: =SUM(N106:N111) -> 0 | O105: =SUM(O106:O111) -> 0 | P105: =SUM(P106:P111) -> 0
J106: 1.1.2 | K106: 1.99.01 | L106: Servicios de regulación | M106: =SUM(N106:P106) -> 0
J107: 1.1.2 | K107: 1.99.02 | L107: Intereses moratorios y multas | M107: =SUM(N107:P107) -> 0 | N107: =-'Tablas Rebajos OBG'!D105 -> 0
J108: 1.1.2 | K108: 1.99.03 | L108: Gastos de oficinas en el exterior | M108: =SUM(N108:P108) -> 0
J109: 1.1.2 | K109: 1.99.04 | L109: Gastos de misiones especiales en el exterior | M109: =SUM(N109:P109) -> 0
...

Sheet Egresos por CE
A1: PROMOTORA COSTARRICENSE DE INNOVACIÓN E INVESTIGACIÓN
A2: MODIFICACIÓN PRESUPUESTARIA 05-2025
A3: CLASIFICADOR ECONÓMICO DEL GASTO DEL SECTOR PÚBLICO
A4: En millones de colones
A6: CLASIFICADOR ECONÓMICO DEL GASTO DEL SECTOR PÚBLICO | F6: MONTO ACUMULADO | G6: PROGRAMA 1: FINANCIAMIENTO DE PROGRAMAS Y PROYECTOS | H6: PROGRAMA 2: GESTIÓN ADMINISTRATIVA | I6: PROGRAMA 3 Desarrollo Científico y Tecnológico | J6: CÓDIGO POR CE | K6: CÓDIGO POR OBG | L6: CLASIFICADOR POR OBJETO DEL GASTO DEL SECTOR PÚBLICO | M6: MONTO ACUMULADO | N6: PROGRAMA 1: FINANCIAMIENTO DE PROGRAMAS Y PROYECTOS | O6: PROGRAMA 2: GESTIÓN ADMINISTRATIVA | P6: PROGRAMA 3 Desarrollo Científico y Tecnológico
A8: 1 | B8: GASTOS CORRIENTES | F8: =+G8+H8+I8 -> -11532339 | G8: =+G10+G194 -> -8627698 | H8: =+H10+H194 -> -2904641.1 | I8: =+I10+I194 -> 0
B10: 1.1 | C10: GASTOS DE CONSUMO | F10: =+G10+H10+I10 -> -12578803 | G10: =+G12+G50 -> -7759607.1 | H10: =+H12+H50 -> -4819196.1 | I10: =+I12+I50 -> 0
C12: 1.1.1 | D12: REMUNERACIONES | F12: =+G12+H12+I12 -> -21222020 | G12: =+G14+G36 -> -7989607.1 | H12: =+H14+H36 -> -13232413 | I12: =+I14+I36 -> 0 | J12: 1.1.1 | K12: 0 | L12: REMUNERACIONES | M12: =+M15+M21+M27+M37+M43 -> -21222020 | N12: =+N15+N21+N27+N37+N43 -> -7989607.1 | O12: =+O15+O21+O27+O37+O43 -> -13232413 | P12: =+P15+P21+P27+P37+P43 -> 0
D14: 1.1.1.1 | E14: Sueldos y salarios | F14: =+G14+H14+I14 -> -4793709.8 | G14: =+N15+N21+N27+N33 -> -565364.45 | H14: =+O15+O21+O27+O33 -> -4228345.4 | I14: =+P15+P21+P27+P33 -> 0
J15: 1.1.1.1 | K15: 0.0 1 | L15: REMUNERACIONES BÁSICAS | M15: =SUM(M16:M20) -> -4949387.1 | N15: =SUM(N16:N20) -> -729951.64 | O15: =SUM(O16:O20) -> -4219435.4 | P15: =SUM(P16:P20) -> 0
J16: 1.1.1.1 | K16: 0.01.01 | L16: Sueldos para cargos fijos | M16: =SUM(N16:P16) -> -4949387.1 | N16: =-'Tablas Rebajos OBG'!D11 -> -729951.64 | O16: =-'Tablas Rebajos OBG'!E11 -> -4219435.4
J17: 1.1.1.1 | K17: 0.01.02 | L17: Jornales | M17: =SUM(N17:P17) -> 0
J18: 1.1.1.1 | K18: 0.01.03 | L18: Servicios especiales | M18: =SUM(N18:P18) -> 0
J19: 1.1.1.1 | K19: 0.01.04 | L19: Sueldos a base de comisión | M19: =SUM(N19:P19) -> 0
J20: 1.1.1.1 | K20: 0.01.05 | L20: Suplencias | M20: =SUM(N20:O20) -> 0
J21: 1.1.1.1 | K21: 0.02 | L21: REMUNERACIONES EVENTUALES | M21: =SUM(N21:P21) -> 29000 | N21: =SUM(N22:N26) -> 0 | O21: =SUM(O22:O26) -> 29000 | P21: =SUM(P22:P26) -> 0
J22: 1.1.1.1 | K22: 0.02.01 | L22: Tiempo extraordinario | M22: =SUM(N22:O22) -> 0 | N22: =+'Tablas Aumentos OBG'!D17 -> 0 | O22: =+'Tablas Aumentos OBG'!E17 -> 0
J23: 1.1.1.1 | K23: 0.02.02 | L23: Recargo de funciones | M23: =SUM(N23:O23) -> 29000 | N23: =+'Tablas Aumentos OBG'!D18 -> 0 | O23: =+'Tablas Aumentos OBG'!E18 -> 29000
J24: 1.1.1.1 | K24: 0.02.03 | L24: Disponibilidad laboral | M24: =SUM(N24:O24) -> 0
J25: 1.1.1.1 | K25: 0.02.04 | L25: Compensación de vacaciones | M25: =SUM(N25:O25) -> 0
J26: 1.1.1.1 | K26: 0.02.05 | L26: Dietas | M26: =SUM(N26:O26) -> 0 | P26: 0
J27: 1.1.1.1 | K27: 0.03 | L27: INCENTIVOS SALARIALES | M27: =SUM(N27:P27) -> 126677.26 | N27: =SUM(N28:N32) -> 164587.19 | O27: =SUM(O28:O32) -> -37909.93 | P27: =SUM(P28:P32) -> 0
J28: 1.1.1.1 | K28: 0.03.01 | L28: Retribución por años servidos | M28: =SUM(N28:P28) -> 13952.78 | N28: =-'Tablas Rebajos OBG'!D20 -> -99647.22 | O28: =+'Tablas Aumentos OBG'!E23 -> 113600
J29: 1.1.1.1 | K29: 0.03.02 | L29: Restricción al ejercicio liberal de la profesión | M29: =SUM(N29:P29) -> 445830.28 | N29: =-'Tablas Rebajos OBG'!D21 -> -24169.72 | O29: =+'Tablas Aumentos OBG'!E24 -> 470000
J30: 1.1.1.1 | K30: 0.03.03 | L30: Decimotercer mes | M30: =SUM(N30:P30) -> -327986.23 | N30: =+'Tablas Aumentos OBG'!D25 -> 292000 | O30: =-'Tablas Rebajos OBG'!E22 -> -619986.23
J31: 1.1.1.1 | K31: 0.03.04 | L31: Salario escolar | M31: =SUM(N31:O31) -> 167000 | N31: =-'Tablas Rebajos OBG'!D23 -> 0 | O31: =+'Tablas Aumentos OBG'!E26 -> 167000
J32: 1.1.1.1 | K32: 0.03.99 | L32: Otros incentivos salariales | M32: =SUM(N32:P32) -> -172119.57 | N32: =-'Tablas Rebajos OBG'!D24 -> -3595.87 | O32: =-'Tablas Rebajos OBG'!E24 -> -168523.7
J33: 1.1.1.1 | K33: 0.99 | L33: REMUNERACIONES DIVERSAS | M33: =SUM(N33:P33) -> 0 | P33: =SUM(P34:P35) -> 0
J34: 1.1.1.1 | K34: 0.99.01 | L34: Gastos de representación personal
J35: 1.1.1.1 | K35: 0.99.99 | L35: Otras remuneraciones
D36: 1.1.1.2 | E36: Contribuciones sociales | F36: =+G36+H36+I36 -> -16428311 | G36: =+N37+N43 -> -7424242.6 | H36: =+O37+O43 -> -9004068 | I36: =+P37+P43 -> 0
J37: 1.1.1.2 | K37: 0.04 | L37: CONTRIBUCIONES PATRONALES AL DESARROLLO Y LA SEGURIDAD SOCIAL | M37: =SUM(M38:M42) -> -8254648.9 | N37: =SUM(N38:N42) -> -3563571.6 | O37: =SUM(O38:O42) -> -4691077.3 | P37: =SUM(P38:P42) -> 0
J38: 1.1.1.2 | K38: 0.04.01 | L38: Contribución Patronal al Seguro de Salud de la Caja Costarricense de Seguro Social | M38: =SUM(N38:O38) -> -4698801 | N38: =-'Tablas Rebajos OBG'!D28 -> -2028494.8 | O38: =-'Tablas Rebajos OBG'!E28 -> -2670306.2
J39: 1.1.1.2 | K39: 0.04.02 | L39: Contribución Patronal al Instituto Mixto de Ayuda Social | M39: =SUM(N39:O39) -> 0
J40: 1.1.1.2 | K40: 0.04.03 | L40: Contribución Patronal al Instituto Nacional de Aprendizaje | M40: =SUM(N40:O40) -> -761967.45 | N40: =-'Tablas Rebajos OBG'!D29 -> -328945.01 | O40: =-'Tablas Rebajos OBG'!E29 -> -433022.44
J41: 1.1.1.2 | K41: 0.04.04 | L41: Contribución Patronal al Fondo de Desarrollo Social y Asignaciones Familiares | M41: =SUM(N41:O41) -> -2539891.3 | N41: =-'Tablas Rebajos OBG'!D30 -> -1096483.5 | O41: =-'Tablas Rebajos OBG'!E30 -> -1443407.8
J42: 1.1.1.2 | K42: 0.04.05 | L42: Contribución Patronal al Banco Popular y de Desarrollo Comunal | M42: =SUM(N42:O42) -> -253989.13 | N42: =-'Tablas Rebajos OBG'!D31 -> -109648.28 | O42: =-'Tablas Rebajos OBG'!E31 -> -144340.85
J43: 1.1.1.2 | K43: 0.05 | L43: CONTRIBUCIONES PATRONALES A FONDOS DE PENSIONES Y OTROS FONDOS DE CAPITALIZACIÓN | M43: =SUM(M44:M48) -> -8173661.7 | N43: =SUM(N44:N48) -> -3860671 | O43: =SUM(O44:O48) -> -4312990.7 | P43: =SUM(P44:P48) -> 0
J44: 1.1.1.2 | K44: 0.05.01 | L44: Contribución Patronal al Seguro de Pensiones de la Caja Costarricense de Seguro Social | M44: =SUM(N44:P44) -> -2753243.1 | N44: =-'Tablas Rebajos OBG'!D35 -> -1188588.4 | O44: =-'Tablas Rebajos OBG'!E35 -> -1564654.6
J45: 1.1.1.2 | K45: 0.05.02 | L45: Aporte Patronal al Régimen Obligatorio de Pensiones Complementarias | M45: =SUM(N45:P45) -> -1523934.6 | N45: =-'Tablas Rebajos OBG'!D36 -> -657890.03 | O45: =-'Tablas Rebajos OBG'!E36 -> -866044.55
J46: 1.1.1.2 | K46: 0.05.03 | L46: Aporte Patronal al Fondo de Capitalización Laboral | M46: =SUM(N46:P46) -> -761967.45 | N46: =-'Tablas Rebajos OBG'!D37 -> -328945.01 | O46: =-'Tablas Rebajos OBG'!E37 -> -433022.44
J47: 1.1.1.2 | K47: 0.05.04 | L47: Contribución Patronal a otros fondos administrados por entes públicos | M47: =SUM(N47:P47) -> 0 | N47: 0
J48: 1.1.1.2 | K48: 0.05.05 | L48: Contribución Patronal a otros fondos administrados por entes privados | M48: =SUM(N48:P48) -> -3134516.6 | N48: =-'Tablas Rebajos OBG'!D38 -> -1685247.5 | O48: =-'Tablas Rebajos OBG'!E38 -> -1449269.1
C50: 1.1.2 | D50: ADQUISICIÓN DE BIENES Y SERVICIOS | F50: =+G50+H50+I50 -> 8643217.3 | G50: =+N52+N58+N64+N72+N81+N86+N90+N94+N105+N121+N137 -> 230000 | H50: =+O52+O58+O64+O72+O81+O86+O90+O94+O105+O115+O121+O126+O134+O137+O142 -> 8413217.3 | I50: =+P52+P58+P64+P72+P81+P86+P90+P94+P105+P115+P121+P126+P134+P137+P142 -> 0 | J50: 1.1.2 | K50: 1 | L50: SERVICIOS | M50: =+M52+M58+M64+M72+M81+M86+M90+M94+M105+M206 -> 7792474.1 | N50: =+N52+N58+N64+N72+N81+N86+N90+N94+N105+N206 -> 230000 | O50: =+O52+O58+O64+O72+O81+O86+O90+O94+O105+O206 -> 7562474.1 | P50: =+P52+P58+P64+P72+P81+P86+P90+P94+P105+P206 -> 0
J52: 1.1.2 | K52: 1.01 | L52: ALQUILERES | M52: =SUM(N52:P52) -> 0 | N52: =SUM(N53:N57) -> 0 | O52: =SUM(O53:O57) -> 0 | P52: =SUM(P53:P57) -> 0
J53: 1.1.2 | K53: 1.01.01 | L53: Alquiler de edificios, locales y terrenos | M53: =SUM(N53:P53) -> 0
J54: 1.1.2 | K54: 1.01.02 | L54: Alquiler de maquinaria, equipo y mobiliario | M54: =SUM(N54:P54) -> 0
J55: 1.1.2 | K55: 1.01.03 | L55: Alquiler de equipo de cómputo | M55: =SUM(N55:P55) -> 0
J56: 1.1.2 | K56: 1.01.04 | L56: Alquiler de equipo y derechos para telecomunicaciones | M56: =SUM(N56:P56) -> 0
J57: 1.1.2 | K57: 1.01.99 | L57: Otros alquileres | M57: =SUM(N57:P57) -> 0
J58: 1.1.2 | K58: 1.02 | L58: SERVICIOS BÁSICOS | M58: =SUM(N58:P58) -> 2851973.8 | N58: =SUM(N59:N63) -> 0 | O58: =SUM(O59:O63) -> 2851973.8 | P58: =SUM(P59:P63) -> 0
J59: 1.1.2 | K59: 1.02.01 | L59: Servicio de agua y alcantarillado | M59: =SUM(N59:P59) -> 0 | O59: =-'Tablas Rebajos OBG'!E49 -> 0
J60: 1.1.2 | K60: 1.02.02 | L60: Servicio de energía eléctrica | M60: =SUM(N60:P60) -> 520000 | N60: 0 | O60: =+'Tablas Aumentos OBG'!E54 -> 520000
J61: 1.1.2 | K61: 1.02.03 | L61: Servicio de correo | M61: =SUM(N61:P61) -> 0
J62: 1.1.2 | K62: 1.02.04 | L62: Servicio de telecomunicaciones | M62: =SUM(N62:P62) -> 2331973.8 | N62: 0 | O62: =+'Tablas Aumentos OBG'!E56 -> 2331973.8
J63: 1.1.2 | K63: 1.02.99 | L63: Otros servicios básicos | M63: =SUM(N63:P63) -> 0 | N63: 0 | O63: =-'Tablas Rebajos OBG'!E53 -> 0
J64: 1.1.2 | K64: 1.03 | L64: SERVICIOS COMERCIALES Y FINANCIEROS | M64: =SUM(N64:P64) -> 306274.45 | N64: =SUM(N65:N71) -> 0 | O64: =SUM(O65:O71) -> 306274.45 | P64: =SUM(P65:P71) -> 0
J65: 1.1.2 | K65: 1.03.01 | L65: Información | M65: =SUM(N65:P65) -> 251201.8 | N65: 0 | O65: =+'Tablas Aumentos OBG'!E61 -> 251201.8
J66: 1.1.2 | K66: 1.03.02 | L66: Publicidad y propaganda | M66: =SUM(N66:P66) -> 0 | N66: =-'Tablas Rebajos OBG'!D58 -> 0
J67: 1.1.2 | K67: 1.03.03 | L67: Impresión, encuadernación y otros | M67: =SUM(N67:P67) -> -69555 | N67: 0 | O67: =-'Tablas Rebajos OBG'!E59 -> -69555
J68: 1.1.2 | K68: 1.03.04 | L68: Transporte de bienes | M68: =SUM(N68:P68) -> 0 | N68: 0 | O68: 0
J69: 1.1.2 | K69: 1.03.05 | L69: Servicios aduaneros | M69: =SUM(N69:P69) -> 0 | N69: 0 | O69: 0
J70: 1.1.2 | K70: 1.03.06 | L70: Comisiones y gastos por servicios financieros y comerciales | M70: =SUM(N70:P70) -> 102802.15 | N70: 0 | O70: =+'Tablas Aumentos OBG'!E64 -> 102802.15
J71: 1.1.2 | K71: 1.03.07 | L71: Servicios de tecnologías de información | M71: =SUM(N71:P71) -> 21825.5 | N71: =+'Tablas Aumentos OBG'!D65 -> 0 | O71: =+'Tablas Aumentos OBG'!E65 -> 21825.5
J72: 1.1.2 | K72: 1.04 | L72: SERVICIOS DE GESTIÓN Y APOYO | M72: =SUM(N72:P72) -> 727169.18 | N72: =SUM(N73:N79) -> 0 | O72: =SUM(O73:O79) -> 727169.18 | P72: =SUM(P73:P79) -> 0
J73: 1.1.2 | K73: 1.04.01 | L73: Servicios en ciencias de la salud
J74: 1.1.2 | K74: 1.04.02 | L74: Servicios jurídicos | M74: =SUM(N74:P74) -> 0
J75: 1.1.2 | K75: 1.04.03 | L75: Servicios de ingeniería y arquitectura | M75: =SUM(N75:P75) -> 0
J76: 1.1.2 | K76: 1.04.04 | L76: Servicios en ciencias económicas y sociales | M76: =SUM(N76:P76) -> 0 | N76: =+'Tablas Aumentos OBG'!D72 -> 0 | O76: =-'Tablas Rebajos OBG'!E68 -> 0
J77: 1.1.2 | K77: 1.04.05 | L77: Servicios informáticos | M77: =SUM(N77:P77) -> 400000 | N77: 0 | O77: =+'Tablas Aumentos OBG'!E73 -> 400000
J78: 1.1.2 | K78: 1.04.06 | L78: Servicios generales | M78: =SUM(N78:P78) -> 201169.18 | N78: 0 | O78: =+'Tablas Aumentos OBG'!E74 -> 201169.18
J79: 1.1.2 | K79: 1.04.99 | L79: Otros servicios de gestión y apoyo | M79: =SUM(N79:P79) -> 126000 | N79: 0 | O79: =+'Tablas Aumentos OBG'!E75 -> 126000
J81: 1.1.2 | K81: 1.05 | L81: GASTOS DE VIAJE Y DE TRANSPORTE | M81: =SUM(N81:P81) -> 409000 | N81: =SUM(N82:N85) -> 230000 | O81: =SUM(O82:O85) -> 179000 | P81: =SUM(P82:P85) -> 0
J82: 1.1.2 | K82: 1.05.01 | L82: Transporte dentro del país | M82: =SUM(N82:P82) -> 0 | N82: 0 | O82: =-'Tablas Rebajos OBG'!E75 -> 0
J83: 1.1.2 | K83: 1.05.02 | L83: Viáticos dentro del país | M83: =SUM(N83:P83) -> 179000 | N83: =+'Tablas Aumentos OBG'!D80 -> 0 | O83: =+'Tablas Aumentos OBG'!E80 -> 179000
J84: 1.1.2 | K84: 1.05.03 | L84: Transporte en el exterior | M84: =SUM(N84:P84) -> 230000 | N84: =+'Tablas Aumentos OBG'!D81 -> 230000 | O84: 0
J85: 1.1.2 | K85: 1.05.04 | L85: Viáticos en el exterior | M85: =SUM(N85:P85) -> 0 | N85: 0 | O85: =-'Tablas Rebajos OBG'!E78 -> 0
J86: 1.1.2 | K86: 1.06 | L86: SEGUROS, REASEGUROS Y OTRAS OBLIGACIONES | M86: =SUM(N86:P86) -> 160000 | N86: 0 | O86: =SUM(O87:O89) -> 160000 | P86: =SUM(P87:P89) -> 0
J87: 1.1.2 | K87: 1.06.01 | L87: Seguros | M87: =SUM(N87:P87) -> 160000 | N87: 0 | O87: =+'Tablas Aumentos OBG'!E86 -> 160000
J88: 1.1.2 | K88: 1.06.02 | L88: Reaseguros
J89: 1.1.2 | K89: 1.06.03 | L89: Obligaciones por contratos de seguros
J90: 1.1.2 | K90: 1.07 | L90: CAPACITACIÓN Y PROTOCOLO | M90: =SUM(N90:P90) -> 1000000 | N90: =SUM(N91:N93) -> 0 | O90: =SUM(O91:O93) -> 1000000 | P90: =SUM(P91:P93) -> 0
J91: 1.1.2 | K91: 1.07.01 | L91: Actividades de capacitación | M91: =SUM(N91:P91) -> 1000000 | N91: =-'Tablas Rebajos OBG'!D87 -> 0 | O91: =+'Tablas Aumentos OBG'!E90 -> 1000000
J92: 1.1.2 | K92: 1.07.02 | L92: Actividades protocolarias y sociales | M92: =SUM(N92:P92) -> 0
J93: 1.1.2 | K93: 1.07.03 | L93: Gastos de representación institucional
J94: 1.1.2 | K94: 1.08 | L94: MANTENIMIENTO Y REPARACIÓN | M94: =SUM(N94:P94) -> 2263501.7 | N94: =SUM(N98:N103) -> 0 | O94: =SUM(O95:O103) -> 2263501.7 | P94: =SUM(P98:P103) -> 0
J95: 1.1.2 | K95: 1.08.01 | L95: Mantenimiento de edificios, locales y terrenos | M95: =SUM(N95:P95) -> -635298.17 | N95: 0 | O95: =-'Tablas Rebajos OBG'!E92 -> -635298.17
J96: 1.1.2 | K96: 1.08.02 | L96: Mantenimiento de vías de comunicación | M96: =SUM(N96:P96) -> 0
J97: 1.1.2 | K97: 1.08.03 | L97: Mantenimiento de instalaciones y otras obras | M97: =SUM(N97:P97) -> 0
J98: 1.1.2 | K98: 1.08.04 | L98: Mantenimiento y reparación de maquinaria y equipo de producción | M98: =SUM(N98:P98) -> -174200.09 | N98: 0 | O98: =-'Tablas Rebajos OBG'!E93 -> -174200.09
J99: 1.1.2 | K99: 1.08.05 | L99: Mantenimiento y reparación de equipo de transporte | M99: =SUM(N99:P99) -> 403000 | N99: 0 | O99: =+'Tablas Aumentos OBG'!E98 -> 403000
J100: 1.1.2 | K100: 1.08.06 | L100: Mantenimiento y reparación de equipo de comunicación | M100: =SUM(N100:P100) -> 0
J101: 1.1.2 | K101: 1.08.07 | L101: Mantenimiento y reparación de equipo y mobiliario de oficina | M101: =SUM(N101:P101) -> 0
J102: 1.1.2 | K102: 1.08.08 | L102: Mantenimiento y reparación de equipo de cómputo y sistemas de información | M102: =SUM(N102:P102) -> 2670000 | N102: 0 | O102: =+'Tablas Aumentos OBG'!E101 -> 2670000
J103: 1.1.2 | K103: 1.08.99 | L103: Mantenimiento y reparación de otros equipos | M103: =SUM(N103:P103) -> 0
J105: 1.1.2 | K105: 1.99 | L105: SERVICIOS DIVERSOS | M105: =SUM(N105:P105) -> 0 | N105: =SUM(N106:N111) -> 0 | O105: =SUM(O106:O111) -> 0 | P105: =SUM(P106:P111) -> 0
J106: 1.1.2 | K106: 1.99.01 | L106: Servicios de regulación | M106: =SUM(N106:P106) -> 0
J107: 1.1.2 | K107: 1.99.02 | L107: Intereses moratorios y multas | M107: =SUM(N107:P107) -> 0 | N107: =-'Tablas Rebajos OBG'!D105 -> 0
J108: 1.1.2 | K108: 1.99.03 | L108: Gastos de oficinas en el exterior | M108: =SUM(N108:P108) -> 0
J109: 1.1.2 | K109: 1.99.04 | L109: Gastos de misiones especiales en el exterior | M109: =SUM(N109:P109) -> 0
...

Sheet Origen y aplicación de recursos
B1: PROMOTORA COSTARRICENSE DE INNOVACIÓN E INVESTIGACIÓN
B2: MODIFICACIÓN PRESUPUESTARIA 05-2025
B3: DETALLE DE ORIGEN Y APLICACION DE RECURSOS
B5: Origen de los recursos | G5: Aplicación de los recursos
B6: SUBPARTIDA | D6: FF | E6: MONTO | F6: SUBPARTIDA | H6: FF | I6: MONTO
B8: Programa 1 | F8: Programa 2
B9: 0.04.01 | C9: Cuota patronal C.C.S.S. | D9: 001 Transferencias corrientes Ley 9971 | E9: 2000000 | F9: 6.03.99 | G9: Otras prestaciones | H9: 001 Transferencias corrientes Ley 9971 | I9: =+'Detalle de Aumentos'!D35 -> 2000000
B11: Programa 1 | F11: Programa 2
B12: 6.03.01 | C12: Prestaciones Legales | D12: 001 Transferencias corrientes Ley 9971 | E12: =+'Detalle Rebajos'!D33 -> 21825.5 | F12: 1.03.07 | G12: Servicios de tecnología de información | H12: 001 Transferencias corrientes Ley 9971 | I12: =+'Detalle de Aumentos'!D17 -> 21825.5
B14: Programa 2 | F14: Programa 1
B15: 0.04.01 | C15: Cuota patronal C.C.S.S. | D15: 001 Transferencias corrientes Ley 9971 | E15: 2651169.2 | F15: 0.03.03 | G15: Décimo tercer mes | H15: 001 Transferencias corrientes Ley 9971 | I15: =+'Detalle de Aumentos'!D10 -> 292000
F16: 1.05.03 | G16: Transporte en el exterior | I16: =+'Detalle de Aumentos'!D19 -> 230000
F17: Programa 2
F18: 0.02.02 | G18: Recargo de funciones | H18: 001 Transferencias corrientes Ley 9971 | I18: =+'Detalle de Aumentos'!D7 -> 29000
F19: 1.02.02 | G19: Servicio de energía eléctrica | I19: =+'Detalle de Aumentos'!D12 -> 520000
F20: 1.02.04 | G20: Servicio de telecomunicaciones | I20: =+'Detalle de Aumentos'!D13 -> 280000
F21: 1.04.06 | G21: Servicios generales | I21: =+'Detalle de Aumentos'!D22 -> 201169.18
F22: 1.08.05 | G22: Mantenimiento y reparación de equipo de transporte | I22: =+'Detalle de Aumentos'!D26 -> 403000
F23: 1.03.06 | G23: Comisiones y gastos por servicios financieros y comerciales | I23: =+'Detalle de Aumentos'!D16 -> 102802.15
F24: 1.05.02 | G24: Viáticos dentro del país | I24: =+'Detalle de Aumentos'!D18 -> 179000
F25: 5.99.03 | G25: Bienes intangibles | I25: 288197.85
F26: 1.04.99 | G26: Otros servicios de gestión y apoyo | I26: =+'Detalle de Aumentos'!D23 -> 126000
B28: Programa 2 | F28: Programa 2
B29: 1.08.04 | C29: Mantenimiento y reparación de maquinaria y equipo | D29: 001 Transferencias corrientes Ley 9971 | E29: 167000 | F29: 0.03.04 | G29: Salario Escolar | H29: 001 Transferencias corrientes Ley 9971 | I29: =+'Detalle de Aumentos'!D11 -> 167000
B31: Programa 2 | F31: Programa 2
B32: 0.05.01 | C32: Contribución patronal al Seguro de Pensiones de la C.C.S.S. | D32: 001 Transferencias corrientes Ley 9971 | E32: 583600 | F32: 0.03.01 | G32: Retribución Años Servidos (Anual.) | H32: 001 Transferencias corrientes Ley 9971 | I32: =+'Detalle de Aumentos'!D8 -> 113600
F33: 0.03.02 | G33: Restricción al ejercicio liberal de la profesión | I33: =+'Detalle de Aumentos'!D9 -> 470000
B35: Programa 2 | F35: Programa 2
B36: 1.08.01 | C36: Mantenimiento de edificios, locales y terrenos | D36: 001 Transferencias corrientes Ley 9971 | E36: 635298.17 | F36: 2.99.03 | G36: Productos de papel, cartón e impresos | H36: 001 Transferencias corrientes Ley 9971 | I36: =+'Tablas Aumentos OBG'!E140 -> 350000
F37: 2.99.05 | G37: Útiles y materiales de limpieza | I37: =+'Tablas Aumentos OBG'!E142 -> 100000
F38: 2.99.99 | G38: Otros útiles, materiales y suministros diversos | I38: =+'Tablas Aumentos OBG'!E145 -> 185298.17
B40: Programa 1 | F40: Programa 1
B41: 0.01.01 | C41: Sueldos para cargos fijos | D41: 001 Transferencias corrientes Ley 9971 | E41: 729951.64 | F41: 5.99.03 | G41: Bienes intangibles | H41: 001 Transferencias corrientes Ley 9971 | I41: =+'Detalle de Aumentos'!D20 -> 3000000
B42: 0.03.01 | C42: Retribución por años servidos | E42: 99647.22
B43: 0.03.02 | C43: Restricción al ejercicio liberal de la profesión | E43: 24169.72
B44: 0.03.99 | C44: Otros incentivos salariales | E44: 3595.87
B45: 0.04.01 | C45: Cuota patronal C.C.S.S. | E45: =2028494.8-E9 -> 28494.8
B46: 0.04.03 | C46: Cuota INA | E46: 328945.01
B47: 0.04.04 | C47: Cuota Asignaciones familiares | E47: 1096483.5
B48: 0.04.05 | C48: Cuota Banco Popular | E48: 109648.28
B49: 0.05.01 | C49: Contribución patronal al Seguro de Pensiones de la C.C.S.S. | E49: =1188588.43-E54 -> 830265.75 | F49: Programa 2
F50: 1.03.01 | G50: Información | I50: 251201.8
B53: Programa 1 | F53: Programa 2
B54: 0.05.01 | C54: Contribución patronal al Seguro de Pensiones de la C.C.S.S. | D54: 001 Transferencias corrientes Ley 9971 | E54: 358322.68 | F54: 1.02.04 | G54: Servicio de telecomunicaciones | H54: 001 Transferencias corrientes Ley 9971 | I54: =+'Detalle de Aumentos'!D14 -> 2051973.8
B55: 0.05.02 | C55: Aporte Patronal R.P.C. LEY 7983 | E55: 657890.03 | F55: 1.04.05 | G55: Servicios informáticos | I55: =+'Detalle de Aumentos'!D21 -> 400000
B56: 0.05.03 | C56: Aporte Patronal F.C.L. LEY 7983 | E56: 328945.01 | F56: 1.06.01 | G56: Seguros | I56: =+'Detalle de Aumentos'!D24 -> 160000
B57: 0.05.05 | C57: Contribución Patronal a fondos administrados por empresas privadas | E57: 1685247.5 | F57: 1.07.01 | G57: Actividades de capacitación | I57: =+'Detalle de Aumentos'!D25 -> 1000000
B58: 6.03.99 | C58: Otras prestaciones | E58: 846265.49 | F58: 1.08.08 | G58: Mantenimiento y reparación de equipo de cómputo y sistemas | I58: =+'Detalle de Aumentos'!D27 -> 2670000
B60: Programa 2 | F60: Programa 2
B61: 0.01.01 | C61: Sueldos para cargos fijos | E61: 4219435.4 | F61: 2.03.04 | G61: Materiales y productos eléctricos, telefónicos y de cómputo | I61: =+'Detalle de Aumentos'!D30 -> 290000
B62: 0.03.03 | C62: Décimo tercer mes | E62: 619986.23 | F62: 5.99.03 | G62: Bienes intangibles | I62: =+'Detalle de Aumentos'!D34-I25 -> 8244141.3
B63: 0.03.99 | C63: Otros incentivos salariales | E63: 168523.7
B64: 0.04.01 | C64: Cuota patronal C.C.S.S. | E64: =2670306.25-E15 -> 19137.07
B65: 0.04.03 | C65: Cuota INA | E65: 433022.44
B66: 0.04.04 | C66: Cuota Asignaciones familiares | E66: 1443407.8
B67: 0.04.05 | C67: Cuota Banco Popular | E67: 144340.85
B68: 0.05.01 | C68: Contribución patronal al Seguro de Pensiones de la C.C.S.S. | E68: =1564654.63-E32 -> 981054.63
B69: 0.05.02 | C69: Aporte Patronal R.P.C. LEY 7983 | E69: 866044.55
B70: 0.05.03 | C70: Aporte Patronal F.C.L. LEY 7983 | E70: 433022.44
B71: 0.05.05 | C71: Contribución Patronal a fondos administrados por empresas privadas | E71: 1449269.1
B72: 6.03.01 | C72: Prestaciones legales | E72: 160000
B73: 1.08.04 | C73: Mantenimiento y reparación de maquinaria y equipo | E73: =174200.09-E29-E76 -> 2200.09
B75: Programa 2 | F75: Programa 2
B76: 1.08.04 | C76: Mantenimiento y reparación de maquinaria y equipo | D76: 001 Transferencias corrientes Ley 9971 | E76: 5000 | F76: 1.09.99 | G76: Otros impuestos | H76: 001 Transferencias corrientes Ley 9971 | I76: =+'Detalle de Aumentos'!D29 -> 5000
B78: Programa 2 | F78: Programa 2
B79: 1.03.03 | C79: Impresión, encuadernación y otros | D79: 001 Transferencias corrientes Ley 9971 | E79: 69555 | F79: 1.09.99 | G79: Otros impuestos | H79: 001 Transferencias corrientes Ley 9971 | I79: =+'Detalle de Aumentos'!D28 -> 69555
B80: TOTAL MODIFICACIÓN | E80: =SUM(E9:E79) -> 24200765 | I80: =SUM(I9:I79) -> 24200765
E81: =+'Detalle Rebajos'!#REF! -> #REF!
D84: RESUMEN PROGRAMA 1: FINANCIAMIENTO DE PROGRAMAS Y PROYECTOS
D85: Fuente de financiamiento | E85: Rebajar | F85: Aumentar
D86: 001 Transferencia corriente Ley 9971 | E86: =+E9+E12+E41+E42+E43+E44+E45+E46+E47+E48+E49+E54+E55+E56+E57+E58 -> 9149698.1 | F86: =+I15+I41+I16 -> 3522000
D87: 001 (3% Propyme)
D88: 001 (Ley 7169)
D89: 900 (Ley 9971)
D90: 921 (Ley 7169)
D91: 926 (Ley 9028)
D92: 924 (3% Propyme)
D93: 929 Superávit específico Convenio INDER-PCII (gasto capitalizable) | F93: =SUM(#REF!) -> #REF!
D94: Total | E94: =SUM(E86:E93) -> 9149698.1 | F94: =+F86 -> 3522000
D96: RESUMEN PROGRAMA 2: GESTIÓN ADMINISTRATIVA
D97: Fuente de financiamiento | E97: Rebajar | F97: Aumentar
D98: 001 Transferencia corriente Ley 9971 | E98: =+E15+E29+E32+E36+E61+E62+E63+E64+E65+E66+E67+E68+E69+E70+E71+E72+E73+E76+E79 -> 15051067 | F98: =+I9+I12+I18+I19+I20+I21+I22+I23+I26+I29+I32+I33+I36+I37+I38+I50+I54+I55+I56+I57+I58+I61+I62+I76+I79+I24+I25 -> 20678765
D99: 001 (3% Propyme)
D100: 001 (Ley 7169)
D101: 900 (Ley 5048)
D102: 921 (Ley 7169)
D103: 923 (Ley 7099)
D104: 924 (3% Propyme)
D105: Total | E105: =SUM(E98:E104) -> 15051067 | F105: =SUM(F98:F104) -> 20678765
D107: Total General | E107: =+E94+E105 -> 24200765 | F107: =+F94+F105 -> 24200765

Sheet Regla fiscal
B2: PRESUPUESTO 2025
B3: CUMPLIMIENTO REGLA FISCAL
B5: Partidas | C5: Presupuesto ordinario aprobado 2024 | D5: Monto máximo autorizado 2025 tasa 3.75% | E5: Presupuesto Ordinario 2025 | F5: Presupuesto Extra odinario 01-2025 | G5: Presupuesto Total | H5: Recursos no sujetos a regla fiscal | I5: Recursos sujetos a regla fiscal | J5: Exceso o faltante por presupuestar | K5: Total modificaciones presupuestarias | L5: PE-01-2025 | M5: PE-01-2024 Recursos que no se afectan por Regla Fiscal | N5: Diferencia pendiente por presupuestar | O5: PE-02-2024 | P5: PE-02-2024 Recursos que no se afectan por Regla Fiscal | Q5: Diferencia sin presupuestar '(A-B+C-D-E) | R5: Propuesta | S5: Modificación 05-2025 | T5: Exceso o faltante por presupuestar
B6: Gastos Corrientes | C6: =+'[6]Límite Regla fiscal 2024'!E7 -> 1.3973303e+09 | D6: =+C6*1.0375 -> 1.4497302e+09 | E6: =+D19 -> 1.458206e+09 | F6: =+E19 -> 3.0457563e+08 | G6: =+E6+F6 -> 1.7627816e+09 | H6: =+F20+F21+F22+F24+F25+F26+F27 -> 1.7627816e+09 | I6: =+G6-H6 -> 0.0039997101 | J6: =+D6-I6 -> 1.4497302e+09 | S6: =+'Egresos por CE'!F8 -> -11532339 | T6: =+D6-I6-S6 -> 1.4612625e+09
B7: Gastos de capital | C7: =+'[6]Límite Regla fiscal 2024'!E8 -> 8878055.4 | E7: =+D30 -> 1.1074301e+09 | F7: =+E30 -> 0 | G7: =+E7+F7 -> 1.1074301e+09 | H7: =+F31+F33 -> 1.1074301e+09 | I7: =+G7-H7 -> 0 | S7: =+'Egresos por CE'!F241 -> 11532339
B8: Sumas sin Asignación | E8: 0 | F8: =+E34 -> 0 | G8: =+E8+F8 -> 0 | H8: =+F35 -> 0 | I8: =+G8-H8 -> 0
B9: Gasto total | C9: =SUM(C6:C8) -> 1.4062083e+09 | D9: =+C9*1.0375 -> 1.4589411e+09 | E9: =SUM(E6:E8) -> 2.5656361e+09 | F9: =SUM(F6:F8) -> 3.0457563e+08 | G9: =+E9+F9 -> 2.8702117e+09 | H9: =SUM(H6:H8) -> 2.8702117e+09 | I9: =SUM(I6:I8) -> 0.0039997101 | J9: =+D9-I9 -> 1.4589411e+09 | K9: =SUM(K6:K8) -> 0 | L9: =SUM(L6:L8) -> 0 | M9: =SUM(M6:M8) -> 0 | O9: =SUM(O6:O8) -> 0 | P9: =SUM(P6:P8) -> 0 | S9: =SUM(S6:S8) -> 0 | T9: =+D9-I9-S9 -> 1.4589411e+09
B11: Nota: | L11: =+L9+M9 -> 0 | O11: =+O9+P9 -> 0
B13: 1/ Tasa de crecimiento autorizada 3.75%, según oficio MH-DM-OF-0348-2024 del 21/03/2024.
B14: 2/ Mediante decreto MH-DM-ACDO-0014-2025 con fecha 04/02/2025, emitido por el Presidente de la República y el Ministerio de Hacienda, se autoriza que el Gobierno Central ceda espacio de crecimiento en Regla Fiscal para el 2025 a la PCII, por la suma de ¢668.000.000,00 en el gasto corriente que le impone la Regla Fiscal. Según el siguiente detalle:
B15: 3/ Mediante Decreto N° 45001-H publicado en el Diario Oficial La Gaceta N° 103 el 06 de junio, 2025, se reforma el artículo 2° del Decreto Ejecutivo Nº 41641-H, Reglamento al Título IV de la Ley Nº 9635, denominado Responsabilidad Fiscal de la República, del 9 de abril del 2019 y sus reformas, para que se lea de la siguiente manera: “Artículo 2º—Aplicación individualizada de la regla fiscal. La aplicación de la regla es individualizada al gasto corriente o total, incorporado en los presupuestos de cada uno de los entes que conforman el SPNF. Para el caso del Presupuesto Nacional de la República, este se considera de manera agregada e incluye lo correspondiente a las transferencias que se efectúen a las entidades y órganos que conforman el Sector Público No Financiero, las cuales no serán computadas dentro del límite de crecimiento de la entidad perceptora de éstas.” Por lo anterior el traslado de recursos de gasto de capital a gastos corrientes, que se financia con la Ley N° 9971 no es sujeta a las estipulaciones de Regla Fiscal.
B18: Fuente de Ingresos | D18: Presupuesto inicial 2025 | E18: Presupuesto extraordinario 01-2025 | F18: Presupuesto total
B19: Gastos corrientes: | D19: =SUM(D20:D29) -> 1.458206e+09 | E19: =SUM(E20:E29) -> 3.0457563e+08 | F19: =SUM(F20:F29) -> 1.7627816e+09
B20: Transferencia corriente Ley 9971 PCII | D20: 1.0317302e+09 | E20: 0 | F20: =SUM(D20:E20) -> 1.0317302e+09
B21: Transferencia corriente Ley 7169 Fondo de Incentivos | D21: 300000000 | E21: 0 | F21: =SUM(D21:E21) -> 300000000
B22: Transferencia corriente Ley 8262 Fondo Propyme | D22: 118000000 | E22: 0 | F22: =SUM(D22:E22) -> 118000000
B23: Transferencia corriente 3% Propyme, Ley 8262 | D23: 0 | E23: 0 | F23: =SUM(D23:E23) -> 0
B24: Transferencia corriente Convenio proyecto Resinfra Plus | D24: 0 | E24: =+'[7]Cálculos RESINFRA'!I40 -> 7884088.5 | F24: =SUM(D24:E24) -> 7884088.5
B25: Superávit Libre, Ley 9971 PCII | D25: 0 | E25: 21916661 | F25: =SUM(D25:E25) -> 21916661
B26: Superávit específico Ley 9971 Fondo de Incentivos | D26: 0 | E26: 250000000 | F26: =SUM(D26:E26) -> 250000000
B27: Superávit específico Ley 9028 Fondo Tabaco | D27: 0 | E27: 33250735 | F27: =SUM(D27:E27) -> 33250735
B28: Superávit específico 3% Propyme, Ley 8262 | D28: 0 | E28: 0 | F28: =SUM(D28:E28) -> 0
B29: Superávit específico Convenio MICITT-PCII proyecto Resinfra Plus | D29: 8475853 | E29: -8475853 | F29: =SUM(D29:E29) -> 0.0040000007
B30: Gastos de capital: | D30: =SUM(D31:D33) -> 1.1074301e+09 | E30: =SUM(E31:E33) -> 0 | F30: =SUM(F31:F33) -> 1.1074301e+09
B31: Transferencia corriente Ley 9971 PCII | D31: 9210982.5 | E31: 0 | F31: =SUM(D31:E31) -> 9210982.5
B32: Transferencia corriente 3% Propyme, Ley 8262 | D32: 0 | E32: 0 | F32: =SUM(D32:E32) -> 0
B33: Superávit específico de capital Convenio INDER | D33: 1.0982191e+09 | E33: 0 | F33: =SUM(D33:E33) -> 1.0982191e+09
B34: Sumas sin Asignación | D34: =SUM(D35) -> 0 | E34: =SUM(E35) -> 0 | F34: =SUM(F35) -> 0
D35: 0 | F35: =SUM(D35:E35) -> 0
B36: Presupuesto total (gastos corrientes más gastos de capital) | D36: =+D19+D30+D34 -> 2.5656361e+09 | E36: =+E19+E30+E34 -> 3.0457563e+08 | F36: =+F19+F30+F34 -> 2.8702117e+09
B38: Detalle de recursos excentos de regla fiscal por fuente de ingresos:
B40: Transferencia corriente Convenio proyecto Resinfra Plus | F40: =+F24 -> 7884088.5
B41: Superávit Libre, Ley 9971 PCII | F41: =+F25 -> 21916661
B42: Superávit específico Ley 9971 Fondo de Incentivos | F42: =+F26 -> 250000000
B43: Superávit específico Ley 9028 Fondo Tabaco | F43: =+F27 -> 33250735
B44: Superávit específico de capital Convenio INDER | F44: =+F33 -> 1.0982191e+09
B45: TOTAL RECURSOS EXCENTOS DE REGLA FISCAL | F45: =SUM(F40:F44) -> 1.4112706e+09

Sheet Límite Regla fisca 2025
B2: PRESUPUESTO 2025 | O2: Decreto n° N° 43589-H
B3: CUMPLIMIENTO REGLA FISCAL
B5: Partidas | C5: Presupuesto ordinario aprobado 2024 | D5: Monto máximo autorizado 2025 tasa 3.75% | E5: Proyecto Presupuesto ordinario 2025 | F5: Recursos que no están sujetos a regla fiscal Proyecto PO 2025 | G5: Recursos que sí están sujetos a regla fiscal Proyecto PO 2025 | H5: Modificación 01-2025 | I5: Modificación 02-2025 | J5: Modificación 03-2025 | K5: Modificación 04-2025 | L5: Exceso o faltante por presupuestar
B6: Gastos Corrientes | C6: =+'[6]Límite Regla fiscal 2024'!E7 -> 1.3973303e+09 | D6: =+C6*1.0375 -> 1.4497302e+09 | E6: =+D19 -> 1.458206e+09 | F6: =+D23+D24 -> 8475853 | G6: =+E6-F6 -> 1.4497302e+09 | H6: 0 | I6: 0 | J6: 0 | K6: 0 | L6: 0
B7: Gastos de capital | C7: =+'[6]Límite Regla fiscal 2024'!E8 -> 8878055.4 | E7: =+D25 -> 1.1074301e+09 | F7: =+D27 -> 1.0982191e+09 | G7: =+E7-F7 -> 9210982.5 | H7: 0 | I7: 0 | J7: 0 | K7: =+#REF! -> #REF!
B8: Sumas sin Asignación | E8: 0
B9: Gasto total | C9: =SUM(C6:C8) -> 1.4062083e+09 | D9: =+C9*1.0375 -> 1.4589411e+09 | E9: =SUM(E6:E8) -> 2.5656361e+09 | F9: =SUM(F6:F8) -> 1.106695e+09 | G9: =SUM(G6:G8) -> 1.4589411e+09 | L9: =+D9-G9 -> 0.0043058395
B11: Nota:
B13: 1/ Tasa de crecimiento autorizada 3.75%, según oficio MH-DM-OF-0348-2024 del 21/03/2024.
B18: Partida | D18: Presupuesto inicial
B19: Gastos corrientes: | D19: =SUM(D20:D24) -> 1.458206e+09
B20: Transferencia corriente Ley 9971 PCII | D20: 1.0317302e+09
B21: Transferencia corriente Ley 7169 Fondo de Incentivos | D21: =+'[8]Tabla Anexo 1 Detalle Ingresos '!D23 -> 300000000
B22: Transferencia corriente Ley 8262 Fondo Propyme | D22: =+'[8]Tabla Anexo 1 Detalle Ingresos '!D24 -> 118000000
B23: Transferencia corriente del sector externo Convenio MICITT-PCII proyecto Resinfra Plus | D23: =+'[8]Tabla Anexo 1 Detalle Ingresos '!D32 -> 0
B24: Superávit específico Convenio MICITT-PCII proyecto Resinfra Plus | D24: =+'[8]Tabla Anexo 1 Detalle Ingresos '!D46 -> 8475853
B25: Gastos de capital: | D25: =SUM(D26:D27) -> 1.1074301e+09
B26: Ley 9971 PCII | D26: 9210982.5
B27: Superávit específico de capital Convenio INDER | D27: =+'[8]Tabla Anexo 1 Detalle Ingresos '!D47 -> 1.0982191e+09
B28: Sumas sin Asignación | D28: 0
B29: Presupuesto total (gastos corrientes más gastos de capital) | D29: =+D19+D25+D28 -> 2.5656361e+09
B30: Menos ingresos que no se afectan por Regla Fiscal proveniente de convenios | D30: =+D23+D24+D27 -> 1.106695e+09
B31: Sumas sin Asignación | D31: =+D28 -> 0
B32: Presupuesto sujeto a regla fiscal | D32: =+D29-D30-D31 -> 1.4589411e+09
B33: Limite regla fiscal autorizado para el 2025 | D33: =+D9 -> 1.4589411e+09
B34: Diferencia entre límite regla fiscal menos el Presupuesto sujeto a regla fiscal | D34: =+D33-D32 -> 0.004306078

Sheet % de modificaciones realizadas
B4: Detalle | C4: Monto | D4: Total modificaciones | E4: Porcentaje de variación respecto al total
B5: Presupuesto inicial 2025 | C5: 2.5656361e+09
B6: Presupuesto extraordinario 01-2025 | C6: =+'Regla fiscal'!E36 -> 3.0457563e+08
B7: Presupuesto extraordinario 02-2025
B8: Presupuesto extraordinario 03-2025
B9: Presupuesto total aprobado | C9: =SUM(C5:C8) -> 2.8702117e+09
B10: Modificación 01-2025 | C10: 80800000 | D10: =+C10 -> 80800000 | E10: =+D10/C9 -> 0.028151233
B11: Modificación 02-2025 | C11: 3172500 | D11: =+D10+C11 -> 83972500 | E11: =+D11/$C$9 -> 0.029256552
B12: Modificación 03-2025 | C12: 1.0887563e+08 | D12: =+D11+C12 -> 1.9284813e+08 | E12: =+D12/$C$9 -> 0.067189514
B13: Modificación 04-2025 | C13: 36515974 | D13: =+D12+C13 -> 2.2936411e+08 | E13: =+D13/$C$9 -> 0.079911912
B14: Modificación 05-2025 | C14: =+Tabla1[[#Totals],[Monto solicitado aumentar]] -> 24200765 | D14: =+D13+C14 -> 2.5356487e+08 | E14: =+D14/$C$9 -> 0.088343612
